 Dungeon Crawl Stone Soup version 0.32-a0-576-g706899e (webtiles) character file.

Game seed: 9639868569175258997

1899999 jagoly the Djinni of Death (level 27, -13/228 HPs)
             Began as a Djinni Air Elementalist on Feb 29, 2024.
             Was the Champion of Makhleb.
             Mangled by an iron golem (24 damage)
             ... on level 13 of a ziggurat on Mar 1, 2024.
             The game lasted 14:08:51 (110607 turns).

jagoly the Djinni of Death (DjAE)                 Turns: 110607, Time: 14:08:51

Health: -13/228    AC: 25    Str: 12    XL:     27
Gold:   5489       EV: 27    Int: 27    God:    Makhleb [******] SH:  0 Dex: 16

rFire   + + +        a - staff "Moho" {rPois Will+ Conj Ice Air}
rCold   + + .        L - orb {mayhem}
rNeg    + + +        o - +5 moon troll leather armour {Spirit, Regen++ MP+5}
rPois   ∞            i - +4 helmet of Watchfulness {rElec Str+3}
rElec   +            S - +1 cloak "Zifaus" {rF+ Regen+}
rCorr   +            W - +2 pair of gloves of Objectivity {Rampage ^Drain +Blink Regen+}
SInv    .            (boots unavailable)
Will    +++++        D - amulet of Vitality {Regen++ RegenMP++}
Stlth   +++++++++    U - ring of Nocy {rC++ rCorr}
HPRegen 6.18/turn    q - ring of the Mage {Wiz Archmagi}
MPRegen 0.00/turn

%: mayhem, guardian spirit, rampage, wizardry (x1), archmagi, infuse magic (-14
HP)
@: death-form, flying, studying Necromancy
A: vile attack, torment immunity, no potions, flying, sickness immunity, fire
resistance 2, cold vulnerability 1, float, innate caster, HP casting, extra
vitality 1, iridescent scales 1, deformed body, regeneration 1, wild magic 1
}: 15/15 runes: decaying, slimy, silver, golden, iron, obsidian, icy, bone,
abyssal, demonic, glowing, magical, fiery, dark, gossamer
a: Siphon Essence, Begin Untransformation, Renounce Religion, Evoke Blink, Minor
Destruction, Lesser Servant of Makhleb, Major Destruction, Greater Servant of
Makhleb


You were on level 13 of a ziggurat.
You worshipped Makhleb.
Makhleb was exalted by your worship.
You were an undying horror.
You visited 18 branches of the dungeon, and saw 88 of its levels.
You visited Pandemonium 1 time, and saw 17 of its levels.
You visited the Abyss 5 times.
You visited 1 bazaar.
You visited 5 ziggurats (completing 4), and saw 121 of their levels.
You also visited: Trove, Bailey, Ice Cave, Wizlab and Desolation.

You collected 14579 gold pieces.
You spent 9090 gold pieces at shops.

Inventory:

Hand Weapons
 l - a +9 heavy broad axe
 w - the +7 hand cannon "Mule" {flame, backblast, rF+}
   (You found it on level 21 of a ziggurat)

   rF+:       It protects you from fire.
Missiles
 y - 52 boomerangs
 z - 13 throwing nets
 H - 11 silver javelins
 J - 29 curare-tipped darts
Armour
 i - the +4 helmet of Watchfulness (worn) {rElec Str+3}
   (You found it on level 17 of a ziggurat)

   Str+3:     It affects your strength (+3).
   rElec:     It insulates you from electricity.
 o - the +5 moon troll leather armour (worn) {Spirit, Regen++ MP+5}
   (You took it off a moon troll in a wizard's laboratory)

   MP+5:      It affects your magic capacity (+5).
   Regen++:   It increases your rate of health regeneration.
 L - an orb of mayhem (worn)
 S - the +1 cloak "Zifaus" (worn) {rF+ Regen+}
   (You found it on level 27 of a ziggurat)

   rF+:       It protects you from fire.
   Regen+:    It increases your rate of health regeneration.
 W - the +2 pair of gloves of Objectivity (worn) {Rampage ^Drain +Blink Regen+}
   (You found it on level 19 of a ziggurat)

   +Blink:    It lets you blink.
   Regen+:    It increases your rate of health regeneration.
   ^Drain:    It drains your maximum health when unequipped.
   Rampage:   It bestows one free step when moving towards enemies.
Magical Staves
 a - the staff "Moho" (weapon) {rPois Will+ Conj Ice Air}
   (You found it on level 9 of a ziggurat)

   [staff of conjuration]

   Base accuracy: +5 Base damage: 5 Base attack delay: 1.2 This weapon's minimum
   attack delay (0.6) is reached at skill level 12.
   rPois:     It protects you from poison.
   Will+:     It increases your willpower.
   Conj:      It increases the power of your Conjurations spells.
   Ice:       It increases the power of your Ice spells.
   Air:       It increases the power of your Air spells.
   It falls into the 'Staves' category.
   It is a one-handed weapon.
Jewellery
 c - the ring of Xilapseu {Fly rPois rC+ Int+6}
   (You found it on level 27 of a ziggurat)

   [ring of flight]

   Int+6:     It affects your intelligence (+6).
   rC+:       It protects you from cold.
   rPois:     It protects you from poison.
   Fly:       It grants you flight.
 q - the ring of the Mage (right hand) {Wiz Archmagi}
   (You found it on level 8 of a ziggurat)

   [ring of wizardry]

   Wiz:       It improves your spell success rate.
   Archmagi:  It increases the power of your magical spells.
 A - the ring of Masak {rElec rPois EV+5}
   (You found it on level 5 of a ziggurat)

   [ring of evasion]

   EV+5:      It affects your evasion (+5).
   rElec:     It insulates you from electricity.
   rPois:     It protects you from poison.
 D - the amulet of Vitality (around neck) {Regen++ RegenMP++}
   (You found it on level 20 of a ziggurat)

   [amulet of nothing]

   Regen++:   It increases your rate of health regeneration.
   RegenMP++: It increases your rate of magic regeneration.
 U - the ring of Nocy (left hand) {rC++ rCorr}
   (You found it on level 3 of the Crypt)

   [ring of resist corrosion]

   rC++:      It greatly protects you from cold.
   rCorr:     It protects you from acid and corrosion.
Talismans
 k - the death talisman of Haebull (active) {Will+}
   (You found it on level 22 of a ziggurat)

   [talisman of death]

   Will+:     It increases your willpower.
Wands
 g - a wand of warping (376)
 O - a wand of digging (129)
 T - a wand of mindburst (261)
 Y - a wand of acid (182)
Scrolls
 b - 2 scrolls of noise
 e - 18 scrolls of poison
 h - 34 scrolls of blinking
 p - 32 scrolls of immolation
 r - 71 scrolls of fog
 s - 7 scrolls of summoning
 v - 93 scrolls of teleportation
 E - 12 scrolls of fear
 G - 9 scrolls of enchant weapon
 M - 45 scrolls of enchant armour
 N - a scroll of brand weapon
 Q - 17 scrolls of vulnerability
Potions
 f - 61 potions of mutation
 m - 24 potions of haste
 n - 11 potions of resistance
 t - 37 potions of heal wounds
 x - 5 potions of cancellation
 B - 25 potions of curing
 C - 4 potions of invisibility
 P - 13 potions of brilliance
 V - 19 potions of might
 X - 18 potions of enlightenment
 Z - 17 potions of ambrosia
Miscellaneous
 d - a box of beasts
 j - a lightning rod (4/4)
 u - a condenser vane
 F - a sack of spiders
 I - a +4 figurine of a ziggurat
 K - a phial of floods
 R - a phantom mirror


   Skills:
 O Level 27 Fighting
 O Level 27 Short Blades
 O Level 27 Long Blades
 O Level 27 Axes
 O Level 27 Maces & Flails
 O Level 27 Polearms
 O Level 27 Staves
 O Level 27 Ranged Weapons
 O Level 27 Throwing
 O Level 27 Armour
 O Level 27 Dodging
 O Level 27 Stealth
 O Level 27 Shields
 O Level 27 Unarmed Combat
 O Level 27 Spellcasting
 O Level 27 Conjurations
 O Level 27 Hexes
 O Level 27 Summonings
 O Level 27 Necromancy
 O Level 27 Translocations
 O Level 27 Fire Magic
 O Level 27 Ice Magic
 O Level 27 Air Magic
 O Level 27 Earth Magic
 O Level 27 Alchemy
 O Level 27 Invocations
 O Level 27 Evocations
 O Level 27 Shapeshifting


You knew the following spells:

 Your Spells              Type           Power      Damage    Failure   Level
a - Airstrike             Air            88%        2d(13-29) 1%          4
b - Shock                 Conj/Air       100%       1d9       1%          1
c - Sandblast             Erth           100%       2d20      1%          1
f - Fire Storm            Conj/Fire      88%        8d22      1%          9
t - Frozen Ramparts       Ice            100%       1d16      1%          3
x - Orb of Destruction    Conj           88%        9d19      1%          7
D - Summon Horrible Thin  Summ           75%        N/A       1%          8
F - Summon Forest         Summ/Tloc      75%        N/A       1%          5
G - Metabolic Englaciati  Hex/Ice        88%        N/A       1%          5
I - Static Discharge      Conj/Air       100%       3-8/arc   1%          2
L - Conjure Ball Lightni  Conj/Air       100%       3x3d38    1%          6
O - Jinxbite              Hex            100%       N/A       1%          2
P - Fugue of the Fallen   Necr           100%       N/A       1%          3
S - Swiftness             Air            100%       N/A       1%          3
T - Malign Gateway        Summ/Tloc      75%        N/A       1%          7
U - Spellforged Servitor  Conj/Summ      88%        N/A       1%          7
X - Chain Lightning       Conj/Air       100%       3d133     1%          9
Your spell library was empty.

Dungeon Overview and Level Annotations

Branches:
Dungeon (15/15)            Temple (1/1) D:6            Lair (5/5) D:8
  Swamp (4/4) Lair:2       Spider (4/4) Lair:3        Slime (5/5) Lair:5
    Orc (2/2) D:9             Elf (3/3) Orc:2        Vaults (5/5) D:14
  Crypt (3/3) Vaults:2       Tomb (3/3) Crypt:3      Depths (4/4) D:15
   Hell (visited)             Dis (7/7) Hell            Geh (7/7) Hell
    Coc (7/7) Hell            Tar (7/7) Hell            Zot (5/5) Depths:4
 Bailey (visited)           IceCv (visited)          WizLab (visited)
Desolation (visited)

Altars:
Ashenzari
Cheibriados
Dithmenos
Elyvilon
Fedhas
Gozag
Hepliaklqana
Makhleb
Nemelex Xobeh
Okawaru
Qazlal
Ru
Trog
Uskayaw
Wu Jian
Xom
Yredelemnul
Zin
The Shining One
Beogh
Jiyva
Lugonu

Shops:
D:1 (   D:2 ?   D:3 :   D:10 *   D:11 (   D:12 (   D:14 (   Orc:2 ([[*
Elf:1 :   Vaults:2 (   Vaults:4 *(   Depths:3 *   Depths:4 =

Portals:
Hell: Depths:1 Depths:2 Depths:3 Depths:4
Abyss: Lair:5 Depths:1 Depths:2 Depths:3
Pandemonium: Depths:2

Annotations:
Elf:2 5 runed translucent doors


Innate Abilities, Weirdness & Mutations

You are an undying horror.
Your melee and unarmed attacks drain, slow and weaken victims.
You are immune to unholy pain and torment.
You cannot drink.
You are flying.
You are immune to sickness and miasma.
You are immune to poison.
Your flesh is very heat resistant. (rF++)
You are vulnerable to cold. (rC-)
You float through the air rather than walking.
You learn spells naturally, not from books.
Your magical power is your life essence.
You have superior vitality. (+4 MHP)
You are partially covered in iridescent scales. (AC +2)
Armour fits poorly on your strangely shaped body.
Your natural rate of healing is unusually fast.
Your spells are a little harder to cast, but a little more powerful.


Message History

The cherub resists.
You kill the cherub!
Makhleb accepts your kill.
You feel better.
The bolt of lightning hits the Hell Sentinel!!!!
The Hell Sentinel resists.
The Hell Sentinel is severely wounded.
The bolt of lightning hits something!!!!
Makhleb accepts your kill.
The Hell Sentinel flies into a frenzy!
The bolt of lightning hits the Tzitzimitl!!!!
The Tzitzimitl resists.
The Tzitzimitl is severely wounded.
The bolt of lightning hits something!!!!
Makhleb accepts your kill.
You feel better.
The Tzitzimitl flies into a frenzy!
The bolt of lightning hits the Hell Sentinel!!
The Hell Sentinel resists.
You kill the Hell Sentinel!
Makhleb accepts your kill.
The balrug falters for a moment.
A sixfirhy comes into view.
The demonspawn corrupter is engulfed in blazing flames.
The demonspawn corrupter calls forth creatures from the Pits of Slime!
The Tzitzimitl engulfs something but does no damage.
The Tzitzimitl bites something!!
The Hell Sentinel closely misses the demonspawn corrupter.
The Hell Sentinel hits the demonspawn corrupter!!
The demonspawn corrupter dies!
Makhleb accepts your kill.
The rockslime disappears in a puff of smoke!
An Ice Fiend comes into view.
Something misses the Tzitzimitl.
Something hits the Tzitzimitl but does no damage.
A demonspawn corrupter comes into view.
It is wielding a +1 vampiric demon blade.
Something hits the Hell Sentinel.
The Hell Sentinel looks weaker.
You feel a huge surge of power! Lightning arcs from your hands!
The bolt of lightning hits the balrug!!!!
The balrug resists.
You kill the balrug!
Makhleb accepts your kill.
You feel better.
The bolt of lightning hits the sixfirhy!!!
The sixfirhy resists.
You kill the sixfirhy!
Makhleb accepts your kill.
The demonspawn corrupter flies into a frenzy!
The bolt of lightning hits the Tzitzimitl!!!!
The Tzitzimitl resists.
You kill the Tzitzimitl!
Makhleb accepts your kill.
The Ice Fiend flies into a frenzy!
The bolt of lightning hits the Hell Sentinel!!!
The Hell Sentinel resists.
You kill the Hell Sentinel!
Makhleb accepts your kill.
The bolt of lightning hits the demonspawn corrupter!!!!
The demonspawn corrupter is almost dead.
The bolt of lightning hits the Ice Fiend!!!
The Ice Fiend is heavily wounded.
The demonspawn corrupter hits something with a +1 vampiric demon blade!!
The demonspawn corrupter kicks something but does no damage.
The Ice Fiend claws something!!
The Ice Fiend freezes something!!!
The Ice Fiend claws something!!
Makhleb accepts your kill.
An orange demon comes into view.
A large abomination comes into view.
A shadow demon comes into view.
Something hits the demonspawn corrupter!!
The demonspawn corrupter dies!
Ludireh comes into view. It is armed with an electric touch.
A damnation appears from out of your range of vision.
The sphere of damnation explodes!
The damnation engulfs your fire vortex!!
You feel a huge surge of power! Lightning arcs from your hands!
The bolt of lightning hits the Ice Fiend!!!
You kill the Ice Fiend!
Makhleb accepts your kill.
The bolt of lightning hits the orange demon!!!!
You kill the orange demon!
Makhleb accepts your kill.
You feel better.
The bolt of lightning hits the large abomination!!!
The large abomination resists.
You destroy the large abomination!
Makhleb accepts your kill.
The shadow demon flies into a frenzy!
The bolt of lightning hits the shadow demon!!!
The shadow demon resists.
You kill the shadow demon!
Makhleb accepts your kill.
You feel better.
Ludireh flies into a frenzy!
The bolt of lightning hits Ludireh!!!
Ludireh resists.
Ludireh is moderately wounded.
Ludireh is engulfed in blazing flames.
Ludireh closely misses something.
Something hits Ludireh.
Something drags Ludireh backwards!
A hellwing comes into view.
A Brimstone Fiend comes into view.
You feel a huge surge of power! Lightning arcs from your hands!
The bolt of lightning hits the Brimstone Fiend!!!
You kill the Brimstone Fiend!
Makhleb accepts your kill.
You feel better.
The hellwing flies into a frenzy!
The hellwing hits something!
The hellwing closely misses something.
A shadow demon comes into view.
A neqoxec comes into view.
A chaos spawn comes into view.
You feel a huge surge of power! Lightning arcs from your hands!
The bolt of lightning hits the neqoxec!!!
The neqoxec resists.
You kill the neqoxec!
Makhleb accepts your kill.
You feel better.
The shadow demon flies into a frenzy!
The bolt of lightning hits the chaos spawn!!!
You kill the chaos spawn!
Makhleb accepts your kill.
You feel better.
The chaos spawn degenerates into a cloud of primal chaos!
The bolt of lightning hits the hellwing!!!!
The hellwing resists.
You kill the hellwing!
Makhleb accepts your kill.
You feel better.
The shadow demon hits something!!
A hellwing comes into view.
You feel a huge surge of power! Lightning arcs from your hands!
The bolt of lightning hits the hellwing!!!
You kill the hellwing!
Makhleb accepts your kill.
You feel better.
The shadow demon completely misses something.
The shadow demon barely misses something.
Something hits the shadow demon!
Something drags the shadow demon backwards!
A ynoxinul comes into view.
An Ice Fiend comes into view.
You feel a huge surge of power! Lightning arcs from your hands!
The bolt of lightning hits the Ice Fiend!!!!
The Ice Fiend is almost dead.
The bolt of lightning hits the ynoxinul!!!!
The ynoxinul resists.
You kill the ynoxinul!
Makhleb accepts your kill. x2
The Ice Fiend is engulfed in blazing flames.
The Ice Fiend dies!
A Brimstone Fiend comes into view.
You feel a huge surge of power! Lightning arcs from your hands!
The bolt of lightning hits the Brimstone Fiend!!!!
The Brimstone Fiend is almost dead.
Makhleb accepts your kill.
A blizzard demon comes into view.
The Brimstone Fiend gestures at you.
The sphere of damnation explodes!
The damnation engulfs you!!!
You hear a roar!
You feel a huge surge of power! Lightning arcs from your hands!
The bolt of lightning hits the blizzard demon!!
The blizzard demon resists.
The blizzard demon is heavily wounded.
The bolt of lightning hits the Brimstone Fiend!!!!!
You kill the Brimstone Fiend!
Makhleb accepts your kill.
The blizzard demon flies into a frenzy!
Makhleb accepts your kill.
You start resting.
Something says, "Taste defeat, thou tasty lunch!"
A Brimstone Fiend comes into view.
Cast which spell? (? or * to list)
Aiming: Fire Storm (mildly dangerous; 1% risk of failure)
Press: ? - help, Dir - move target You feel a strong surge of power!
A raging storm of fire appears!
The great blast of fire engulfs the Brimstone Fiend!!!
The Brimstone Fiend partially resists.
The Brimstone Fiend is heavily wounded.
Makhleb accepts your kill.
Cast which spell? (? or * to list)
Aiming: Fire Storm (mildly dangerous; 1% risk of failure)
Press: ? - help, Dir - move target, f - fire vortex
Aim: a fire vortex (flame, friendly)
You feel a strong surge of power!
A raging storm of fire appears!
The great blast of fire engulfs the Brimstone Fiend!!!
The Brimstone Fiend partially resists.
You kill the Brimstone Fiend!
Makhleb accepts your kill.
You feel better. Makhleb accepts your kill. x2
You feel better. Makhleb accepts your kill.
You start resting.
HP restored.
You start resting.
You are no longer corroded.
Found a robe.
Found a glowing demon trident.
Things that are here:
a +4 long sword of holy wrath; a +0 tower shield You see here a +1 demon whip of electrocution.
Found a demon blade.
Things that are here:
a +0 dagger; a +2 robe of willpower; a demonspawn corpse
Found a dagger.
Items here: )) [[[ †.
Items here: )))) [[[.
Items here: )) [[ †.
Things that are here:
a +4 demon trident of draining; a +0 ring mail
Things that are here:
a +2 demon trident of electrocution; a +0 plate armour; a demonspawn corpse
Things that are here:
a +4 demon trident of draining; a +0 ring mail
Items here: )) [[ †.
Things that are here:
a +1 demon trident of venom; a +0 antimagic arbalest; a +3 plate armour of positive energy
Things that are here:
a +1 demon whip of electrocution; a +4 scimitar of flaming
Items here: ))))) [[[[[[[ ††††.
Items here: ))) [[.
Items here: ))))) [[[.
Things that are here:
a +2 demon trident of flaming; a +0 plate armour; a demonspawn corpse
Found five items.
Things that are here:
a +2 demon blade of electrocution; a +0 scale mail; a demonspawn corpse
Found five items.
You see here a +0 scythe of venom.
Items here: ))))) [[[.
Items here: ) [[ †.
Things that are here:
a +0 spectral quarterstaff; a +0 robe; a demonspawn corpse You see here a +2 demon whip of pain.
You see here a +2 demon whip of venom.
Items here: ))) [[[ †.
Items here: )) [[ †.
Items here: )) [[.
Things that are here:
a +1 demon whip of electrocution; a +4 scimitar of flaming
Items here: ) [[ †.
Things that are here:
a +1 demon whip of electrocution; a +4 scimitar of flaming
Items here: )) [[.
You see here a +2 demon whip of pain.
Things that are here:
a +0 quarterstaff; a +2 robe of cold resistance; a demonspawn corpse
Things that are here:
a +2 demon trident of flaming; a +0 plate armour; a demonspawn corpse
Found a scroll of enchant weapon.
Found four items.
Found 56 gold pieces and a chain mail.
Found two gates leading back out of this place.
Found a stone staircase leading down.
Things that are here:
a +0 dagger; a +0 robe You see here a staff of death.
You see here the +6 falchion of the Brain {flame, Dex+4}.
N - a scroll of brand weapon
Okay, then.
M - 45 scrolls of enchant armour (gained 1)
You see here the +5 glaive of Youthful Indiscretion {flame, *Noise Str+3 Dex+3}.
You see here the +1 scimitar "Jely" {freeze, ^Fragile rElec Str+2}.
You see here a scroll of amnesia.
There is a stone staircase leading down here.
You see here a +0 spectral quarterstaff.
v - 93 scrolls of teleportation (gained 1)
There is a gate leading back out of this place here.
You see here a +0 chain mail.
Q - 17 scrolls of vulnerability (gained 1)
You see here a +2 dagger of speed.
Things that are here:
a +2 demon trident of electrocution; a +0 plate armour; a demonspawn corpse
Things that are here:
a +4 long sword of holy wrath; a +0 tower shield
Things that are here:
a +0 dagger; a +2 robe of willpower; a demonspawn corpse
Items here: )) [[.
Things that are here:
a +1 demon whip of electrocution; a +4 scimitar of flaming Done exploring.
Done exploring.
You see here a scroll of enchant weapon.
You see here a Young Poisoner's Handbook.
There is a gate leading back out of this place here.
You see here 56 gold pieces.
There is a stone staircase leading down here.
You see here a +0 spectral quarterstaff.
There is an empty arch of ancient stone here.
Cast which spell? (? or * to list)
Aiming: Fire Storm (mildly dangerous; 1% risk of failure)
Press: ? - help, Dir - move target
Okay, then.
As you read the scroll of fog, it dissolves into smoke.
Unknown command.
You start waiting.
There are monsters nearby!
You feel a huge surge of power! Lightning arcs from your hands!
The bolt of lightning hits the Hell Sentinel!!
The Hell Sentinel resists.
The Hell Sentinel is lightly wounded.
The Hell Sentinel roars!
The bolt of lightning hits the Hell Sentinel!!!
The Hell Sentinel resists.
The Hell Sentinel is moderately wounded.
The Hell Sentinel roars!
The bolt of lightning hits you. You resist.
You hear a screech!
You hear a roar! x2; You hear a loud squeak.
You hear a roar! x2; You hear a shout!
You hear a roar!
You hear a shout!
You hear a roar!
You hear a shout!
You hear a roar! x2; You hear a shout!
You hear a screech!
You hear a shout!
You hear a loud squeak.
You hear a roar!
You hear a loud squeak.
You hear a screech! x2; You hear a loud squeak. x2
You hear a hideous shriek!
You hear a roar!
You hear a loud squeak.
You hear a screech!
You hear a roar! x2; You hear a loud squeak.
You hear a roar! x9; You hear a shout! x2
The Hell Sentinel gestures at you. The iron shot hits you!!!
You hear a loud squeak.
You hear a screech!
You feel a huge surge of power! Lightning arcs from your hands!
The bolt of lightning hits the Hell Sentinel!!!
The Hell Sentinel resists.
The Hell Sentinel is severely wounded.
The bolt of lightning hits you!! You resist.
The bolt of lightning hits the caustic shrike!!!!!
You kill the caustic shrike!
Makhleb accepts your kill.
You feel better.
The Hell Sentinel flies into a frenzy!
The bolt of lightning hits the Hell Sentinel!!!
The Hell Sentinel resists.
The Hell Sentinel is heavily wounded.
You hear a roar! x2; You hear a shout!
You hear a screech!
You hear a roar! x4
You hear a screech!
You hear a loud squeak.
The Hell Sentinel gestures at you.
The sphere of damnation explodes!
The damnation engulfs you!!!
The damnation engulfs the Hell Sentinel.
The Hell Sentinel completely resists.
The damnation engulfs the Hell Sentinel.
The Hell Sentinel completely resists.
You hear a screech! x2
You feel a huge surge of power! Lightning arcs from your hands!
The bolt of lightning hits the Hell Sentinel!!!!
The Hell Sentinel resists.
You kill the Hell Sentinel!
Makhleb accepts your kill.
You feel better. The bolt of lightning hits you. You resist.
The bolt of lightning hits the Hell Sentinel!!!
The Hell Sentinel resists.
The Hell Sentinel is almost dead.
You hear a screech!
You hear a roar!
The Hell Sentinel hits you! The Hell Sentinel barely misses you.
A caustic shrike comes into view.
The Hell Sentinel completely misses you.
The Hell Sentinel barely misses you.
Unknown command.
You feel a huge surge of power! Lightning arcs from your hands!
The bolt of lightning hits the caustic shrike!!!!!
You kill the caustic shrike!
Makhleb accepts your kill.
You feel better. The bolt of lightning hits you. You resist.
The bolt of lightning hits the Hell Sentinel!!!
The Hell Sentinel resists.
You kill the Hell Sentinel!
Makhleb accepts your kill.
You hear a roar!
You hear a screech!
You hear a roar!
You hear a loud squeak.
You hear a screech!
You hear a roar! x2; You hear a screech!
You hear a shout!
You hear a loud squeak. x2; You hear a roar!
A caustic shrike comes into view.
A Hell Sentinel comes into view.
Unknown command.
Unknown command.
You feel a huge surge of power! Lightning arcs from your hands!
The bolt of lightning hits the caustic shrike!!!!!
You kill the caustic shrike!
Makhleb accepts your kill.
You feel better.
The Hell Sentinel flies into a frenzy!
The bolt of lightning hits you! You resist.
* * * LOW HITPOINT WARNING * * *
The bolt of lightning hits the Hell Sentinel!!!!
The Hell Sentinel resists.
The Hell Sentinel is heavily wounded.
The bolt of lightning hits the iron golem!!
The iron golem resists.
The iron golem is lightly damaged.
The iron golem squeaks loudly.
The bolt of lightning hits the Hell Sentinel!!
The Hell Sentinel resists.
The Hell Sentinel is lightly wounded.
* * * LOW HITPOINT WARNING * * *
You hear a screech!
You hear a shout!
You hear a loud squeak.
The Hell Sentinel hits something.
The Hell Sentinel hits something!
A Hell Sentinel comes into view.
Something hits the Hell Sentinel.
Something hits the Hell Sentinel!
You hear a loud squeak.
Unknown command.
Unknown command.
Unknown command.
Okay, then.
Press: ? - help, v - describe, . - travel
Here: an iron golem (black smoke, lightly damaged)
An empty arch of ancient stone.
Unknown command.
Okay, then.
Unknown command.
Unknown command.
As you read the scroll of summoning, it crumbles to dust.
Wisps of shadow whirl around you...
The Hell Sentinel hits your war gargoyle but does no damage.
The Hell Sentinel hits your war gargoyle!
The Hell Sentinel hits you!
* * * LOW HITPOINT WARNING * * *
The Hell Sentinel closely misses you.
The Hell Sentinel hits your iron golem but does no damage.
The Hell Sentinel hits your iron golem.
The Hell Sentinel hits your iron golem!!
The Hell Sentinel hits your iron golem.
You hear a loud squeak.
Okay, then.
Unknown command.
Okay, then.
Press: ? - help, v - describe, . - travel
Here: a Hell Sentinel (black smoke, heavily wounded)
The floor.
Press: ? - help, v - describe, . - travel
Here: a Hell Sentinel (black smoke, heavily wounded)
The floor.
Unknown command.
Okay, then.
Okay, then.
Unknown command.
Okay, then.
Aiming: Corrosive Bolt
Press: ? - help, Shift-Dir - straight line, f - Hell Sentinel
Aim: a Hell Sentinel (black smoke, 98% to hit)
The bolt of acid hits the Hell Sentinel!!
The acid corrodes the Hell Sentinel!
The Hell Sentinel is severely wounded.
The bolt of acid hits the Hell Sentinel!!
The acid corrodes the Hell Sentinel!
The Hell Sentinel is lightly wounded.
The Hell Sentinel hits your Hell Sentinel but does no damage.
The Hell Sentinel hits your Hell Sentinel.
The iron golem closely misses you. The iron golem hits you.
* * * LOW HITPOINT WARNING * * *
Your war gargoyle hits the Hell Sentinel but does no damage.
The Hell Sentinel hits you!
* * * LOW HITPOINT WARNING * * *
The Hell Sentinel hits you but does no damage.
The Hell Sentinel hits your iron golem!!
The Hell Sentinel hits your iron golem but does no damage.
Something claws your iron golem!!
Your iron golem is splashed with acid.
Your Hell Sentinel hits the iron golem!
Your Hell Sentinel hits the iron golem but does no damage.
You hear a loud squeak.
Aiming: Corrosive Bolt
Press: ? - help, Shift-Dir - straight line, f/p - Hell Sentinel
Aim: a Hell Sentinel (black smoke, lightly wounded, covered in acid, ally target, 98% to hit)
The bolt of acid hits the Hell Sentinel!!!
The Hell Sentinel seems to be corroded for longer.
The Hell Sentinel is almost dead.
The bolt of acid hits the Hell Sentinel!!
The Hell Sentinel seems to be corroded for longer.
The Hell Sentinel is moderately wounded.
You hear a loud squeak.
Something hits your war gargoyle but does no damage.
The Hell Sentinel hits something! x2; Something claws your iron golem.
Your iron golem is splashed with acid!
The acid corrodes your iron golem!
Your war gargoyle hits the Hell Sentinel with a +0 great mace!
Your iron golem hits the Hell Sentinel!!!
Your iron golem hits the Hell Sentinel!!
The iron golem hits you.
* * * LOW HITPOINT WARNING * * *
The iron golem hits you!!
* * * LOW HITPOINT WARNING * * *
Something hits your war gargoyle!!
The Hell Sentinel hits your iron golem!!!
The Hell Sentinel hits your iron golem!!
The Hell Sentinel gestures at you. The iron shot hits you!!!
* * * LOW HITPOINT WARNING * * *
The Hell Sentinel hits your iron golem.
The Hell Sentinel hits your iron golem!!
Something hits your war gargoyle!!
Your war gargoyle is destroyed!
Your war gargoyle dissolves into shadows!
Your Hell Sentinel hits the iron golem!
Your Hell Sentinel hits the iron golem but does no damage.
Something barely misses your iron golem.
You hear a loud squeak.
You hear a roar!
Unknown command.
Unknown command.
Aiming: Corrosive Bolt
Press: ? - help, Shift-Dir - straight line, f/p - Hell Sentinel
Aim: a Hell Sentinel (black smoke, almost dead, not watching you, covered in acid, 98% to hit)
The bolt of acid hits the Hell Sentinel!!
The Hell Sentinel seems to be corroded for longer.
You kill the Hell Sentinel!
Makhleb accepts your kill.
You feel better.
The Hell Sentinel flies into a frenzy!
The bolt of acid hits the Hell Sentinel!!!
You kill the Hell Sentinel!
Makhleb accepts your kill.
You feel better.
The Hell Sentinel flies into a frenzy!
Something claws your iron golem!
Your iron golem is splashed with acid!
Your iron golem seems to be corroded for longer.
The Hell Sentinel hits the iron golem!!
The Hell Sentinel hits the iron golem!
The Hell Sentinel hits something!!!
The Hell Sentinel closely misses something.
Your iron golem hits the Hell Sentinel! x2; The iron golem hits you!!
* * * LOW HITPOINT WARNING * * *
The iron golem hits you!!
You die...

▓▓▓ ▓.9r
▓≈≈≈1
▓.≈ß≈1
▓§.≈≈≈1
▓▓§§...bE
▓▓§§§...EE
▓z99§...E9
▓▓11§...11
▓▓§§...1E
▓§.≈≈≈E
▓.≈ߧ1
▓≈≈≈1 ▓.zr
▓▓▓


You could see an iron golem, 2 neutral Hell Sentinels and a friendly iron golem
(summoned, corroded).

Vanquished Creatures
  Cerebov (Pan)
  Antaeus (Coc:7)
  the Royal Jelly (Slime:5)
  Asmodeus (Geh:7)
  Gloorx Vloq (Pan)
  Ereshkigal (Tar:7)
  Mnoleg (Pan)
  Lom Lobon (Pan)
  Ignacio (Pan)
  the Serpent of Hell (Geh:7)
  72 dread liches
  84 ancient liches
  Dispater (Dis:7)
  The ghost of Zacaty the Axe Maniac, a legendary MiFi of Gozag (Zig:7)
  The ghost of tls9540 the Middleweight Champion, a legendary DrSh of Cheibriados (Zig:7)
  5 orbs of fire
  The ghost of Ray the Coglin Blade, a legendary CoWr of Cheibriados (Zig:7)
  The ghost of korenl137 the Impregnable, a legendary AtBe of the Shining One (Zig:7)
  43 juggernauts
  93 royal mummies
  Vv (Zot:2)
  the Lernaean hydra (Swamp:4)
  The ghost of Cuehoi Muffi the Slayer, a legendary TeBe of Trog (Zot:3)
  64 Killer Klowns
  Margery (Vaults:4)
  The ghost of Mumonspawn the Wrestler, a veteran DrBe of Trog (Depths:1)
  44 shard shrikes
  Saint Roka (Orc:2)
  Geryon (Hell)
  27 caustic shrikes
  60 golden dragons
  Nikola (Vaults:2)
  A golden dragon (shapeshifter) (Zig:24)
  10 profane servitors
  26 bone dragons
  2 pearl dragons (Zig:8)
  Arachne (Spider:3)
  16 electric golems
  68 hellephants
  57 Tzitzimimeh
  18 tainted leviathans
  179 pandemonium lords
  12 doom hounds
  74 Brimstone Fiends
  75 Hell Sentinels
  29 iron giants
  25 tentacled monstrosities
  Zenata (Crypt:1)
  24 Orb Guardians (Zot:5)
  112 Ice Fiends
  2 quicksilver dragons (shapeshifter) (Zig:22)
  86 titans
  44 liches
  34 deep elf blademasters
  15 walking frostbound tomes
  Murray (Hell)
  109 searing wretches
  7 sphinxes (shapeshifter)
  173 acid blobs
  16 quicksilver dragons
  An eldritch tentacle (Pan)
  31 sphinxes
  33 deep elf master archers
  5 death cobs
  22 shadow dragons
  40 ancient champions
  2 krakens (Zig:18)
  42 tengu reavers
  55 Executioners
  28 tentacled starspawn
  Aizul (Elf:1)
  Kirke (Spider:1)
  The ghost of Maup the Warrior, an adept DrBe of Trog (Swamp:4)
  6 thorn hunters
  8 fenstrider witches
  63 rockslimes
  29 storm dragons
  A storm dragon (shapeshifter) (Zig:22)
  Roxanne (Swamp:3)
  80 azure jellies
  2 azure jellies (shapeshifter) (Zig:24)
  2 daevas
  23 deep elf sorcerers
  49 fire giants
  80 narguns
  82 protean progenitors
  A fenstrider witch (shapeshifter) (Zig:25)
  74 revenants
  51 frost giants
  54 demonspawn warmongers
  14 draconian shifters
  106 emperor scorpions
  36 vault wardens
  2 fire giants (shapeshifter)
  49 draconian knights
  98 nagarajas
  2 imperial myrmidons (Desolation)
  4 frost giants (shapeshifter)
  18 quicksilver elementals
  2 deep elf elementalists (Elf:3)
  2 emperor scorpions (shapeshifter) (Zig:22)
  51 curse skulls
  143 balrugs
  14 draconian monks
  5 spectral caustic shrikes
  18 iron dragons
  38 draconian scorchers
  11 shard shrike simulacra
  4 juggernaut zombies
  196 ghost moths
  32 draconian stormcallers
  5 caustic shrike zombies
  41 draconian annihilators
  17 ghouls
  37 very ugly things
  36 cacodemons
  97 orc warlords
  6 caustic shrike skeletons
  74 demonspawn corrupters
  2 formless jellyfish (shapeshifter)
  8 angels
  54 reapers
  68 stone giants
  26 ironbound preservers
  48 vampire knights
  51 quicksilver oozes
  14 broodmothers
  5 ophanim
  22 green draconians
  52 demonspawn blood saints
  12 formless jellyfish
  2 stone giants (shapeshifter)
  7 juggernaut skeletons
  44 demonspawn black suns
  18 ironbound thunderhulks
  16 elemental wellsprings
  3 apis (Zig:8)
  49 deep elf demonologists
  5 eleionomae
  16 red draconians
  5 bunyips
  36 putrid mouths
  23 lorocyprocas
  20 white draconians
  5 eleionomae (shapeshifter)
  34 deep elf death magi
  46 bennus
  36 war gargoyles
  19 black draconians
  49 deep elf annihilators
  50 wendigos
  A halazid warlock (Desolation)
  3 dire elephants (shapeshifter)
  2 dire elephants
  17 yellow draconians
  20 iron golems
  38 spark wasps
  57 blizzard demons
  46 eidola
  2 merfolk javelineers
  8 purple draconians
  41 ettins
  A spectral quicksilver dragon (Tar:5)
  18 fire dragons
  74 mummy priests
  26 green deaths
  132 entropy weavers
  2 spectral krakens (Zig:18)
  2 quicksilver dragon zombies
  7 ragged hierophants (Desolation)
  A shambling mangrove (Zig:4)
  10 crystal guardians
  13 jiangshi
  31 yaktaur captains
  14 servants of whispers (Desolation)
  A spectral spriggan (Tar:2)
  A spectral golden dragon (Zig:22)
  A fenstrider witch zombie (Hell)
  2 entropy weavers (shapeshifter)
  52 deep elf high priests
  30 spriggan air magi
  A quicksilver dragon skeleton (Zig:22)
  12 ice dragons
  17 ogre magi
  A spectral shadow dragon (Tar:1)
  23 great orbs of eyes
  A great orb of eyes (shapeshifter) (Zig:16)
  22 hell beasts
  85 salamander tyrants
  5 alligator snapping turtles (shapeshifter)
  27 radroaches
  12 alligators
  2 anacondas (shapeshifter)
  33 hydras
  11 rakshasas
  16 jorogumos
  17 caustic shrike simulacra
  14 juggernaut simulacra
  5 spriggan skeletons
  38 vault guards
  5 sphinx zombies
  2 fenstrider witch skeletons
  2 ghost crabs (Swamp:4)
  12 two-headed ogres
  135 dancing weapons
  4 peacekeepers (Desolation)
  9 centaur warriors
  A satyr (Zig:22)
  2 two-headed ogres (shapeshifter)
  14 stokers
  4 deep troll shamans
  2 sphinx skeletons
  14 boulder beetles
  10 merfolk aquamancers
  7 ironbound frosthearts
  4 tengu warriors
  101 death scarabs
  16 anacondas
  4 death yaks
  A boulder beetle (shapeshifter) (Zig:23)
  43 demonic crawlers
  89 orc high priests
  6 deep troll earth magi
  46 vampire magi
  25 naga sharpshooters
  51 hell hogs
  36 soul eaters
  4 spriggan berserkers
  3 titan zombies
  34 thrashing horrors
  4 storm dragon zombies
  2 titan skeletons
  A holy swine (Zig:24)
  16 crystal echidnas
  8 occultists
  10 hell knights
  15 naga warriors
  37 shock serpents
  2 spectral dire elephants
  43 sun demons
  A spectral storm dragon (Tar:1)
  3 skysharks (Zig:24)
  50 deep elf knights
  5 skysharks (shapeshifter)
  5 goliath frogs
  7 iron trolls (shapeshifter)
  A fire crab (shapeshifter) (Zig:22)
  A hellephant skeleton (Pan)
  43 pharaoh ants
  31 iron trolls
  5 golden dragon zombies
  44 shadow wraiths
  23 sixfirhies
  16 skeletal warriors
  A nameless horror (Spider:4)
  4 sea snakes (shapeshifter)
  10 salamander mystics
  35 deep trolls
  A bunyip zombie (Crypt:3)
  26 flayed ghosts
  A spectral iron dragon (Zig:22)
  55 wretched stars
  4 cherubim
  3 orange crystal statues
  2 sea snakes (Zig:14)
  2 spectral bunyips
  A storm dragon skeleton (Zig:17)
  A fire crab (Zig:1)
  3 spriggan druids
  A death drake (shapeshifter) (Zig:23)
  3 quicksilver dragon simulacra
  6 spatial maelstroms
  27 orb spiders
  27 glowing orange brains
  3 deep trolls (shapeshifter)
  3 orb spiders (shapeshifter)
  5 bog bodies
  11 mana vipers
  61 deep elf archers
  4 glowing orange brains (shapeshifter)
  7 arcanists
  29 shadow demons
  5 shock serpents (shapeshifter)
  12 lindwurms
  2 mana vipers (shapeshifter)
  14 naga ritualists
  A spectral wolf spider (Spider:4)
  3 sun moths (shapeshifter)
  4 death drakes (Zig:18)
  7 golden dragon skeletons
  Pikel (D:5)
  A bunyip skeleton (Crypt:3)
  4 obsidian statues
  13 sun moths
  3 swamp dragons (shapeshifter)
  20 swamp dragons
  4 wolf spider zombies
  7 harpies
  41 steelbarb worms
  8 tengu zombies
  21 thermic dynamos
  77 large abominations
  31 ironbound convokers
  100 deep elf pyromancers
  34 phantasmal warriors
  A frost giant zombie (Depths:1)
  3 lightning spires (Zig:26)
  A sphinx simulacrum (Zig:13)
  2 alligator zombies (Hell)
  Maurice (D:12)
  4 iron dragon zombies
  An ugly thing (shapeshifter) (Zig:13)
  An anaconda skeleton (Tomb:2)
  A salamander (shapeshifter) (Zig:23)
  5 tengu skeletons
  64 wolf spiders
  A wolf spider (shapeshifter) (Zig:15)
  25 necromancers
  22 orc knights
  A stone giant zombie (Depths:1)
  4 will-o-the-wisps
  31 shining eyes
  120 starcursed masses
  89 deep elf zephyrmancers
  2 steelbarb worms (shapeshifter)
  38 ugly things
  5 shining eyes (shapeshifter)
  7 fauns (shapeshifter)
  6 shadow dragon skeletons
  17 oklob plants (Zig:27)
  45 orc sorcerers
  12 cyclopes
  A fire giant zombie (Depths:2)
  A manticore (shapeshifter) (Zig:25)
  2 spectral centaurs
  8 manticores
  20 apocalypse crabs
  25 kobold blastminers
  A spectral ettin (Tar:2)
  7 salamanders
  6 worldbinders
  3 meliai (shapeshifter)
  A frost giant skeleton (Crypt:2)
  6 iron dragon skeletons
  115 moths of wrath
  9 rust devils
  10 meliai
  A toenail golem (Zig:24)
  26 water nymphs
  67 black mambas
  110 torpor snails
  11 centaur zombies (D:14)
  23 guardian serpents
  4 stone giant skeletons
  A spectral alligator snapping turtle (Tar:2)
  An alligator snapping turtle zombie (Crypt:3)
  An eye of devastation (shapeshifter) (Zig:9)
  20 elephants
  63 smoke demons
  3 torpor snails (shapeshifter)
  11 ice statues
  4 titan simulacra
  3 gargoyles (Zig:16)
  51 naga magi
  A dire elephant skeleton (Crypt:1)
  29 eyes of devastation
  28 vault sentinels
  3 water nymphs (shapeshifter)
  18 orange demons
  A storm dragon simulacrum (Zig:13)
  5 molten gargoyles (Geh:7)
  A komodo dragon (shapeshifter) (Zig:24)
  5 centaur skeletons
  A rime drake (shapeshifter) (Elf:1)
  An unseen horror (shapeshifter) (Zig:26)
  94 hellions
  A sea snake zombie (Hell)
  2 alligator snapping turtle skeletons (Hell)
  8 cane toads
  8 unseen horrors
  18 yaktaurs
  A bunyip simulacrum (Tomb:2)
  11 rime drakes
  58 tormentors
  12 ice devils
  5 efreet
  26 freezing wraiths
  A golden dragon simulacrum (Zig:17)
  4 anaconda simulacra
  6 komodo dragons
  3 spark wasp simulacra
  29 ancient zymes
  5 silent spectres
  4 spectral harpies
  A spectral naga (Tar:1)
  9 red devils
  155 guardian mummies
  22 trolls
  2 harpy zombies
  A sea snake skeleton (Hell)
  34 hellwings
  9 hornets
  4 tengu simulacra
  4 bloated husks
  3 merfolk (shapeshifter)
  2 shadow dragon simulacra
  6 polar bears
  A polar bear (shapeshifter) (Zig:23)
  An iron giant simulacrum (Coc:3)
  56 tarantellas
  3 queen bees (shapeshifter)
  A queen bee (D:10)
  4 harpy skeletons
  2 hydra zombies (Hell)
  4 wolf spider simulacra (Spider:4)
  A guardian serpent zombie (Crypt:2)
  9 wind drakes
  3 glass eyes (shapeshifter)
  2 tarantellas (shapeshifter)
  A frost giant simulacrum (Depths:1)
  45 glass eyes
  71 saltlings (Desolation)
  29 raiju
  12 tyrant leeches
  2 dream sheep (shapeshifter)
  7 dream sheep (Lair:3)
  A wind drake (shapeshifter) (Elf:1)
  13 blink frogs
  3 iron dragon simulacra
  3 snapping turtles (shapeshifter)
  A raiju (shapeshifter) (D:14)
  A stone giant simulacrum (Tomb:3)
  A fire giant simulacrum (Zig:4)
  59 jumping spiders
  A slime creature (shapeshifter) (Zig:25)
  134 slime creatures
  5 centaur simulacra
  A spectral black mamba (Tar:2)
  2 culicivoras (shapeshifter)
  40 culicivoras
  4 shadows
  27 water elementals
  21 air elementals
  5 wyverns
  3 vampires
  A spriggan (shapeshifter) (Zig:11)
  19 small abominations
  31 ynoxinuls
  8 spriggans
  52 ushabtiu
  3 basilisks (shapeshifter)
  8 fire bats
  11 wraiths
  48 yaks
  10 basilisks
  12 fire elementals
  2 golden eyes (shapeshifter)
  3 hogs (Spider:1)
  A yak (shapeshifter) (Elf:1)
  12 dire elephant simulacra
  19 wargs
  A redback (shapeshifter) (Vaults:5)
  5 vampire mosquitoes
  37 neqoxecs
  A sea snake simulacrum (Hell)
  Grum (D:9)
  A human (shapeshifter) (Vaults:5)
  A steam dragon (shapeshifter) (Zig:15)
  4 steam dragons
  A death yak simulacrum (Lair:5)
  A warg (shapeshifter) (Zig:15)
  30 golden eyes
  42 chaos spawn
  93 redbacks
  Menkaure (D:4)
  13 harpy simulacra
  14 nagas
  17 swamp worms
  7 acid dragons
  A fire bat skeleton (Crypt:1)
  3 spatial vortices (Abyss:3)
  An acid dragon (shapeshifter) (Zig:25)
  8 water moccasins
  7 glowing shapeshifter skeletons
  3 naga skeletons
  8 swamp drakes
  3 hydra simulacra
  3 hell hounds
  131 orc warriors
  2 sky beasts
  7 ettin simulacra
  35 laughing skulls
  3 black bears
  An ice beast (D:7)
  2 black bears (shapeshifter)
  44 ogres
  A sky beast (shapeshifter) (Zig:11)
  An ogre (shapeshifter) (Zig:23)
  4 boggarts (D:13)
  A crocodile (shapeshifter) (Zig:15)
  4 lemures (D:5)
  16 wolves
  3 centaurs
  2 phantoms
  An elephant skeleton (Crypt:2)
  An elf zombie (Crypt:1)
  A weeping skull (Abyss:3)
  A brain worm (Abyss:3)
  A brain worm (shapeshifter) (D:13)
  Blork the orc (D:5)
  12 bullfrogs
  A bullfrog (shapeshifter) (Zig:22)
  2 gnoll sergeants
  3 kobold brigands
  2 scorpions (D:5)
  28 earth elementals
  3 two-headed ogre simulacra (IceCv)
  A cyclops zombie (Crypt:2)
  5 cane toad simulacra
  2 glowing shapeshifter simulacra
  5 wights (D:8)
  A burial acolyte (D:6)
  12 spriggan zombies
  A raiju skeleton (Crypt:2)
  5 elephant simulacra
  2 vampire bats (Abyss:3)
  19 killer bees (D:10)
  A yak skeleton (Crypt:1)
  5 electric eels
  8 howler monkeys
  A basilisk zombie (Crypt:1)
  A quasit (Abyss:3)
  2 bombardier beetles
  A black bear zombie (Crypt:2)
  A gnoll bouda (D:4)
  8 hounds
  3 jellies
  31 orc priests
  3 sleepcaps
  3 iguanas
  3 hell rats (Hell)
  23 orc wizards
  A boggart zombie (D:14)
  5 troll simulacra (IceCv)
  3 polar bear simulacra
  18 spriggan simulacra
  5 wolf simulacra
  183 mummies
  20 gnolls
  9 adders
  10 naga simulacra
  5 shadow imps
  11 white imps
  7 ufetubi
  3 adder zombies (D:6)
  2 ribbon worms (D:2)
  2 dart slugs
  100 orcs
  9 endoplasms
  6 giant cockroaches
  2 gnoll zombies (D:6)
  13 goblins
  5 hobgoblins
  2 jackals (D:4)
  15 kobolds
  4 quokkas
  9 ball pythons
  8 bats
  4 frilled lizards
  2 kobold zombies (D:6)
  5 rats (D:1)
  115 aspiring fleshes
  5 ball lightnings
  3 creeping infernos
  10 fire vortices
  6 lurking horrors (Abyss:3)
  23 starspawn tentacles
  8 tentacles (Zig:18)
11396 creatures vanquished.

Vanquished Creatures (collateral kills)
  Dissolution (Slime:2)
  The ghost of december12 the Archmage, a legendary BaAr of Sif Muna (Zig:7)
  Frederick (Vaults:3)
  4 dread liches
  2 ancient liches (Zig:25)
  7 juggernauts
  The ghost of Caerwyn the Conqueror, a master CoFi of Gozag (Zig:7)
  17 royal mummies
  17 pandemonium lords
  4 shard shrikes
  The ghost of Izusibb the Metallomancer, a veteran DjCj of Makhleb (Vaults:3)
  10 Killer Klowns
  A caustic shrike (Zig:12)
  6 golden dragons
  A doom hound (Zig:22)
  4 iron giants
  3 bone dragons
  7 hellephants
  The ghost of Ray the Bludgeoner, an adept OnWr of Cheibriados (Spider:2)
  13 Brimstone Fiends
  4 Tzitzimimeh
  5 tentacled monstrosities
  6 Hell Sentinels
  A moon troll (WizLab)
  8 Ice Fiends
  A deep elf blademaster (Elf:3)
  3 searing wretches
  4 liches
  14 titans
  19 acid blobs
  A deep elf master archer (Elf:3)
  An Orb Guardian (Zot:5)
  2 ancient champions
  An acid blob (shapeshifter) (Zig:25)
  An eldritch tentacle (Zig:12)
  3 Executioners
  A sphinx (shapeshifter) (Zig:25)
  A sphinx (Zig:23)
  2 quicksilver dragons
  12 tentacled starspawn
  4 shadow dragons
  A tengu reaver (Zig:26)
  3 storm dragons
  A fenstrider witch (shapeshifter) (Zig:15)
  A storm dragon (shapeshifter) (Zig:25)
  An azure jelly (Slime:5)
  2 revenants
  13 protean progenitors
  3 nagarajas
  A fire giant (shapeshifter) (Zig:22)
  A nargun (Zig:27)
  11 rockslimes
  A frost giant (shapeshifter) (Zig:15)
  6 fire giants
  4 quicksilver elementals
  A draconian monk (Zot:5)
  A draconian knight (Zig:17)
  4 demonspawn warmongers
  3 ghouls (Crypt:2)
  3 deep elf sorcerers
  14 vault wardens
  A draconian shifter (Zig:11)
  3 draconian scorchers
  10 balrugs
  7 frost giants
  9 ghost moths
  13 emperor scorpions
  2 curse skulls
  4 cacodemons
  An angel (Abyss:3)
  7 orc warlords
  A caustic shrike zombie (Crypt:3)
  7 quicksilver oozes
  4 reapers
  A draconian annihilator (Zig:26)
  5 very ugly things
  7 demonspawn blood saints
  2 caustic shrike skeletons
  12 stone giants
  A broodmother (Zig:15)
  A broodmother (shapeshifter) (Zig:25)
  3 formless jellyfish
  6 demonspawn corrupters
  6 vampire knights
  9 ironbound preservers
  An ophan (Abyss:3)
  2 juggernaut skeletons
  4 ironbound thunderhulks
  A black draconian (Zig:11)
  A stone giant (shapeshifter) (Zig:22)
  3 deep elf annihilators
  3 demonspawn black suns
  2 deep elf death magi
  4 lorocyprocas
  A dire elephant (Vaults:3)
  A purple draconian (Zot:1)
  2 wendigos
  6 bennus
  An eleionoma (Swamp:4)
  2 yellow draconians
  3 spark wasps
  2 deep elf demonologists
  A red draconian (Zot:1)
  4 war gargoyles
  A white draconian (Zot:5)
  6 blizzard demons
  An eidolon (Zig:7)
  3 ettins
  A fire dragon (Zig:22)
  3 green deaths
  3 jiangshi
  An iron golem (Zig:9)
  7 mummy priests
  2 crystal guardians
  6 entropy weavers
  A quicksilver dragon skeleton (Zig:17)
  2 quicksilver dragon zombies
  8 yaktaur captains
  5 hell beasts
  5 vault guards (Vaults:4)
  2 great orbs of eyes
  2 servants of whispers (Desolation)
  3 deep elf high priests
  A spriggan skeleton (Hell)
  A death knight (Crypt:1)
  An ice dragon (Depths:1)
  A caustic shrike simulacrum (Depths:3)
  A centaur warrior (D:12)
  2 salamander tyrants
  A rakshasa (Abyss:3)
  3 peacekeepers
  An alligator snapping turtle (shapeshifter) (Zig:15)
  A sphinx zombie (Zig:13)
  A spriggan air mage (Zig:21)
  5 jorogumos
  4 boulder beetles
  4 dancing weapons
  5 radroaches
  A deep troll earth mage (Depths:1)
  A stoker (Zig:5)
  A two-headed ogre (shapeshifter) (Zig:15)
  2 two-headed ogres
  5 death yaks (Lair:5)
  2 vampire magi
  5 death scarabs
  2 hell hogs
  A titan zombie (Crypt:3)
  5 thrashing horrors (Abyss:3)
  A deep troll shaman (Depths:1)
  A death yak (shapeshifter) (Zig:22)
  3 shock serpents
  10 orc high priests
  2 demonic crawlers
  2 soul eaters (Zig:18)
  3 spriggans
  A spriggan berserker (Depths:1)
  4 deep elf knights
  8 hell knights
  A storm dragon zombie (Zig:13)
  6 pharaoh ants
  3 wretched stars
  5 sixfirhies
  25 skeletal warriors
  A shadow wraith (Zig:15)
  A salamander mystic (Zig:19)
  A sun demon (Zig:18)
  A titan skeleton (Zig:22)
  An iron troll (shapeshifter) (Zig:24)
  A spatial maelstrom (Abyss:3)
  6 orb spiders
  A glowing orange brain (Zig:27)
  2 iron trolls
  A golden dragon zombie (Zig:17)
  An obsidian statue (Zig:13)
  2 arcanists
  A bog body (Crypt:3)
  A spriggan simulacrum (Zig:16)
  17 deep trolls
  2 shadow demons
  2 flayed ghosts
  A lindwurm (Vaults:1)
  A golden dragon skeleton (Zig:13)
  3 steelbarb worms
  3 deep elf archers
  11 ironbound convokers
  A thermic dynamo (Zig:8)
  A shadow dragon zombie (Zig:17)
  5 large abominations
  8 orc knights
  5 wolf spider zombies (Spider:4)
  A tengu zombie (Zig:13)
  A naga ritualist (Zig:19)
  An orange crystal statue (Zig:6)
  A sun moth (shapeshifter) (Vaults:2)
  An iron dragon zombie (Zig:22)
  7 phantasmal warriors
  2 spectral wolf spiders (Spider:4)
  4 necromancers
  A shadow dragon skeleton (Zig:22)
  7 orc sorcerers
  A shining eye (Slime:5)
  7 deep elf pyromancers
  6 starcursed masses
  5 deep elf zephyrmancers
  10 wolf spiders
  12 ugly things
  A shining eye (shapeshifter) (Zig:15)
  12 moths of wrath
  A manticore (Zig:15)
  A meliai (shapeshifter) (Zig:22)
  A moth of wrath (shapeshifter) (Zig:22)
  An iron dragon skeleton (Zig:13)
  An ice statue (Zig:13)
  2 frost giant skeletons
  A jorogumo skeleton (Crypt:1)
  5 elephants
  4 meliai
  A rust devil (Zig:18)
  3 black mambas
  A kobold blastminer (Zig:19)
  3 apocalypse crabs
  A naga mage (Zig:26)
  A black mamba (shapeshifter) (Zig:26)
  A guardian serpent (Desolation)
  3 eyes of devastation
  7 torpor snails
  3 vault sentinels
  6 orange demons
  A water nymph (Zig:14)
  A centaur zombie (D:14)
  A cane toad (Lair:2)
  A water nymph (shapeshifter) (Zig:26)
  3 smoke demons
  6 hellions
  A storm dragon simulacrum (Zig:17)
  16 yaktaurs
  An unseen horror (Abyss:3)
  3 freezing wraiths
  An ice devil (Zig:18)
  4 tormentors
  2 tengu conjurers (Depths:1)
  5 ancient zymes
  3 trolls (Zig:19)
  A troll (shapeshifter) (Zig:22)
  17 guardian mummies
  A catoblepas skeleton (Crypt:2)
  A harpy zombie (Abyss:3)
  3 polar bears (Lair:4)
  A blink frog (shapeshifter) (Zig:26)
  2 red devils
  6 saltlings (Desolation)
  12 tarantellas
  A wolf spider simulacrum (Spider:4)
  6 hornets
  5 glass eyes (Zig:27)
  A raiju (Zig:15)
  A harpy skeleton (Hell)
  A meliai zombie (D:14)
  33 slime creatures
  6 air elementals
  10 jumping spiders
  2 ynoxinuls (Zig:24)
  6 culicivoras
  5 yaks
  A fire bat (Depths:1)
  11 ushabtiu
  3 water elementals
  2 wraiths
  A hog (Spider:1)
  A steam dragon (Zig:18)
  A golden eye (Zig:15)
  A warg (shapeshifter) (Zig:26)
  21 redbacks
  A chaos spawn (Zig:12)
  5 neqoxecs
  3 harpy simulacra
  A glowing shapeshifter zombie (Zig:13)
  A naga (Zig:3)
  3 small abominations (Abyss:3)
  2 acid dragons
  A swamp drake (Zig:18)
  2 sky beasts (Abyss:3)
  A hornet zombie (D:14)
  3 laughing skulls
  8 ogres
  9 orc warriors
  A tengu (shapeshifter) (Zig:21)
  3 centaurs (D:14)
  A two-headed ogre simulacrum (IceCv)
  A troll skeleton (Crypt:1)
  A crimson imp (Abyss:3)
  A quasit (Abyss:3)
  A jelly (Abyss:3)
  2 orc priests (Zig:19)
  3 orc wizards
  A hell rat (Hell)
  An acid dragon skeleton (Crypt:2)
  40 mummies
  A naga simulacrum (IceCv)
  2 white imps
  3 ufetubi
  11 aspiring fleshes
  A ball lightning (Lair:5)
  A butterfly (Abyss:3)
  538 fire vortices
  A lurking horror (Abyss:3)
  13 starspawn tentacles
1718 creatures vanquished.

Vanquished Creatures (others)
  23 pandemonium lords
  4 dread liches
  2 ancient liches
  9 juggernauts
  8 royal mummies
  12 Killer Klowns
  A caustic shrike (Zig:16)
  6 golden dragons
  10 Brimstone Fiends
  2 Tzitzimimeh
  An iron giant (Zig:12)
  3 starcursed masses
  3 tentacled monstrosities (Zig:14)
  5 Hell Sentinels
  2 liches (Zig:26)
  5 Ice Fiends
  A deep elf blademaster (Zig:8)
  9 hellephants (Zig:23)
  A quicksilver dragon (shapeshifter) (Zig:25)
  13 titans
  A quicksilver dragon (Zig:25)
  8 searing wretches
  23 acid blobs
  4 Executioners
  2 ancient champions
  A sphinx (Zig:26)
  A tentacled starspawn (Zig:16)
  21 eldritch tentacles
  4 storm dragons
  An azure jelly (Zig:12)
  A draconian monk (Zig:11)
  3 fenstrider witches (shapeshifter)
  A tengu reaver (Zig:26)
  2 revenants
  8 protean progenitors
  2 nagarajas
  A demonspawn warmonger (Zig:8)
  2 vault wardens (Zig:26)
  5 rockslimes
  4 frost giants
  3 draconian knights
  3 curse skulls
  2 fire giants
  11 orc warlords
  11 emperor scorpions
  7 balrugs
  A draconian scorcher (Zig:26)
  A shard shrike simulacrum (Coc:7)
  3 cacodemons
  A draconian annihilator (Zig:11)
  9 demonspawn blood saints
  3 demonspawn corrupters
  7 very ugly things
  An ironbound preserver (Zig:26)
  3 reapers
  A broodmother (Zig:21)
  3 stone giants
  A stone giant (shapeshifter) (Zig:25)
  2 quicksilver oozes
  An eleionoma (shapeshifter) (Zig:22)
  A formless jellyfish (Zig:12)
  3 lorocyprocas
  A deep elf demonologist (Zig:24)
  A vampire knight (Zig:15)
  2 deep elf annihilators
  6 demonspawn black suns
  2 black draconians
  6 bennus
  A minotaur (shapeshifter) (Zig:25)
  2 spark wasps (Zig:21)
  2 ettins
  2 blizzard demons (Zig:18)
  A green death (Zig:6)
  3 mummy priests
  3 yaktaur captains (Zig:26)
  4 fire dragons
  9 entropy weavers
  An alligator (Zig:22)
  A rakshasa (Pan)
  A caustic shrike simulacrum (Coc:3)
  2 hydras (Zig:4)
  An ice dragon (Zig:22)
  A hell beast (Zig:25)
  2 salamander tyrants
  A juggernaut simulacrum (Coc:7)
  2 anacondas (Zig:6)
  A jorogumo (Zig:14)
  2 death yaks (Zig:25)
  A boulder beetle (shapeshifter) (Zig:25)
  3 demonic crawlers
  2 alligator snapping turtles (shapeshifter)
  2 radroaches
  A vampire mage (Zig:9)
  2 boulder beetles
  A titan zombie (Zig:17)
  A naga sharpshooter (Zig:25)
  2 naga warriors (Zig:25)
  2 sun demons (Zig:24)
  3 orc high priests
  A shock serpent (shapeshifter) (Zig:24)
  A storm dragon zombie (Zig:17)
  A skyshark (shapeshifter) (Zig:25)
  A wretched star (Zig:15)
  A fire crab (shapeshifter) (Zig:11)
  An iron troll (shapeshifter) (Zig:25)
  A deep elf knight (Zig:11)
  3 pharaoh ants
  A sixfirhy (Zig:18)
  A sun moth (Zig:24)
  A flayed ghost (Zig:18)
  An orb spider (shapeshifter) (Zig:13)
  An iron troll (Zig:19)
  A large abomination (Abyss:3)
  A sea snake (shapeshifter) (Zig:25)
  5 steelbarb worms
  A swamp dragon (shapeshifter) (Zig:25)
  A steelbarb worm (shapeshifter) (Zig:24)
  2 mana vipers (shapeshifter)
  2 orb spiders
  A wolf spider (Zig:21)
  2 deep elf pyromancers (Zig:11)
  3 deep elf zephyrmancers
  A wolf spider (shapeshifter) (Zig:24)
  8 moths of wrath
  A moth of wrath (shapeshifter) (Zig:25)
  A sphinx simulacrum (Zig:27)
  A manticore (Zig:15)
  A cyclops (Zig:19)
  A titan simulacrum (Zig:13)
  3 smoke demons
  3 black mambas
  An elephant (shapeshifter) (Zig:25)
  2 naga magi
  7 apocalypse crabs
  A guardian serpent (Zig:25)
  2 orange demons
  5 torpor snails
  3 hellions
  2 eyes of devastation (shapeshifter) (Zig:25)
  A komodo dragon (shapeshifter) (Zig:25)
  An efreet (Zig:12)
  3 tormentors
  4 guardian mummies
  A red devil (Zig:19)
  A hellwing (Zig:24)
  3 tarantellas (Zig:25)
  2 tyrant leeches
  A glass eye (shapeshifter) (Zig:25)
  A tarantella (shapeshifter) (Zig:25)
  A saltling (Desolation)
  A dream sheep (shapeshifter) (Zig:25)
  A jumping spider (Zig:25)
  2 slime creatures (Zig:20)
  2 culicivoras (Zig:21)
  3 water elementals
  4 ushabtiu
  2 ynoxinuls (Zig:12)
  3 wargs
  3 redbacks
  2 golden eyes (Abyss:3)
  A redback (shapeshifter) (Zig:26)
  A warg (shapeshifter) (Zig:25)
  A vampire mosquito (D:7)
  11 chaos spawn
  A neqoxec (Zig:12)
  2 swamp worms (shapeshifter)
  2 acid dragons (Zig:18)
  3 orc warriors
  A mummy (Zig:14)
  9 aspiring fleshes
  202 ball lightnings
  A butterfly (Abyss:3)
  3415 fire vortices
  10 foxfires
  17 snaplasher vines
  56 starspawn tentacles
  20 tentacles (Zig:18)
4245 creatures vanquished.

Grand Total: 17359 creatures vanquished

Notes
Turn   | Place    | Note
-------+----------+-------------------------------------------
     0 | D:1      | jagoly the Djinni Air Elementalist began the quest for the
                  | Orb.
     0 | D:1      | jagoly set off with the following spells memorised: Shock,
                  | Static Discharge, Swiftness, Airstrike.
     0 | D:1      | Reached XP level 1. HP: 15/15 MP: 0/0
   134 | D:1      | Reached XP level 2. HP: 20/21 MP: 0/0
   361 | D:1      | Reached XP level 3. HP: 24/25 MP: 0/0
   361 | D:1      | Learned a level 1 spell: Sandblast
   592 | D:1      | Found Viecoympe's Antique Weapon Shoppe.
   871 | D:2      | Reached XP level 4. HP: 26/31 MP: 0/0
   924 | D:2      | Found Hiloih's Magic Scroll Shoppe.
   964 | D:2      | Bought a scroll of identify for 28 gold pieces
  1629 | D:2      | Bought a scroll of poison for 56 gold pieces
  1660 | D:3      | Reached XP level 5. HP: 6/35 MP: 0/0
  1660 | D:3      | Learned a level 2 spell: Jinxbite
  1934 | D:3      | Found Acsuv's Vocational Training.
  2688 | D:3      | Reached skill level 5 in Spellcasting
  2688 | D:3      | Reached skill level 5 in Conjurations
  2688 | D:3      | Reached skill level 5 in Hexes
  2688 | D:3      | Reached skill level 5 in Summonings
  2688 | D:3      | Reached skill level 5 in Necromancy
  2688 | D:3      | Reached skill level 5 in Translocations
  2688 | D:3      | Reached skill level 5 in Fire Magic
  2688 | D:3      | Reached skill level 5 in Ice Magic
  2688 | D:3      | Reached skill level 5 in Air Magic
  2688 | D:3      | Reached skill level 5 in Earth Magic
  2688 | D:3      | Reached skill level 5 in Alchemy
  2737 | D:3      | Found a faded altar of an unknown god.
  2879 | D:4      | Noticed Menkaure
  2894 | D:4      | Killed Menkaure
  2895 | D:4      | Reached XP level 6. HP: 29/46 MP: 0/0
  3154 | D:4      | Noticed an ogre
  3293 | D:4      | Reached XP level 7. HP: 48/51 MP: 0/0
  3293 | D:4      | Learned a level 3 spell: Fugue of the Fallen
  3431 | D:4      | Reached skill level 5 in Fighting
  3805 | D:1      | Bought a warped dagger for 168 gold pieces
  3805 | D:1      | Identified the +8 dagger of Zin, Teaching {elec, *Rage
                  | rElec rPois Will+} (You bought it in a shop on level 1 of
                  | the Dungeon)
  3909 | D:5      | Entered Level 5 of the Dungeon
  4161 | D:5      | Noticed Blork the orc
  4189 | D:5      | Killed Blork the orc
  4190 | D:5      | Reached XP level 8. HP: 46/59 MP: 0/0
  4303 | D:5      | Found a glowing golden altar of the Shining One.
  4303 | D:5      | Found a shimmering altar of Xom.
  4676 | D:5      | Noticed Pikel
  4960 | D:5      | Killed Pikel
  4961 | D:5      | Reached XP level 9. HP: 62/66 MP: 0/0
  4961 | D:5      | Learned a level 3 spell: Frozen Ramparts
  5329 | D:6      | Found a staircase to the Ecumenical Temple.
  5336 | Temple   | Entered the Ecumenical Temple
  5342 | Temple   | Became a worshipper of Makhleb the Destroyer
  5718 | D:6      | Identified the +7 plate armour of Weirdness {rPois rN+
                  | Str+3 Slay-2}
  6248 | D:7      | Reached * piety under Makhleb
  6557 | D:7      | Noticed an orc knight
  7049 | D:7      | Found a glowing silver altar of Zin.
  7202 | D:7      | Noticed a troll
  7356 | D:8      | Reached XP level 10. HP: 66/76 MP: 0/0
  7680 | D:8      | Reached ** piety under Makhleb
  7785 | D:8      | Found a staircase to the Lair.
  8845 | D:9      | Found a hide-covered altar of Uskayaw.
  8846 | D:9      | Found a stormy altar of Qazlal.
  8880 | D:9      | Noticed Grum
  8881 | D:9      | Reached skill level 10 in Spellcasting
  8881 | D:9      | Reached skill level 10 in Conjurations
  8881 | D:9      | Reached skill level 10 in Hexes
  8881 | D:9      | Reached skill level 10 in Summonings
  8881 | D:9      | Reached skill level 10 in Necromancy
  8881 | D:9      | Reached skill level 10 in Translocations
  8881 | D:9      | Reached skill level 10 in Fire Magic
  8881 | D:9      | Reached skill level 10 in Ice Magic
  8881 | D:9      | Reached skill level 10 in Air Magic
  8881 | D:9      | Reached skill level 10 in Earth Magic
  8881 | D:9      | Reached skill level 10 in Alchemy
  8896 | D:9      | Killed Grum
  8969 | D:9      | Found a staircase to the Orcish Mines.
  9149 | D:9      | Found a basalt altar of Yredelemnul.
  9493 | D:10     | Entered Level 10 of the Dungeon
  9500 | D:10     | Reached *** piety under Makhleb
  9503 | D:10     | Found a flagged portal.
  9508 | Bailey   | Entered a bailey
  9569 | Bailey   | Reached XP level 11. HP: 83/85 MP: 0/0
  9569 | Bailey   | Learned a level 5 spell: Metabolic Englaciation
  9694 | Bailey   | Noticed an orc knight
  9696 | Bailey   | Noticed an orc knight
  9727 | Bailey   | Killed an orc knight
  9728 | Bailey   | Reached skill level 10 in Fighting
  9813 | Bailey   | Killed an orc knight
  9814 | Bailey   | Reached skill level 5 in Dodging
 10017 | Bailey   | Identified the +12 crystal plate armour "Ojekkuvyc" {Harm}
 10157 | D:10     | Found Oduyl's Gadget Gallery.
 10200 | D:10     | Reached skill level 1 in Evocations
 10241 | D:10     | Found a blossoming altar of Fedhas.
 10396 | D:10     | Reached **** piety under Makhleb
 11135 | D:10     | Reached XP level 12. HP: 65/91 MP: 0/0
 11239 | D:11     | Found Luisadeg's Antique Weapon Shop.
 11410 | D:11     | Found a portal to a secret trove of treasure.
 11726 | D:11     | Noticed a two-headed ogre
 11747 | D:11     | Noticed a two-headed ogre
 11806 | D:11     | Killed a two-headed ogre
 11936 | D:11     | Killed a two-headed ogre
 12051 | D:7      | Reached ***** piety under Makhleb
 12443 | D:7      | Noticed a two-headed ogre
 12505 | D:7      | Killed a two-headed ogre
 12607 | D:7      | Identified the +0 rapier "Wyfacid" {heavy, Str+2}
 12740 | Lair:1   | Entered Level 1 of the Lair of Beasts
 13481 | Lair:1   | Reached skill level 5 in Evocations
 13487 | Lair:1   | Reached XP level 13. HP: 87/101 MP: 0/0
 13487 | Lair:1   | Learned a level 5 spell: Summon Forest
 13875 | Lair:2   | Reached skill level 1 in Throwing
 13931 | Lair:2   | Noticed a six-headed hydra
 13937 | Lair:2   | Killed a six-headed hydra
 14074 | Lair:2   | Noticed a four-headed hydra
 14082 | Lair:2   | Killed a four-headed hydra
 14927 | Lair:2   | Found a staircase to the Swamp.
 15100 | Lair:3   | Found a hole to the Spider Nest.
 15793 | Lair:3   | Reached XP level 14. HP: 76/107 MP: 0/0
 17440 | Lair:5   | Entered Level 5 of the Lair of Beasts
 17479 | Lair:5   | Reached skill level 1 in Shields
 17530 | Lair:5   | Found a frozen archway.
 17543 | Lair:5   | Reached ****** piety under Makhleb
 17670 | IceCv    | Entered an ice cave
 18505 | IceCv    | Noticed a reaper
 18524 | IceCv    | Killed a reaper
 18970 | Lair:5   | Reached skill level 1 in Armour
 19159 | Lair:5   | Found a viscous altar of Jiyva.
 19159 | Lair:5   | Found a staircase to the Slime Pits.
 19169 | Lair:5   | Reached XP level 15. HP: 100/117 MP: 0/0
 19169 | Lair:5   | Learned a level 6 spell: Conjure Ball Lightning
 20816 | Lair:5   | Found a corrupted altar of Lugonu.
 20816 | Lair:5   | Found a one-way gate to the infinite horrors of the Abyss.
 21131 | D:12     | Reached skill level 15 in Spellcasting
 21131 | D:12     | Reached skill level 15 in Conjurations
 21131 | D:12     | Reached skill level 15 in Hexes
 21131 | D:12     | Reached skill level 15 in Summonings
 21131 | D:12     | Reached skill level 15 in Necromancy
 21131 | D:12     | Reached skill level 15 in Translocations
 21131 | D:12     | Reached skill level 15 in Fire Magic
 21131 | D:12     | Reached skill level 15 in Ice Magic
 21131 | D:12     | Reached skill level 15 in Air Magic
 21131 | D:12     | Reached skill level 15 in Earth Magic
 21131 | D:12     | Reached skill level 15 in Alchemy
 22593 | D:12     | Found Kerezuk's Weapon Emporium.
 22599 | D:12     | Reached skill level 15 in Fighting
 22729 | D:12     | Noticed Maurice
 22738 | D:12     | Killed Maurice
 23011 | Orc:1    | Entered Level 1 of the Orcish Mines
 23500 | Orc:2    | Entered Level 2 of the Orcish Mines
 23574 | Orc:2    | Found a roughly hewn altar of Beogh.
 23639 | Orc:2    | Found a staircase to the Elven Halls.
 23814 | Orc:2    | Found a roughly hewn altar of Beogh.
 23835 | Orc:2    | Reached XP level 16. HP: 112/126 MP: 0/0
 23904 | Orc:2    | Found Kafouque's Assorted Antiques.
 23956 | Orc:2    | Found a roughly hewn altar of Beogh.
 24459 | Orc:2    | Found a roughly hewn altar of Beogh.
 24566 | Orc:2    | Found a roughly hewn altar of Beogh.
 24579 | Orc:2    | Found Xitim's Antique Armour Boutique.
 24657 | Orc:2    | Found a roughly hewn altar of Beogh.
 25240 | Orc:2    | Noticed Saint Roka
 25252 | Orc:2    | Killed Saint Roka
 25445 | Orc:2    | Found Jaelan's Antique Weapon Emporium.
 25445 | Orc:2    | Found a roughly hewn altar of Beogh.
 25450 | Orc:2    | Found Esotunk's Antique Armour Shoppe.
 25517 | Orc:2    | Bought a pair of heavily runed gloves for 351 gold pieces
 25517 | Orc:2    | Identified the +0 pair of gloves of Whack-A-Mole {Int+2}
                  | (You bought it in a shop on level 2 of the Orcish Mines)
 25517 | Orc:2    | Bought a runed cloak for 277 gold pieces
 25573 | Orc:2    | Bought a shiny helmet for 240 gold pieces
 25640 | Orc:2    | Bought a bloodstained scale mail for 333 gold pieces
 25640 | Orc:2    | Identified the +0 scale mail of Monotheism {rElec Slay+2}
                  | (You bought it in a shop on level 2 of the Orcish Mines)
 25750 | Orc:2    | Bought a ruby potion for 30 gold pieces
 27475 | D:14     | Found Boem's Weapon Shoppe.
 28310 | D:14     | Reached skill level 10 in Dodging
 28755 | D:14     | Found a gate to the Vaults.
 28839 | D:15     | Entered Level 15 of the Dungeon
 29139 | D:15     | Found a bloodstained altar of Trog.
 29460 | D:15     | Reached XP level 17. HP: 133/133 MP: 0/0
 29460 | D:15     | Learned a level 7 spell: Orb of Destruction
 29465 | D:15     | Identified the +7 hand axe of Indomitability {flame, rPois
                  | Str+3}
 29725 | D:15     | Found a staircase to the Depths.
 29908 | D:15     | Reached skill level 5 in Shields
 29957 | D:14     | Upgraded the game from 0.32-a0-558-g233958a to
                  | 0.32-a0-572-g3e1049b
 30336 | D:1      | Bought a steaming mace for 192 gold pieces
 30336 | D:1      | Identified the +7 mace "Duuxkias" {flame, rCorr Str+6} (You
                  | bought it in a shop on level 1 of the Dungeon)
 30554 | Swamp:1  | Entered Level 1 of the Swamp
 31575 | Swamp:2  | Noticed a thorn hunter
 31591 | Swamp:2  | Noticed a thorn hunter
 31592 | Swamp:2  | Killed a thorn hunter
 31597 | Swamp:2  | Killed a thorn hunter
 31598 | Swamp:2  | Reached skill level 5 in Armour
 31800 | Swamp:2  | Identified the +1 rapier of the Eye-covered God {venom,
                  | Int-5 Dex+4}
 32125 | Swamp:3  | Noticed a thorn hunter
 32129 | Swamp:3  | Killed a thorn hunter
 32224 | Swamp:3  | Noticed a thorn hunter
 32231 | Swamp:3  | Killed a thorn hunter
 32692 | Swamp:3  | Reached skill level 5 in Stealth
 32693 | Swamp:3  | Noticed Roxanne
 33303 | Swamp:3  | Identified 3 scrolls of acquirement
 33645 | Swamp:3  | Killed Roxanne
 33697 | Swamp:4  | Entered Level 4 of the Swamp
 33706 | Swamp:4  | Acquired 763 gold pieces
 33708 | Swamp:4  | Acquired the +5 Storm Queen's Shield {shock, Fly rElec}
 33708 | Swamp:4  | Found the +5 Storm Queen's Shield {shock, Fly rElec}
 33709 | Swamp:4  | Acquired 789 gold pieces
 33906 | Swamp:4  | Found a runed translucent gate.
 33906 | Swamp:4  | Found a runed translucent gate.
 33906 | Swamp:4  | Found a runed translucent gate.
 33907 | Swamp:4  | Noticed Maup's ghost (adept DrBe)
 34549 | Swamp:4  | Noticed a thorn hunter
 34554 | Swamp:4  | Killed a thorn hunter
 34835 | Swamp:4  | Reached XP level 18. HP: 127/139 MP: 0/0
 35186 | Swamp:4  | Reached skill level 10 in Shields
 35782 | Swamp:4  | Noticed the 27-headed Lernaean hydra
 35800 | Swamp:4  | Killed the 27-headed Lernaean hydra
 36009 | Swamp:4  | Got a decaying rune of Zot
 36427 | Swamp:4  | Killed Maup's ghost
 36974 | D:3      | Bought a manual of Evocations for 1120 gold pieces
 37108 | D:10     | Bought a lightning rod (4/4) for 640 gold pieces
 37231 | Elf:1    | Entered Level 1 of the Elven Halls
 37595 | Elf:1    | Found Vocumun's Book Boutique.
 39289 | Elf:2    | Identified the serpent talisman "Guany" {Int+3}
 39289 | Elf:2    | Noticed Aizul
 39302 | Elf:1    | Reached skill level 10 in Evocations
 39305 | Elf:1    | Killed Aizul
 39306 | Elf:1    | Reached XP level 19. HP: 70/145 MP: 0/0
 39306 | Elf:1    | Learned a level 7 spell: Spellforged Servitor
 39849 | Elf:2    | Found a crumbling gateway.
 39856 | Elf:2    | Identified the +4 orcbow of Malum In Se {drain, +Blink
                  | rElec rF- rC+++}
 39915 | Desolati | Entered the Desolation of Salt
 40214 | Desolati | Identified the +9 sling of War {freeze, Str+3}
 40353 | Desolati | Identified the ring "Emmow" {^Drain Fly rC- rCorr Int+9}
 40772 | Desolati | Identified the amulet "Wanoosm" {Faith rF+ Will- Stlth+}
 41261 | Desolati | Identified the amulet of Fiutiebo {Faith Slay+3}
 42292 | Desolati | Identified the ring "Wikleo" {Fire rCorr Int+3 Dex+3}
 43107 | Elf:2    | Reached XP level 20. HP: 143/151 MP: 0/0
 43527 | Elf:2    | Found a huge runed translucent gate.
 43527 | Elf:2    | Found a huge runed translucent gate.
 43527 | Elf:2    | Found a huge runed translucent gate.
 43528 | Elf:2    | Found a huge runed translucent gate.
 43542 | Elf:2    | Found a huge runed translucent gate.
 43606 | Elf:3    | Entered Level 3 of the Elven Halls
 46321 | Elf:3    | Identified the +5 quarterstaff "Qauj" {heavy, Dex+2}
 47239 | Elf:3    | Identified the +7 shortbow of Quick Death {drain, rElec rC+
                  | Int+2}
 47241 | Elf:3    | Identified the staff of Mamayny {Int+2 Dex+4 Stlth- Necro
                  | Earth}
 47416 | Elf:3    | Identified the +1 scale mail of Roihall {+Blink rF++ rC-
                  | Dex+3}
 47421 | Elf:3    | Identified the amulet "Qoogril" {-Cast rPois Regen+ rCorr
                  | Str+2}
 47584 | Orc:2    | Bought a bloodstained rapier for 288 gold pieces
 47584 | Orc:2    | Identified the +10 rapier of the Puffball {antimagic,
                  | Str+2} (You bought it in a shop on level 2 of the Orcish
                  | Mines)
 47638 | Orc:2    | Bought a scroll of poison for 136 gold pieces
 47870 | D:2      | Bought a scroll of identify for 28 gold pieces
 47871 | D:2      | Reached XP level 21. HP: 160/160 MP: 0/0
 47871 | D:2      | Learned a level 8 spell: Summon Horrible Things
 48043 | D:10     | Bought a condenser vane for 640 gold pieces
 48043 | D:10     | Bought a phantom mirror for 640 gold pieces
 48165 | Spider:1 | Entered Level 1 of the Spider Nest
 48217 | Spider:1 | Noticed Kirke
 48225 | Spider:1 | Killed Kirke
 49604 | Spider:2 | Reached XP level 22. HP: 151/169 MP: 0/0
 51018 | Spider:2 | Found a runed translucent gate.
 51019 | Spider:2 | Found a runed translucent gate.
 51020 | Spider:2 | Found a runed translucent gate.
 51033 | Spider:2 | Noticed Ray's ghost (adept OnWr)
 51390 | Spider:2 | Killed Ray's ghost
 51421 | Spider:2 | Identified the amulet of the Two Names {Spirit Will+ Str-3
                  | Int+3 Dex+3}
 51423 | Spider:2 | Identified the +1 scale mail of Parts Unknown {rF+ Will+}
 52511 | Spider:3 | Noticed Arachne
 52986 | Spider:3 | Killed Arachne
 53263 | Spider:4 | Entered Level 4 of the Spider Nest
 53520 | Spider:4 | Identified the +6 mace "Sotu" {flame, rF+}
 55270 | Spider:4 | Identified the -1 hat "Mudoperr" {Int+4 Dex-5}
 55300 | Spider:4 | Got a gossamer rune of Zot
 55636 | Vaults:1 | Entered Level 1 of the Vaults
 55812 | Vaults:1 | Reached XP level 23. HP: 148/175 MP: 0/0
 55812 | Vaults:1 | Learned a level 7 spell: Malign Gateway
 56042 | Vaults:1 | Reached skill level 15 in Dodging
 58105 | Vaults:2 | Found a staircase to the Crypt.
 58793 | Vaults:2 | You are sucked into a shaft and drop 1 floor!
 58984 | Vaults:3 | Reached skill level 15 in Evocations
 58990 | Vaults:3 | Found a flickering gateway to a bazaar.
 59004 | Bazaar   | Entered a bazaar
 59004 | Bazaar   | Found Tav Inom's Antique Weapon Emporium.
 59159 | Bazaar   | Found Xoetuacs's Armour Shop.
 59160 | Bazaar   | Found Qeocol's Antique Armour Boutique.
 59170 | Bazaar   | Found Xitim's Antique Armour Boutique.
 59184 | Bazaar   | Found Ivycomm's Jewellery Emporium.
 59200 | Bazaar   | Bought a brightly glowing leather armour for 112 gold
                  | pieces
 59200 | Bazaar   | Identified the +5 leather armour of Vemil {rC+++} (You
                  | bought it in a shop in a bazaar)
 59230 | Bazaar   | Bought a bloodstained hand axe for 144 gold pieces
 59230 | Bazaar   | Identified the +9 hand axe of Innygis {drain, rElec} (You
                  | bought it in a shop in a bazaar)
 59243 | Bazaar   | Bought a pair of glowing gloves for 270 gold pieces
 59939 | Vaults:3 | Found a runed translucent door.
 59939 | Vaults:3 | Found a shimmering altar of Xom.
 59939 | Vaults:3 | Noticed Izusibb's ghost (veteran DjCj)
 60064 | Vaults:2 | Noticed Nikola
 60076 | Vaults:2 | Killed Nikola
 60211 | Vaults:2 | Found Qiethre's Weapon Emporium.
 60765 | Vaults:3 | Reached XP level 24. HP: 181/181 MP: 0/0
 60862 | Vaults:3 | Identified the orb of Polish {*channel, rF- rCorr Int+7
                  | Tloc}
 60862 | Vaults:3 | Noticed Frederick
 60873 | Vaults:3 | Killed Frederick
 62310 | Vaults:3 | Killed Izusibb's ghost
 62364 | Vaults:4 | Found Fualiodi's Assorted Antiques.
 62410 | Vaults:4 | Found a magical portal.
 62424 | WizLab   | Entered Lehudib's Moon Base
 62500 | WizLab   | Found a transporter.
 64467 | WizLab   | Found a transporter.
 64926 | WizLab   | Identified the +2 dagger "Maxzez Omev" {drain, rElec MP+9
                  | Dex+3}
 65012 | Vaults:4 | Noticed Margery
 65787 | Vaults:4 | Found Quorph's Weapon Boutique.
 65820 | Vaults:4 | Killed Margery
 65821 | Vaults:4 | Reached XP level 25. HP: 136/190 MP: 0/0
 65821 | Vaults:4 | Learned a level 9 spell: Fire Storm
 66639 | Vaults:2 | Bought the +8 falchion "Faxocwyn" {freeze, rF+ Will+ Int+2}
                  | for 968 gold pieces
 66885 | Crypt:1  | Entered Level 1 of the Crypt
 66904 | Crypt:1  | Noticed Zenata
 66913 | Crypt:1  | Killed Zenata
 70287 | Crypt:3  | Entered Level 3 of the Crypt
 71602 | Crypt:3  | Identified the ring of Nocy {rC++ rCorr}
 71827 | Crypt:3  | Found a basalt altar of Yredelemnul.
 71827 | Crypt:3  | Noticed an ancient lich
 71836 | Crypt:3  | Killed an ancient lich
 72236 | Crypt:3  | Found a staircase to the Tomb.
 72244 | Crypt:3  | Identified the staff "Lyeteas" {^Fragile rN+ rCorr Str-4
                  | Int+8 Necro}
 72604 | Vaults:1 | Reached XP level 26. HP: 200/200 MP: 0/0
 72716 | Depths:1 | Entered Level 1 of the Depths
 72815 | Depths:1 | Voluntarily entered the Abyss.
 72967 | Abyss:3  | Found an iron altar of Okawaru.
 73262 | Depths:1 | Escaped the Abyss
 73282 | Depths:1 | Voluntarily entered the Abyss.
 73318 | Depths:1 | Escaped the Abyss
 73320 | Depths:1 | Voluntarily entered the Abyss.
 73442 | Abyss:3  | Found a corrupted altar of Lugonu.
 73692 | Abyss:3  | Identified the +8 rapier of Laceration {elec, rElec rF+
                  | rN+}
 73810 | Depths:1 | Escaped the Abyss
 73824 | Depths:1 | Voluntarily entered the Abyss.
 74024 | Abyss:3  | Found a glowing golden altar of the Shining One.
 74097 | Abyss:3  | Noticed a juggernaut
 74107 | Abyss:3  | Killed a juggernaut
 74127 | Abyss:3  | Got an abyssal rune of Zot
 74134 | Depths:1 | Escaped the Abyss
 74245 | D:11     | You showed the abyssal rune of Zot to enter a treasure
                  | trove
 74246 | Trove    | Entered a treasure trove
 74261 | Trove    | Identified the +8 long sword "Matsiven" {flame, Fly rElec
                  | rF+ Int+3}
 74286 | Trove    | Identified the +7 chain mail of Deic {rElec Str+2}
 74497 | Slime:1  | Entered Level 1 of the Pits of Slime
 74506 | Slime:2  | Noticed Dissolution
 74512 | Slime:2  | Killed Dissolution
 74580 | Slime:5  | Entered Level 5 of the Pits of Slime
 74665 | Slime:5  | Reached XP level 27. HP: 169/205 MP: 0/0
 74665 | Slime:5  | Learned a level 9 spell: Chain Lightning
 74792 | Slime:5  | Reached skill level 15 in Shields
 74838 | Slime:5  | Found a viscous altar of Jiyva.
 74838 | Slime:5  | Noticed the Royal Jelly
 74845 | Slime:5  | Killed the Royal Jelly
 74853 | Slime:5  | Found the +8 longbow "Zephyr" {speed, Dex+3 SInv}
 74855 | Slime:5  | Found the +8 Wrath of Trog {antimagic, *Rage Rampage}
 74868 | Slime:5  | Identified the +7 scimitar "Lemixuba" {flame, Str+3}
 74895 | Slime:5  | Identified the +2 crystal plate armour of Itumuami
                  | {*Corrode +Inv Str+6}
 74897 | Slime:5  | Got a slimy rune of Zot
 74899 | Slime:5  | Got a starry gem with 200 turns to spare
 74907 | Slime:5  | Identified the +9 battleaxe of a Hundred Bones {drain, rF-
                  | Str+5 Int-5 Dex+2}
 75516 | Vaults:5 | Entered Level 5 of the Vaults
 75983 | Vaults:5 | Got a silver rune of Zot
 76118 | Vaults:5 | Noticed an ancient lich
 76127 | Vaults:5 | Killed an ancient lich
 76128 | Vaults:5 | Reached skill level 1 in Shapeshifting
 76370 | Vaults:5 | Identified the +1 robe "Pyovikuo" {rC- rN+++ Int+3 Slay-5}
 76385 | Vaults:5 | Noticed an ancient lich
 76388 | Vaults:5 | Killed an ancient lich
 76498 | Vaults:5 | Reached skill level 5 in Shapeshifting
 76595 | Vaults:5 | Identified the +11 hand axe of Daase {flame, Will- Str+7
                  | Int+4 Dex-2}
 77271 | Vaults:4 | Bought a scroll of blinking for 345 gold pieces
 77271 | Vaults:4 | Bought a potion of haste for 460 gold pieces
 77271 | Vaults:4 | Bought a scroll of fear for 184 gold pieces
 77675 | Elf:1    | Bought a manual of Stealth for 1440 gold pieces
 78110 | Depths:1 | Found a gateway to Hell.
 78134 | Depths:1 | Noticed Mumonspawn's ghost (veteran DrBe)
 78173 | Depths:1 | Found a runed translucent door.
 78458 | Depths:1 | Killed Mumonspawn's ghost
 78537 | Depths:2 | Reached skill level 10 in Stealth
 78776 | Depths:2 | Found a one-way gate leading to the halls of Pandemonium.
 79386 | Depths:2 | Identified the +1 plate armour of the Ghostly Centaur {rF+
                  | Int+2 Dex+2}
 80027 | Depths:3 | Reached skill level 10 in Shapeshifting
 80364 | Depths:3 | Found Qiythulu's Changing Room.
 80706 | Depths:4 | Entered Level 4 of the Depths
 80751 | Depths:4 | Noticed a juggernaut
 80755 | Depths:4 | Killed a juggernaut
 80841 | Depths:4 | Noticed an ancient lich
 80844 | Depths:4 | Killed an ancient lich
 80855 | Depths:4 | Found Ojoi's Jewellery Shop.
 80893 | Depths:4 | Found an opulent altar of Gozag.
 80966 | Depths:4 | Found a gate to the Realm of Zot.
 81102 | Depths:4 | Found a stormy altar of Qazlal.
 81134 | Depths:4 | Found a one-way gateway to a ziggurat.
 81377 | Zot:1    | Entered Level 1 of the Realm of Zot
 81377 | Zot:1    | Noticed a Killer Klown
 81377 | Zot:1    | Noticed an ancient lich
 81379 | Zot:1    | Killed a Killer Klown
 81380 | Zot:1    | Killed an ancient lich
 81380 | Zot:1    | Noticed a Killer Klown
 81381 | Zot:1    | Noticed a Killer Klown
 81399 | Zot:1    | Killed a Killer Klown
 81508 | Zot:1    | Reached skill level 15 in Shapeshifting
 81601 | Zot:1    | Killed a Killer Klown
 82083 | Zot:2    | Noticed Vv
 82091 | Zot:2    | Killed Vv
 82183 | Zot:2    | Noticed a Killer Klown
 82185 | Zot:2    | Killed a Killer Klown
 83341 | Zot:3    | Noticed a Killer Klown
 83345 | Zot:3    | Killed a Killer Klown
 83617 | Zot:3    | Reached skill level 10 in Armour
 83789 | Zot:3    | Noticed an orb of fire
 83797 | Zot:3    | Killed an orb of fire
 83841 | Zot:3    | Identified the +5 sling of Wosal {drain, *Corrode rPois
                  | rN+++ Int-2}
 83867 | Zot:3    | Found a runed translucent gate.
 83867 | Zot:3    | Found a runed translucent gate.
 83868 | Zot:3    | Found a runed translucent gate.
 83873 | Zot:3    | Noticed Cuehoi Muffi's ghost (legendary TeBe)
 83880 | Zot:3    | Killed Cuehoi Muffi's ghost
 84184 | Zot:4    | Noticed a Killer Klown
 84188 | Zot:4    | Killed a Killer Klown
 84253 | Zot:4    | Reached skill level 27 in Necromancy
 84585 | Zot:5    | Entered Level 5 of the Realm of Zot
 84811 | Zot:5    | Identified the +2 broad axe of the Undead {flame, rN+
                  | Int+2}
 85116 | Zot:5    | Reached skill level 27 in Spellcasting
 85116 | Zot:5    | Reached skill level 27 in Conjurations
 85116 | Zot:5    | Reached skill level 27 in Hexes
 85116 | Zot:5    | Reached skill level 27 in Summonings
 85116 | Zot:5    | Reached skill level 27 in Translocations
 85116 | Zot:5    | Reached skill level 27 in Fire Magic
 85116 | Zot:5    | Reached skill level 27 in Ice Magic
 85116 | Zot:5    | Reached skill level 27 in Air Magic
 85116 | Zot:5    | Reached skill level 27 in Earth Magic
 85116 | Zot:5    | Reached skill level 27 in Alchemy
 85167 | Zot:5    | Noticed a Killer Klown
 85169 | Zot:5    | Noticed a dread lich
 85170 | Zot:5    | Killed a Killer Klown
 85172 | Zot:5    | Killed a dread lich
 85172 | Zot:5    | Noticed a Killer Klown
 85178 | Zot:5    | Killed a Killer Klown
 85309 | Zot:5    | Noticed a Killer Klown
 85310 | Zot:5    | Noticed a Killer Klown
 85313 | Zot:5    | Killed a Killer Klown
 85314 | Zot:5    | Killed a Killer Klown
 85316 | Zot:5    | Noticed an orb of fire
 85321 | Zot:5    | Killed an orb of fire
 85329 | Zot:5    | Noticed a Killer Klown
 85348 | Zot:5    | Killed a Killer Klown
 85354 | Zot:5    | Noticed a dread lich
 85357 | Zot:5    | Killed a dread lich
 85542 | Zot:5    | Noticed an orb of fire
 85548 | Zot:5    | Killed an orb of fire
 85555 | Zot:5    | Noticed a Killer Klown
 85563 | Zot:5    | Killed a Killer Klown
 85579 | Zot:5    | Identified the +1 helmet "Agotoc" {+Inv}
 85626 | Zot:5    | Noticed a Killer Klown
 85628 | Zot:5    | Killed a Killer Klown
 85804 | Hell     | Entered the Vestibule of Hell
 85804 | Hell     | Noticed Geryon
 85808 | Hell     | Killed Geryon
 85815 | Hell     | Noticed Murray
 85824 | Hell     | Killed Murray
 85950 | Hell     | Found a gateway to the ashen valley of Gehenna.
 86045 | Hell     | Found a gateway to the decaying netherworld of Tartarus.
 86118 | Hell     | Found a gateway to the freezing wastes of Cocytus.
 86266 | Hell     | Found a gateway to the Iron City of Dis.
 87584 | Zig:1    | Entered Level 1 of a ziggurat
 87597 | Zig:2    | Entered Level 2 of a ziggurat
 87612 | Zig:3    | Entered Level 3 of a ziggurat
 87665 | Zig:4    | Entered Level 4 of a ziggurat
 87683 | Zig:4    | Identified the +7 war axe of Corruption {flame, rElec rN+
                  | Will+}
 87689 | Zig:4    | Identified the ring of the Voivode {rElec rPois Will+ Str+6
                  | Int-3}
 87696 | Zig:5    | Entered Level 5 of a ziggurat
 87717 | Zig:6    | Entered Level 6 of a ziggurat
 87804 | Zig:7    | Entered Level 7 of a ziggurat
 87831 | Zig:7    | Identified the staff of Bankruptcy {rPois rF+ rN+ Fire}
 87843 | Zig:8    | Entered Level 8 of a ziggurat
 87873 | Zig:8    | Identified the +0 robe of the Cockroach {rPois}
 87903 | Zig:9    | Entered Level 9 of a ziggurat
 87990 | Zig:9    | Identified the +6 short sword of Eternal Vigilance {venom,
                  | Int+4}
 87996 | Zig:9    | Identified the +12 trident of the Endless Expanse {holy,
                  | rPois Int+2}
 88020 | Zig:10   | Entered Level 10 of a ziggurat
 88030 | Zig:10   | Noticed a shard shrike
 88031 | Zig:10   | Noticed a shard shrike
 88032 | Zig:10   | Killed a shard shrike
 88033 | Zig:10   | Killed a shard shrike
 88047 | Zig:10   | Identified the +4 short sword of Jiatrata {holy, rF+ rN+}
 88050 | Zig:10   | Identified the +6 rapier of Wisdom {drain, *Noise rF+ Str+5
                  | Int+2}
 88097 | Zig:11   | Entered Level 11 of a ziggurat
 88122 | Zig:11   | Found the +7 great mace "Firestarter" {flame, immolate,
                  | rFlCloud rF++}
 88122 | Zig:11   | Found the +4 robe of Folly {Brill Will-∞ Int+8}
 88147 | Zig:11   | Identified the +0 flail "Zutiakhlu" {pain, Will+ Dex+3}
 88178 | Zig:12   | Entered Level 12 of a ziggurat
 88330 | Zig:12   | Identified the +2 orcbow "Demonbane" {drain, rC+ Str+3
                  | Int+2}
 88331 | Zig:12   | Identified the ring "Efup" {rC+ Str+6}
 88363 | Zig:13   | Entered Level 13 of a ziggurat
 88382 | Zig:13   | Noticed Buxkuff the pandemonium lord
 88384 | Zig:13   | Killed Buxkuff the pandemonium lord
 88425 | Zig:13   | Identified the +2 ring mail of Orthodoxy {rC+ rN+}
 88430 | Zig:13   | Identified the +2 hand axe of Qawk {spect, rPois rF- Int+2}
 88432 | Zig:13   | Identified the +7 mace "Mokkeuzud" {antimagic, rF+ rC+
                  | Str+3}
 88483 | Zig:14   | Entered Level 14 of a ziggurat
 88552 | Zig:14   | Noticed an ancient lich
 88553 | Zig:14   | Noticed a dread lich
 88555 | Zig:14   | Killed an ancient lich
 88556 | Zig:14   | Killed a dread lich
 88557 | Zig:14   | Found the +0 mask of the Dragon {Will+ Slay+3 SInv}
 88561 | Zig:14   | Found the +3 salamander hide armour {Flames, rFlCloud rF++
                  | rC--}
 88637 | Zig:15   | Entered Level 15 of a ziggurat
 88713 | Zig:15   | Found the amulet of the Four Winds {rN+ Will+++ Clar}
 88727 | Zig:15   | Identified the +9 flail of the Real Monster {venom, Fly
                  | rElec rF+ Will+ Dex-3}
 88731 | Zig:15   | Gained mutation: Armour fits poorly on your strangely
                  | shaped body. [potion of mutation]
 88732 | Zig:15   | Lost mutation: Armour fits poorly on your strangely shaped
                  | body. [potion of mutation]
 88732 | Zig:15   | Gained mutation: Your mind is acute. (Int +4, Str/Dex -1)
                  | [potion of mutation]
 88732 | Zig:15   | Gained mutation: You are somewhat resistant to further
                  | mutation. [potion of mutation]
 88733 | Zig:15   | Lost mutation: Your mind is acute. (Int +4, Str/Dex -1)
                  | [potion of mutation]
 88733 | Zig:15   | Lost mutation: You are somewhat resistant to further
                  | mutation. [potion of mutation]
 88733 | Zig:15   | Gained mutation: You have sharp fingernails. [potion of
                  | mutation]
 88733 | Zig:15   | Gained mutation: Your mind is acute. (Int +4, Str/Dex -1)
                  | [potion of mutation]
 88733 | Zig:15   | Gained mutation: You are frail. (-10% HP) [potion of
                  | mutation]
 88733 | Zig:15   | Gained mutation: You have supernaturally acute eyesight.
                  | (SInv) [potion of mutation]
 88734 | Zig:15   | Lost mutation: Your mind is acute. (Int +4, Str/Dex -1)
                  | [potion of mutation]
 88734 | Zig:15   | Lost mutation: You have supernaturally acute eyesight.
                  | (SInv) [potion of mutation]
 88734 | Zig:15   | Gained mutation: You are agile. (Dex +4, Str/Int -1)
                  | [potion of mutation]
 88735 | Zig:15   | Lost mutation: You are frail. (-10% HP) [potion of
                  | mutation]
 88735 | Zig:15   | Lost mutation: You are agile. (Dex +4, Str/Int -1) [potion
                  | of mutation]
 88735 | Zig:15   | Gained mutation: You have hidden genetic potential. [potion
                  | of mutation]
 88735 | Zig:15   | Gained mutation: You are frail. (-10% HP) [potion of
                  | mutation]
 88735 | Zig:15   | Gained mutation: Your flesh is almost immune to the effects
                  | of heat. (rF+++) [potion of mutation]
 88735 | Zig:15   | Gained mutation: You are partially covered in iridescent
                  | scales. (AC +2) [potion of mutation]
 88736 | Zig:15   | Lost mutation: You are partially covered in iridescent
                  | scales. (AC +2) [potion of mutation]
 88736 | Zig:15   | Lost mutation: You are frail. (-10% HP) [potion of
                  | mutation]
 88736 | Zig:15   | Lost mutation: You have sharp fingernails. [potion of
                  | mutation]
 88736 | Zig:15   | Gained mutation: You are robust. (+10% HP) [potion of
                  | mutation]
 88736 | Zig:15   | Gained mutation: You are strong-willed. (Will+) [potion of
                  | mutation]
 88794 | Zig:16   | Entered Level 16 of a ziggurat
 88854 | Zig:16   | Identified the amulet of the Establishment {Faith +Blink}
 88857 | Zig:16   | Identified the staff "Leqilyh" {+Blink rElec Air}
 88858 | Zig:16   | Identified the staff "Nemapt" {rF+ Int+2 Fire}
 88894 | Zig:17   | Entered Level 17 of a ziggurat
 88948 | Zig:17   | Found the +8 autumn katana {manifold assault}
 88968 | Zig:17   | Identified the +4 helmet of Watchfulness {rElec Str+3}
 89056 | Zig:18   | Entered Level 18 of a ziggurat
 89106 | Zig:18   | Killed an ancient lich
 89219 | Zig:19   | Entered Level 19 of a ziggurat
 89243 | Zig:19   | Noticed Sauhys Yskim the pandemonium lord
 89251 | Zig:19   | Killed Sauhys Yskim the pandemonium lord
 89293 | Zig:19   | Identified the ring "Ufejom" {Str+2 Slay+4}
 89305 | Zig:19   | Identified the +5 war axe "Ithiuzec" {pain, rF++ Int-4
                  | Dex+3}
 89307 | Zig:19   | Identified the +1 rapier "Kiew" {protect, *Noise rPois rC-
                  | MP+9}
 89367 | Zig:20   | Entered Level 20 of a ziggurat
 89450 | Zig:20   | Found the +5 glaive of the Guard {elec, spectral}
 89473 | Zig:20   | Identified the +4 war axe of the Skies Above {freeze, rC-
                  | Str+6}
 89548 | Zig:21   | Entered Level 21 of a ziggurat
 89688 | Zig:21   | Identified the ring of Jivaunoo {Int+2 Dex+6 Stlth+}
 89699 | Zig:21   | Identified the staff of Corpus Delicti {rF+ MP+9 Stlth+
                  | Fire}
 89707 | Zig:21   | Identified the amulet of Ymal {Spirit rF- Dex+3 Slay+2
                  | SInv}
 89752 | Zig:22   | Entered Level 22 of a ziggurat
 89795 | Zig:22   | Reached skill level 27 in Fighting
 89847 | Zig:22   | Reached skill level 5 in Throwing
 89934 | Zig:22   | Identified the +1 morningstar "Wiwn" {holy, Will+ Str+2}
 89937 | Zig:22   | Identified the staff "Atilif" {rElec MP+9 Int+3 Air}
 89951 | Zig:22   | Identified the amulet of Orragg {Spirit +Blink Fly rElec
                  | rCorr Dex-3}
 89960 | Zig:22   | Identified the +5 broad axe of Bloody Death {spect, rPois
                  | rC+}
 89966 | Zig:22   | Identified the death talisman of Haebull {Will+}
 89982 | Zig:22   | Identified the amulet "Riuwihog" {Spirit rPois rC++}
 89986 | Zig:22   | Identified the dragon-blood talisman "Ochef" {Dex+5}
 89987 | Zig:22   | Identified the +4 flail of the Valley of Death {venom, rC+
                  | rN+ Dex-2 SInv}
 90015 | Zig:23   | Entered Level 23 of a ziggurat
 90095 | Zig:23   | Identified the ring of Kohukhlyi {rF+ Str+3}
 90106 | Zig:23   | Identified the staff of Joyful Slaughter {rC+ Str+4 Ice}
 90149 | Zig:24   | Entered Level 24 of a ziggurat
 90173 | Zig:24   | Reached skill level 10 in Throwing
 90259 | Zig:24   | Found the +10 dark maul {heavy}
 90288 | Zig:24   | Identified the +0 orcbow of Paveph {drain, rF+ Str-3 Int+5}
 90293 | Zig:24   | Identified the amulet of the Turtle {Faith rElec rPois}
 90325 | Zig:24   | Identified the +10 quarterstaff of the Unliving {venom,
                  | +Blink Will+ Str+6}
 90367 | Zig:25   | Entered Level 25 of a ziggurat
 90392 | Zig:25   | Noticed an ancient lich
 90394 | Zig:25   | Killed an ancient lich
 90398 | Zig:25   | Killed an ancient lich
 90400 | Zig:25   | Noticed an ancient lich
 90401 | Zig:25   | Killed an ancient lich
 90407 | Zig:25   | Noticed an ancient lich
 90408 | Zig:25   | Killed a dread lich
 90409 | Zig:25   | Noticed a dread lich
 90410 | Zig:25   | Noticed an ancient lich
 90410 | Zig:25   | Noticed an ancient lich
 90411 | Zig:25   | Killed an ancient lich
 90411 | Zig:25   | Killed a dread lich
 90412 | Zig:25   | Killed an ancient lich
 90413 | Zig:25   | Killed an ancient lich
 90474 | Zig:25   | Identified the +6 mace of Terror {venom, *Rage rElec rCorr
                  | Stlth+}
 90508 | Zig:25   | Identified the ring "Yshul" {Ice Dex+3}
 90511 | Zig:25   | Identified the +3 shortbow of Etier {speed, rC+ Will- rCorr
                  | Dex+4}
 90607 | Zig:25   | Reached skill level 15 in Throwing
 90611 | Zig:26   | Entered Level 26 of a ziggurat
 90688 | Zig:26   | Gained mutation: You have a pair of small horns on your
                  | head. [hidden potential]
 90688 | Zig:26   | Lost mutation: You have hidden genetic potential. [hidden
                  | potential expressed]
 90861 | Zig:26   | Lost mutation: You have a pair of small horns on your head.
                  | [potion of mutation]
 90861 | Zig:26   | Lost mutation: Your flesh is almost immune to the effects
                  | of heat. (rF+++) [potion of mutation]
 90861 | Zig:26   | Lost mutation: You are robust. (+10% HP) [potion of
                  | mutation]
 90861 | Zig:26   | Gained mutation: You occasionally shout uncontrollably at
                  | your foes. [potion of mutation]
 90861 | Zig:26   | Gained mutation: You have hidden genetic potential. [potion
                  | of mutation]
 90862 | Zig:26   | Lost mutation: You have hidden genetic potential. [potion
                  | of mutation]
 90862 | Zig:26   | Lost mutation: You are strong-willed. (Will+) [potion of
                  | mutation]
 90862 | Zig:26   | Gained mutation: You are partially covered in iridescent
                  | scales. (AC +2) [potion of mutation]
 90863 | Zig:26   | Lost mutation: You are partially covered in iridescent
                  | scales. (AC +2) [potion of mutation]
 90863 | Zig:26   | Lost mutation: You occasionally shout uncontrollably at
                  | your foes. [potion of mutation]
 90863 | Zig:26   | Gained mutation: You are partially covered in iridescent
                  | scales. (AC +2) [potion of mutation]
 90863 | Zig:26   | Gained mutation: You are agile. (Dex +4, Str/Int -1)
                  | [potion of mutation]
 90864 | Zig:26   | Lost mutation: You are agile. (Dex +4, Str/Int -1) [potion
                  | of mutation]
 90864 | Zig:26   | Lost mutation: You are partially covered in iridescent
                  | scales. (AC +2) [potion of mutation]
 90864 | Zig:26   | Gained mutation: Your mind is acute. (Int +4, Str/Dex -1)
                  | [potion of mutation]
 90864 | Zig:26   | Gained mutation: You are frail. (-10% HP) [potion of
                  | mutation]
 90864 | Zig:26   | Gained mutation: You are agile. (Dex +4, Str/Int -1)
                  | [potion of mutation]
 90864 | Zig:26   | Gained mutation: You passively dampen the noise of your
                  | surroundings. [potion of mutation]
 90865 | Zig:26   | Lost mutation: You are frail. (-10% HP) [potion of
                  | mutation]
 90865 | Zig:26   | Lost mutation: Your mind is acute. (Int +4, Str/Dex -1)
                  | [potion of mutation]
 90865 | Zig:26   | Lost mutation: You are agile. (Dex +4, Str/Int -1) [potion
                  | of mutation]
 90865 | Zig:26   | Gained mutation: You have a pair of small antennae on your
                  | head. [potion of mutation]
 90865 | Zig:26   | Gained mutation: You possess an exceptional clarity of
                  | mind. [potion of mutation]
 90865 | Zig:26   | Gained mutation: You are somewhat resistant to further
                  | mutation. [potion of mutation]
 90866 | Zig:26   | Lost mutation: You have a pair of small antennae on your
                  | head. [potion of mutation]
 90866 | Zig:26   | Lost mutation: You possess an exceptional clarity of mind.
                  | [potion of mutation]
 90866 | Zig:26   | Gained mutation: You are agile. (Dex +4, Str/Int -1)
                  | [potion of mutation]
 90877 | Zig:27   | Entered Level 27 of a ziggurat
 90962 | Zig:27   | Noticed a dread lich
 90965 | Zig:27   | Killed a dread lich
 91053 | Zig:27   | Identified the +1 whip of Gozag's Anger {elec, SInv}
 91054 | Zig:27   | Identified the +1 robe of Eczysuett {Str+4 Int+3}
 91057 | Zig:27   | Identified the ring of Xilapseu {Fly rPois rC+ Int+6}
 91083 | Zig:27   | Identified the +10 spear of Ragnarok {freeze, rElec Str+6
                  | Int-2 Stlth-}
 91313 | Pan      | Entered Pandemonium
 91316 | Pan      | Got a demonic rune of Zot
 91365 | Pan      | Identified the +5 chain mail of Rotation {+Inv Stlth+}
 91454 | Pan      | Acquired a manual of Armour
 91535 | Pan      | Entered the realm of Mnoleg.
 91576 | Pan      | Noticed Mnoleg
 91583 | Pan      | Killed Mnoleg
 91629 | Pan      | Identified the +0 leather armour of Hedonism {Rampage
                  | +Blink Will+}
 91654 | Pan      | Got a glowing rune of Zot
 91872 | Pan      | Noticed Meobrydet the pandemonium lord
 91874 | Pan      | Killed Meobrydet the pandemonium lord
 91913 | Pan      | Identified the +12 war axe "Grim" {freeze, rElec Will-
                  | rCorr SInv}
 91932 | Pan      | Noticed Narievig the pandemonium lord
 91935 | Pan      | Killed Narievig the pandemonium lord
 91971 | Pan      | Entered the realm of Gloorx Vloq.
 92078 | Pan      | Noticed Gloorx Vloq
 92084 | Pan      | Killed Gloorx Vloq
 92093 | Pan      | Got a dark rune of Zot
 92245 | Pan      | Entered the realm of Cerebov.
 92252 | Pan      | Identified the +1 ring mail of the Blue God {rF++}
 92254 | Pan      | Identified the staff "Gastasik" {rF+ rN+ MP-9 Int+5 Fire
                  | Ice}
 92280 | Pan      | Found the +6 sword of Cerebov {flame}
 92280 | Pan      | Noticed Cerebov
 92293 | Pan      | Reached skill level 15 in Stealth
 92296 | Pan      | Killed Cerebov
 92334 | Pan      | Identified the +1 spear of Peept {venom, rF- rC+ Dex+3
                  | SInv}
 92371 | Pan      | Got a fiery rune of Zot
 92464 | Pan      | Noticed Ignacio
 92468 | Pan      | Killed Ignacio
 92520 | Pan      | Found an exit through the horrors of the Abyss.
 92594 | Pan      | Found a huge runed translucent gate.
 92599 | Pan      | Found a huge runed translucent gate.
 92600 | Pan      | Found a huge runed translucent gate.
 92600 | Pan      | Found a huge runed translucent gate.
 92600 | Pan      | Found a huge runed translucent gate.
 92600 | Pan      | Found a huge runed translucent gate.
 92601 | Pan      | Found a huge runed translucent gate.
 92605 | Pan      | Noticed Jawex the pandemonium lord
 92610 | Pan      | Killed Jawex the pandemonium lord
 92627 | Pan      | Reached skill level 15 in Armour
 92634 | Pan      | Identified the +4 morningstar of the Pure Persimmons
                  | {freeze, rF+ Int+3}
 92639 | Pan      | Noticed Cati the pandemonium lord
 92641 | Pan      | Killed Cati the pandemonium lord
 92678 | Pan      | Entered the realm of Lom Lobon.
 92797 | Pan      | Noticed Lom Lobon
 92816 | Pan      | Killed Lom Lobon
 92848 | Pan      | Got a magical rune of Zot
 93182 | Pan      | Noticed Ymeelolo the pandemonium lord
 93188 | Pan      | Killed Ymeelolo the pandemonium lord
 93225 | Pan      | Found an exit through the horrors of the Abyss.
 93235 | Pan      | Took an exit into the Abyss.
 93235 | Abyss:3  | Escaped into the Abyss
 93235 | Abyss:3  | Found a corrupted altar of Lugonu.
 93254 | Depths:2 | Escaped the Abyss
 93670 | Tomb:1   | Entered Level 1 of the Tomb of the Ancients
 93678 | Tomb:1   | Noticed a royal mummy
 93683 | Tomb:1   | Killed a royal mummy
 93692 | Tomb:1   | Noticed a royal mummy
 93696 | Tomb:1   | Killed a royal mummy
 93776 | Tomb:2   | Noticed a royal mummy
 93778 | Tomb:2   | Noticed a royal mummy
 93778 | Tomb:2   | Noticed a royal mummy
 93781 | Tomb:2   | Killed a royal mummy
 93781 | Tomb:2   | Noticed a royal mummy
 93784 | Tomb:2   | Killed a royal mummy
 93786 | Tomb:2   | Killed a royal mummy
 93787 | Tomb:2   | Identified the +0 war axe of Iconoclasm {venom, *Rage
                  | Dex+7}
 93789 | Tomb:2   | Killed a royal mummy
 93849 | Tomb:1   | Noticed a royal mummy
 93849 | Tomb:1   | Noticed a royal mummy
 93849 | Tomb:1   | Noticed a royal mummy
 93849 | Tomb:1   | Noticed a royal mummy
 93853 | Tomb:1   | Killed a royal mummy
 93855 | Tomb:1   | Killed a royal mummy
 93856 | Tomb:1   | Killed a royal mummy
 93857 | Tomb:1   | Killed a royal mummy
 93865 | Tomb:1   | Noticed a royal mummy
 93867 | Tomb:1   | Killed a royal mummy
 93891 | Tomb:1   | Noticed a royal mummy
 93894 | Tomb:1   | Killed a royal mummy
 93897 | Tomb:1   | Noticed a royal mummy
 93899 | Tomb:1   | Killed a royal mummy
 93920 | Tomb:1   | Noticed a royal mummy
 93929 | Tomb:1   | Killed a royal mummy
 93931 | Tomb:1   | Noticed a royal mummy
 93933 | Tomb:1   | Killed a royal mummy
 93934 | Tomb:1   | Noticed a royal mummy
 93937 | Tomb:1   | Killed a royal mummy
 93952 | Tomb:1   | Noticed a royal mummy
 93955 | Tomb:1   | Killed a royal mummy
 93958 | Tomb:1   | Noticed a royal mummy
 93960 | Tomb:1   | Killed a royal mummy
 93961 | Tomb:1   | Reached skill level 27 in Evocations
 93977 | Tomb:1   | Noticed a royal mummy
 93981 | Tomb:1   | Killed a royal mummy
 94036 | Tomb:3   | Entered Level 3 of the Tomb of the Ancients
 94048 | Tomb:3   | Noticed a royal mummy
 94051 | Tomb:3   | Killed a royal mummy
 94054 | Tomb:3   | Noticed a royal mummy
 94054 | Tomb:3   | Noticed a royal mummy
 94055 | Tomb:3   | Noticed a royal mummy
 94057 | Tomb:3   | Killed a royal mummy
 94057 | Tomb:3   | Killed a royal mummy
 94059 | Tomb:3   | Killed a royal mummy
 94066 | Tomb:3   | Noticed a royal mummy
 94068 | Tomb:3   | Killed a royal mummy
 94069 | Tomb:3   | Noticed a royal mummy
 94071 | Tomb:3   | Killed a royal mummy
 94079 | Tomb:3   | Found the +0 pair of gloves of the gadgeteer {Gadgeteer
                  | Wandboost ^Fragile}
 94098 | Tomb:3   | Identified the +5 tower shield of Sunlight {Will+}
 94105 | Tomb:3   | Identified the +5 dagger of the Lamprey {venom, rElec rF+
                  | rC- Str+3}
 94106 | Tomb:3   | Identified the staff "Worm" {rElec Air Alchemy}
 94108 | Tomb:3   | Identified the +6 short sword of the Median {heavy, rPois
                  | Will+ Stlth+}
 94113 | Tomb:3   | Noticed a royal mummy
 94117 | Tomb:3   | Killed a royal mummy
 94131 | Tomb:3   | Noticed a royal mummy
 94150 | Tomb:3   | Noticed a royal mummy
 94152 | Tomb:3   | Killed a royal mummy
 94154 | Tomb:3   | Killed a royal mummy
 94166 | Tomb:3   | Got a sanguine gem with 1239 turns to spare
 94168 | Tomb:3   | Got a golden rune of Zot
 94746 | Dis:1    | Entered Level 1 of the Iron City of Dis
 95054 | Dis:5    | Killed an ancient lich
 95319 | Dis:7    | Entered Level 7 of the Iron City of Dis
 95574 | Dis:7    | Identified the +7 mace of the Wraith {flame, Fly Stlth+}
 95689 | Dis:7    | Identified the +8 morningstar of the Asp {speed, rElec}
 95700 | Dis:7    | Identified the +1 leather armour of Valiance {Int+4}
 95906 | Dis:7    | Noticed Dispater
 95927 | Dis:7    | Killed Dispater
 95942 | Dis:7    | Identified the +3 quarterstaff of the Candle {venom, Int+3}
 95944 | Dis:7    | Got an iron rune of Zot
 96017 | Coc:1    | Entered Level 1 of Cocytus
 96108 | Coc:2    | Noticed a shard shrike
 96119 | Coc:3    | Noticed a shard shrike
 96120 | Coc:3    | Killed a shard shrike
 96121 | Coc:3    | Noticed a shard shrike
 96123 | Coc:3    | Killed a shard shrike
 96178 | Coc:4    | Noticed a shard shrike
 96179 | Coc:4    | Noticed a shard shrike
 96180 | Coc:4    | Killed a shard shrike
 96180 | Coc:4    | Killed a shard shrike
 96273 | Coc:6    | Noticed a shard shrike
 96274 | Coc:6    | Noticed a shard shrike
 96274 | Coc:6    | Noticed a shard shrike
 96277 | Coc:6    | Killed a shard shrike
 96277 | Coc:6    | Killed a shard shrike
 96278 | Coc:6    | Killed a shard shrike
 96293 | Coc:6    | Noticed a shard shrike
 96294 | Coc:6    | Killed a shard shrike
 96296 | Coc:6    | Noticed a shard shrike
 96298 | Coc:6    | Noticed a shard shrike
 96300 | Coc:6    | Killed a shard shrike
 96302 | Coc:6    | Killed a shard shrike
 96302 | Coc:6    | Paralysed by a wendigo for 1 turns
 96304 | Coc:6    | Noticed a shard shrike
 96307 | Coc:6    | Killed a shard shrike
 96371 | Coc:7    | Entered Level 7 of Cocytus
 96465 | Coc:7    | Identified the +1 pair of gloves "Ranierec" {rPois rCorr
                  | Int+4}
 96592 | Coc:7    | Identified the ring of Isut {rElec AC+4 Slay-5 SInv}
 96686 | Coc:7    | Upgraded the game from 0.32-a0-572-g3e1049b to
                  | 0.32-a0-576-g706899e
 96694 | Coc:7    | Noticed Antaeus
 96702 | Coc:7    | Killed Antaeus
 96718 | Coc:7    | Identified the ring "Qibbinob" {Fire rElec Str+2}
 96722 | Coc:7    | Got an icy rune of Zot
 96723 | Coc:7    | Identified the +8 dagger of Zoisues {antimagic, rElec
                  | Int+3}
 96816 | Tar:1    | Entered Level 1 of Tartarus
 97054 | Tar:3    | Noticed an ancient lich
 97060 | Tar:3    | Noticed a dread lich
 97061 | Tar:3    | Killed an ancient lich
 97061 | Tar:3    | Noticed a royal mummy
 97066 | Tar:3    | Killed a dread lich
 97074 | Tar:3    | Killed a royal mummy
 97163 | Tar:7    | Entered Level 7 of Tartarus
 97265 | Tar:7    | Identified the +2 arbalest "Orb Guardian's Regret" {penet,
                  | rN+ SInv Stlth+}
 97273 | Tar:7    | Identified the staff of the Equinox {rPois rC- rCorr Int+5
                  | Conj}
 97435 | Tar:7    | Identified the +0 chain mail of Nooliedd {rElec rPois rC+
                  | Dex-4}
 97743 | Tar:7    | Noticed Ereshkigal
 97750 | Tar:7    | Killed Ereshkigal
 97765 | Tar:7    | Got a bone rune of Zot
 97867 | Geh:1    | Entered Level 1 of Gehenna
 98207 | Geh:7    | Entered Level 7 of Gehenna
 98255 | Geh:7    | Noticed the Serpent of Hell
 98262 | Geh:7    | Killed the Serpent of Hell
 98509 | Geh:7    | Found the +13 sceptre of Asmodeus
 98509 | Geh:7    | Noticed Asmodeus
 98516 | Geh:7    | Killed Asmodeus
 98531 | Geh:7    | Got an obsidian rune of Zot
 99425 | Zig:1    | Entered Level 1 of a ziggurat
 99438 | Zig:2    | Entered Level 2 of a ziggurat
 99452 | Zig:3    | Entered Level 3 of a ziggurat
 99469 | Zig:3    | Identified the +3 quarterstaff "Qiobuwk" {elec, Dex+3}
 99470 | Zig:3    | Identified the +0 ice dragon scales "Haojerr" {rF- rC++ rN+
                  | Regen+ SInv}
 99473 | Zig:4    | Entered Level 4 of a ziggurat
 99497 | Zig:5    | Entered Level 5 of a ziggurat
 99518 | Zig:5    | Identified the ring of Qyrimn {Int+2 Slay+3 SInv Stlth+}
 99524 | Zig:6    | Entered Level 6 of a ziggurat
 99536 | Zig:6    | Found the +4 skin of Zhor {*Englaciate rC+++ SInv}
 99546 | Zig:6    | Identified the amulet "Ifameoti" {Spirit Str+2 Dex+7}
 99549 | Zig:6    | Identified the ring "Yrutes" {rPois AC+4 Dex+4}
 99553 | Zig:7    | Entered Level 7 of a ziggurat
 99559 | Zig:7    | Noticed a dread lich
 99562 | Zig:7    | Killed a dread lich
 99572 | Zig:7    | Killed an ancient lich
 99578 | Zig:7    | Identified the ring "Hoinak" {rC+ Int+6}
 99601 | Zig:8    | Entered Level 8 of a ziggurat
 99611 | Zig:8    | Noticed a royal mummy
 99614 | Zig:8    | Killed a royal mummy
 99621 | Zig:8    | Found the +9 sword of Zonguldrok {reap}
 99646 | Zig:8    | Identified the +8 plate armour of the Monkey {-Cast rCorr
                  | Str+2 Dex+3}
 99653 | Zig:9    | Entered Level 9 of a ziggurat
 99662 | Zig:9    | Noticed a Killer Klown
 99662 | Zig:9    | Noticed Xiry the pandemonium lord
 99662 | Zig:9    | Noticed Siki the pandemonium lord
 99662 | Zig:9    | Noticed Liydios the pandemonium lord
 99662 | Zig:9    | Noticed Quinaoq the pandemonium lord
 99664 | Zig:9    | Killed Liydios the pandemonium lord
 99664 | Zig:9    | Killed a Killer Klown
 99664 | Zig:9    | Noticed Axyuvur the pandemonium lord
 99665 | Zig:9    | Noticed a Killer Klown
 99665 | Zig:9    | Killed Siki the pandemonium lord
 99665 | Zig:9    | Killed Xiry the pandemonium lord
 99666 | Zig:9    | Killed a Killer Klown
 99667 | Zig:9    | Killed Axyuvur the pandemonium lord
 99667 | Zig:9    | Killed Quinaoq the pandemonium lord
 99689 | Zig:9    | Identified the +0 morningstar "Bouttaro" {flame, Dex+4}
 99706 | Zig:10   | Entered Level 10 of a ziggurat
 99746 | Zig:10   | Identified the ring "Weapauru" {Fly Int-5 Dex+7}
 99755 | Zig:11   | Entered Level 11 of a ziggurat
 99800 | Zig:11   | Identified the +3 chain mail of Trumpets {Int+3}
 99822 | Zig:12   | Entered Level 12 of a ziggurat
 99833 | Zig:12   | Killed Yvoun the pandemonium lord
 99865 | Zig:12   | Identified the +9 short sword "Kalu" {drain, Str+4 Int-5}
 99915 | Zig:13   | Entered Level 13 of a ziggurat
 99992 | Zig:13   | Noticed a Killer Klown
 99992 | Zig:13   | Noticed Enuxant the pandemonium lord
 99992 | Zig:13   | Noticed a Killer Klown
 99995 | Zig:13   | Killed a Killer Klown
 99995 | Zig:13   | Killed a Killer Klown
 99995 | Zig:13   | Noticed Itinil the pandemonium lord
 99995 | Zig:13   | Noticed Ugarovob the pandemonium lord
 99996 | Zig:13   | Noticed a Killer Klown
 99997 | Zig:13   | Killed Enuxant the pandemonium lord
 99998 | Zig:13   | Noticed Coropiut the pandemonium lord
 99999 | Zig:13   | Noticed Guhuonul the pandemonium lord
 99999 | Zig:13   | Killed a Killer Klown
 99999 | Zig:13   | Killed Guhuonul the pandemonium lord
 99999 | Zig:13   | Noticed Daigh the pandemonium lord
100000 | Zig:13   | Killed Itinil the pandemonium lord
100000 | Zig:13   | Noticed Medenaa the pandemonium lord
100002 | Zig:13   | Killed Ugarovob the pandemonium lord
100003 | Zig:13   | Killed Daigh the pandemonium lord
100003 | Zig:13   | Killed Medenaa the pandemonium lord
100004 | Zig:13   | Killed Coropiut the pandemonium lord
100032 | Zig:13   | Identified the +0 leather armour of Decompression {rPois
                  | rC- Str+2 Int+7}
100044 | Zig:13   | Identified the +5 plate armour of Udoyf {Harm Str+6}
100074 | Zig:14   | Entered Level 14 of a ziggurat
100086 | Zig:14   | Noticed a royal mummy
100088 | Zig:14   | Killed a royal mummy
100091 | Zig:14   | Noticed a royal mummy
100092 | Zig:14   | Noticed a royal mummy
100093 | Zig:14   | Killed a royal mummy
100096 | Zig:14   | Killed a royal mummy
100097 | Zig:14   | Noticed a royal mummy
100099 | Zig:14   | Killed a royal mummy
100107 | Zig:14   | Reached skill level 27 in Throwing
100114 | Zig:14   | Identified the +6 whip "Muzeukh" {flame, rN+++ MP+9 Int-4
                  | Dex-5}
100167 | Zig:15   | Entered Level 15 of a ziggurat
100183 | Zig:15   | Noticed a dread lich
100185 | Zig:15   | Killed a dread lich
100185 | Zig:15   | Noticed an ancient lich
100187 | Zig:15   | Noticed an ancient lich
100189 | Zig:15   | Killed an ancient lich
100189 | Zig:15   | Noticed an ancient lich
100190 | Zig:15   | Reached skill level 27 in Dodging
100192 | Zig:15   | Noticed an ancient lich
100193 | Zig:15   | Killed an ancient lich
100193 | Zig:15   | Killed an ancient lich
100196 | Zig:15   | Killed an ancient lich
100213 | Zig:15   | Identified the +5 broad axe "Impslayer" {heavy, rF+ Str+2
                  | Stlth+}
100216 | Zig:15   | Identified the +5 great sword of Karma {drain, rElec}
100220 | Zig:15   | Identified the +10 orcbow of the Heart {heavy, SInv}
100222 | Zig:15   | Identified the +5 morningstar of Sandy Judgement
                  | {antimagic, *Corrode rElec rPois rN+}
100239 | Zig:15   | Identified the ring of Peomuss {^Drain Fly rC+ Dex+2}
100279 | Zig:15   | Acquired a manual of Axes
100281 | Zig:15   | Acquired a manual of Long Blades
100299 | Zig:16   | Entered Level 16 of a ziggurat
100329 | Zig:16   | Reached skill level 27 in Armour
100330 | Zig:16   | Reached skill level 1 in Axes
100357 | Zig:16   | Identified the amulet "Xituges" {rC+ rN+ Will+ RegenMP+}
100366 | Zig:16   | Identified the +7 war axe of the Ghost {antimagic, Stlth+}
100368 | Zig:16   | Identified the +5 hand cannon "Reonk" {speed, ^Fragile
                  | Will+ rCorr Int+2}
100370 | Zig:16   | Identified the amulet of Tabralem {Spirit Harm rElec Str-4
                  | Dex+6}
100378 | Zig:16   | Identified the +2 ring mail "Wyadd" {rF+}
100419 | Zig:17   | Entered Level 17 of a ziggurat
100436 | Zig:17   | Noticed a shard shrike
100437 | Zig:17   | Noticed a shard shrike
100437 | Zig:17   | Noticed a shard shrike
100438 | Zig:17   | Killed a shard shrike
100440 | Zig:17   | Killed a shard shrike
100442 | Zig:17   | Noticed a shard shrike
100444 | Zig:17   | Killed a shard shrike
100444 | Zig:17   | Killed a shard shrike
100445 | Zig:17   | Reached skill level 10 in Axes
100465 | Zig:17   | Identified the +3 leather armour of Shielding {rPois}
100467 | Zig:17   | Identified the +1 long sword "Qoim" {speed, rF+ Will+ Dex-2
                  | Stlth+}
100549 | Zig:18   | Entered Level 18 of a ziggurat
100580 | Zig:18   | Reached skill level 15 in Axes
100618 | Zig:18   | Identified the ring "Rof Bat" {Fly rPois Int+3}
100620 | Zig:18   | Identified the +8 long sword of Setsowu {chaos, Int+3}
100622 | Zig:18   | Identified the staff "Myrosm" {rF+ Earth Alchemy}
100659 | Zig:19   | Entered Level 19 of a ziggurat
100724 | Zig:19   | Identified the staff of Paogul {rElec rF- rN+++ rCorr Dex-5
                  | Air}
100730 | Zig:19   | Identified the staff of Light {rF+ Str-3 Hexes Fire Air
                  | Earth}
100741 | Zig:19   | Identified the +3 great sword of Saltpetre {antimagic,
                  | rCorr Stlth+}
100746 | Zig:19   | Identified the +5 rapier of Piacs {freeze, Dex+6}
100747 | Zig:19   | Identified the +9 mace "Gutuyly" {freeze, rF+ rC+ Will-
                  | Str+3}
100799 | Zig:20   | Entered Level 20 of a ziggurat
100819 | Zig:20   | Noticed an ancient lich
100823 | Zig:20   | Killed an ancient lich
100823 | Zig:20   | Noticed a dread lich
100825 | Zig:20   | Killed a dread lich
100828 | Zig:20   | Noticed a dread lich
100829 | Zig:20   | Killed a dread lich
100829 | Zig:20   | Noticed an ancient lich
100831 | Zig:20   | Killed an ancient lich
100835 | Zig:20   | Killed an ancient lich
100885 | Zig:20   | Identified the staff "Buc Doum" {Fly rC+ Int+2 Dex+3 Ice
                  | Earth}
100893 | Zig:20   | Identified the staff of Gizices {rElec rC+ Will+ Stlth+
                  | Summ Air}
100913 | Zig:20   | Identified the +2 great sword of the Puffin {venom,
                  | *Corrode rPois Str+2 SInv}
100914 | Zig:20   | Identified the +1 robe of Death Resistance {Fly Int+5}
100923 | Zig:20   | Identified the staff "Hosafu" {^Contam Dex+7 Tloc Earth}
100973 | Zig:21   | Entered Level 21 of a ziggurat
101069 | Zig:21   | Found the +7 hand cannon "Mule" {flame, backblast, rF+}
101082 | Zig:21   | Identified the +3 bardiche of the Hidden Ziggurats {freeze,
                  | Dex+2}
101166 | Zig:22   | Entered Level 22 of a ziggurat
101218 | Zig:22   | Identified the +3 leather armour of the Moon {+Blink}
101288 | Zig:23   | Entered Level 23 of a ziggurat
101293 | Zig:23   | Noticed a dread lich
101301 | Zig:23   | Killed a dread lich
101349 | Zig:23   | Noticed a dread lich
101349 | Zig:23   | Noticed a royal mummy
101354 | Zig:23   | Killed a royal mummy
101357 | Zig:23   | Killed a dread lich
101419 | Zig:23   | Found the +2 pair of slick slippers {slick, slippery, EV+4}
101424 | Zig:23   | Identified the +7 scale mail of Beyond {Fly rElec Will+
                  | Stlth+}
101428 | Zig:23   | Identified the staff of Jawk {rC+ Str+3 Ice}
101430 | Zig:23   | Identified the death talisman "Ipsung" {rF++ Str+5 Dex-4}
101440 | Zig:23   | Identified the +5 arbalest of the Forgotten Curses {freeze,
                  | rElec Int+3}
101449 | Zig:23   | Identified the ring of Tuaxobir {rN+ Dex+7}
101459 | Zig:23   | Identified the +0 cloak of Trial and Error {rN+ Dex+2}
101463 | Zig:23   | Identified the amulet of Happiness {Reflect +Blink rPois
                  | Will- Str-3 SH+5}
101487 | Zig:24   | Entered Level 24 of a ziggurat
101672 | Zig:25   | Entered Level 25 of a ziggurat
101816 | Zig:25   | Identified the +13 plate armour "Ucvuicin" {rElec Str+8}
101827 | Zig:25   | Identified the +1 ring mail "Ecloas" {Str+3 Stlth+}
101840 | Zig:25   | Identified the ring of Nypib {rElec rF+ rC+ rCorr Int+2}
101847 | Zig:25   | Reached skill level 27 in Axes
101850 | Zig:25   | Identified the ring "Duneqe" {Wiz rN+}
101857 | Zig:26   | Entered Level 26 of a ziggurat
101898 | Zig:26   | Noticed an ancient lich
101902 | Zig:26   | Killed an ancient lich
101903 | Zig:26   | Killed an ancient lich
101904 | Zig:26   | Noticed an ancient lich
101906 | Zig:26   | Killed an ancient lich
101986 | Zig:26   | Identified the +1 triple sword "Beetleslayer" {spect, *Slow
                  | rElec Dex+3 SInv}
101992 | Zig:26   | Identified the ring "Peituin" {rN+ Int+2 Slay+4}
101998 | Zig:26   | Identified the +9 plate armour of Hangman {rF++}
102002 | Zig:26   | Identified the +1 whip of the Lettuce {venom, rC++}
102009 | Zig:26   | Identified the staff "Beast's Undoing" {rF+ rN+ Stlth+
                  | Fire}
102018 | Zig:26   | Identified the blade talisman of Nyargh {Str+5}
102021 | Zig:26   | Identified the +5 lajatang of the Building Whale {venom,
                  | Fly rN+ Str-4}
102114 | Zig:27   | Entered Level 27 of a ziggurat
102128 | Zig:27   | Noticed a shard shrike
102135 | Zig:27   | Noticed a shard shrike
102137 | Zig:27   | Killed a shard shrike
102138 | Zig:27   | Noticed a shard shrike
102138 | Zig:27   | Noticed a shard shrike
102139 | Zig:27   | Killed a shard shrike
102139 | Zig:27   | Killed a shard shrike
102141 | Zig:27   | Killed a shard shrike
102153 | Zig:27   | Noticed a shard shrike
102156 | Zig:27   | Killed a shard shrike
102163 | Zig:27   | Noticed a shard shrike
102164 | Zig:27   | Killed a shard shrike
102166 | Zig:27   | Noticed an ancient lich
102169 | Zig:27   | Killed an ancient lich
102249 | Zig:27   | Found the +5 demon whip "Spellbinder" {antimagic, disrupt,
                  | Will+}
102251 | Zig:27   | Found the +5 scythe "Finisher" {speed, execute}
102255 | Zig:27   | Identified the +7 scimitar of the Sun {freeze, rC+ rN+++
                  | rCorr Str-5}
102257 | Zig:27   | Identified the amulet "Golegaepn" {Faith MP+9 Int+2 SInv}
102265 | Zig:27   | Identified the ring "Vonnouf" {rN+ MP+9 EV+5}
102274 | Zig:27   | Identified the amulet of Basuenea {Spirit rC+}
102275 | Zig:27   | Identified the +9 dagger of the First Moons {flame, Str+4}
102324 | Depths:4 | Lost mutation: You are agile. (Dex +4, Str/Int -1) [potion
                  | of mutation]
102324 | Depths:4 | Lost mutation: You passively dampen the noise of your
                  | surroundings. [potion of mutation]
102325 | Depths:4 | Lost mutation: You are somewhat resistant to further
                  | mutation. [potion of mutation]
102325 | Depths:4 | Gained mutation: You have very sharp teeth. [potion of
                  | mutation]
102326 | Depths:4 | Lost mutation: You have very sharp teeth. [potion of
                  | mutation]
102326 | Depths:4 | Gained mutation: You passively map a small area around you.
                  | [potion of mutation]
102326 | Depths:4 | Gained mutation: You occasionally lose the ability to read
                  | scrolls when taking damage. [potion of mutation]
102326 | Depths:4 | Gained mutation: You are clumsy. (Dex -2) [potion of
                  | mutation]
102327 | Depths:4 | Lost mutation: You occasionally lose the ability to read
                  | scrolls when taking damage. [potion of mutation]
102327 | Depths:4 | Lost mutation: You passively map a small area around you.
                  | [potion of mutation]
102327 | Depths:4 | Lost mutation: You are clumsy. (Dex -2) [potion of
                  | mutation]
102327 | Depths:4 | Gained mutation: You possess an exceptional clarity of
                  | mind. [potion of mutation]
102327 | Depths:4 | Gained mutation: You are frail. (-10% HP) [potion of
                  | mutation]
102327 | Depths:4 | Gained mutation: Your movements are slightly less
                  | encumbered by armour. (ER -2) [potion of mutation]
102328 | Depths:4 | Lost mutation: Your movements are slightly less encumbered
                  | by armour. (ER -2) [potion of mutation]
102328 | Depths:4 | Lost mutation: You possess an exceptional clarity of mind.
                  | [potion of mutation]
102328 | Depths:4 | Lost mutation: You are frail. (-10% HP) [potion of
                  | mutation]
102328 | Depths:4 | Gained mutation: You occasionally shout uncontrollably at
                  | your foes. [potion of mutation]
102329 | Depths:4 | Lost mutation: You occasionally shout uncontrollably at
                  | your foes. [potion of mutation]
102329 | Depths:4 | Gained mutation: You are dopey. (Int -2) [potion of
                  | mutation]
102329 | Depths:4 | Gained mutation: Your muscles are strong. (Str +4, Int/Dex
                  | -1) [potion of mutation]
102330 | Depths:4 | Lost mutation: You are dopey. (Int -2) [potion of mutation]
102330 | Depths:4 | Lost mutation: Your muscles are strong. (Str +4, Int/Dex
                  | -1) [potion of mutation]
102330 | Depths:4 | Gained mutation: Your spells are a little harder to cast,
                  | but a little more powerful. [potion of mutation]
102330 | Depths:4 | Gained mutation: You occasionally lose the ability to drink
                  | potions when taking damage. [potion of mutation]
102330 | Depths:4 | Gained mutation: You have a pair of small antennae on your
                  | head. [potion of mutation]
102331 | Depths:4 | Lost mutation: You occasionally lose the ability to drink
                  | potions when taking damage. [potion of mutation]
102331 | Depths:4 | Lost mutation: You have a pair of small antennae on your
                  | head. [potion of mutation]
102331 | Depths:4 | Gained mutation: You possess an exceptional clarity of
                  | mind. [potion of mutation]
102331 | Depths:4 | Gained mutation: You are partially covered in large bone
                  | plates. (SH +4) [potion of mutation]
102337 | Zig:1    | Entered Level 1 of a ziggurat
102345 | Zig:2    | Entered Level 2 of a ziggurat
102362 | Zig:3    | Entered Level 3 of a ziggurat
102383 | Zig:4    | Entered Level 4 of a ziggurat
102384 | Zig:4    | Noticed a shard shrike
102385 | Zig:4    | Killed a shard shrike
102413 | Zig:5    | Entered Level 5 of a ziggurat
102416 | Zig:5    | Noticed a royal mummy
102419 | Zig:5    | Killed a royal mummy
102438 | Zig:6    | Entered Level 6 of a ziggurat
102461 | Zig:6    | Identified the +8 great mace of Due Proportion {elec,
                  | +Blink Dex+3}
102467 | Zig:6    | Identified the +7 mace "Concordance" {pain, rElec rPois
                  | rCorr Str+4}
102469 | Zig:6    | Identified the +6 short sword "Jellyslayer" {flame, +Blink
                  | rC- rN+ SInv}
102493 | Zig:7    | Entered Level 7 of a ziggurat
102494 | Zig:7    | Noticed a dread lich
102494 | Zig:7    | Noticed an ancient lich
102495 | Zig:7    | Noticed a dread lich
102496 | Zig:7    | Killed a dread lich
102496 | Zig:7    | Noticed an ancient lich
102497 | Zig:7    | Killed a dread lich
102497 | Zig:7    | Killed an ancient lich
102497 | Zig:7    | Noticed an ancient lich
102498 | Zig:7    | Killed an ancient lich
102499 | Zig:7    | Killed an ancient lich
102504 | Zig:7    | Found the +8 pair of quick blades "Gyre" and "Gimble"
                  | {protect}
102510 | Zig:7    | Identified the ring "Wennom" {rElec MP+9 Str+5 Int+3}
102512 | Zig:7    | Identified the ring "Uhaud" {Ice Slay+2}
102534 | Zig:8    | Entered Level 8 of a ziggurat
102540 | Zig:8    | Noticed Iracearph the pandemonium lord
102543 | Zig:8    | Reached skill level 27 in Stealth
102543 | Zig:8    | Reached skill level 1 in Ranged Weapons
102546 | Zig:8    | Killed Iracearph the pandemonium lord
102547 | Zig:8    | Reached skill level 5 in Ranged Weapons
102554 | Zig:8    | Found the ring of the Mage {Wiz Archmagi}
102562 | Zig:8    | Identified the +4 flail of Qazlal's Hope {freeze, *Noise
                  | rF- Str+7 Int+2}
102565 | Zig:8    | Identified the ring of Lady Luck {rF+ rC+ Int+4}
102569 | Zig:8    | Identified the +6 halberd of Ackugif {flame, Str+3}
102612 | Zig:9    | Entered Level 9 of a ziggurat
102617 | Zig:9    | Noticed an ancient lich
102617 | Zig:9    | Noticed a dread lich
102619 | Zig:9    | Killed an ancient lich
102619 | Zig:9    | Noticed a dread lich
102620 | Zig:9    | Killed a dread lich
102621 | Zig:9    | Noticed an ancient lich
102622 | Zig:9    | Killed a dread lich
102622 | Zig:9    | Killed an ancient lich
102627 | Zig:9    | Noticed an ancient lich
102629 | Zig:9    | Killed an ancient lich
102682 | Zig:10   | Entered Level 10 of a ziggurat
102693 | Zig:10   | Reached skill level 15 in Ranged Weapons
102693 | Zig:10   | Noticed an ancient lich
102695 | Zig:10   | Killed an ancient lich
102702 | Zig:10   | Killed an ancient lich
102712 | Zig:10   | Identified the +6 dagger of Elitoino {flame, rPois}
102721 | Zig:10   | Identified the +1 ring mail of Ulib Mao {-Tele rF++ rC+
                  | Int+2}
102761 | Zig:11   | Entered Level 11 of a ziggurat
102772 | Zig:11   | Noticed Rocuurgho the pandemonium lord
102779 | Zig:11   | Killed Rocuurgho the pandemonium lord
102808 | Zig:11   | Identified the +0 robe of Skepticism {*Slow rElec Int+3
                  | Slay+2}
102811 | Zig:11   | Identified the ring of Momy {Fly MP+9}
102814 | Zig:11   | Identified the ring "Vahoeb" {MP+9 Str+3 Int+5 Dex-3 Slay-5
                  | Stlth+}
102859 | Zig:12   | Entered Level 12 of a ziggurat
102865 | Zig:12   | Noticed a dread lich
102869 | Zig:12   | Noticed an ancient lich
102870 | Zig:12   | Killed a dread lich
102870 | Zig:12   | Noticed a dread lich
102871 | Zig:12   | Killed an ancient lich
102871 | Zig:12   | Noticed a dread lich
102871 | Zig:12   | Noticed a dread lich
102872 | Zig:12   | Killed a dread lich
102874 | Zig:12   | Killed a dread lich
102875 | Zig:12   | Killed a dread lich
102877 | Zig:12   | Noticed a dread lich
102879 | Zig:12   | Killed a dread lich
102880 | Zig:12   | Noticed a dread lich
102880 | Zig:12   | Noticed an ancient lich
102881 | Zig:12   | Killed a dread lich
102881 | Zig:12   | Killed an ancient lich
102886 | Zig:12   | Killed a dread lich
102912 | Zig:12   | Found the +10 zealot's sword {holy, Zealotry, *Rage rN+
                  | EV+3}
102939 | Zig:12   | Identified the staff "Xayddah" {rPois rF- rC+ Stlth+
                  | Alchemy}
102993 | Zig:13   | Entered Level 13 of a ziggurat
103000 | Zig:13   | Noticed a shard shrike
103001 | Zig:13   | Killed a shard shrike
103002 | Zig:13   | Noticed a shard shrike
103003 | Zig:13   | Killed a shard shrike
103003 | Zig:13   | Noticed a shard shrike
103005 | Zig:13   | Killed a shard shrike
103005 | Zig:13   | Noticed a shard shrike
103006 | Zig:13   | Noticed a shard shrike
103007 | Zig:13   | Killed a shard shrike
103007 | Zig:13   | Killed a shard shrike
103010 | Zig:13   | Killed a shard shrike
103035 | Zig:13   | Identified the +5 battleaxe "Killer Bee's Regret" {venom,
                  | *Noise rElec rPois rF- SInv}
103039 | Zig:13   | Identified the +4 robe "Piprac" {rC+ Will- Int+3}
103081 | Zig:14   | Entered Level 14 of a ziggurat
103132 | Zig:14   | Identified the ring "Juhetuhe" {rC+ rN+ MP-9 Str+6 Int+3}
103142 | Zig:14   | Identified the +3 scale mail of the Ageless Thickets {rN+
                  | rCorr}
103195 | Zig:15   | Entered Level 15 of a ziggurat
103225 | Zig:15   | Noticed an ancient lich
103227 | Zig:15   | Killed an ancient lich
103266 | Zig:15   | Identified the +0 ring mail of Shadows and Fog {Int+2}
103273 | Zig:15   | Identified the +4 chain mail of Beamn {Str+3}
103275 | Zig:15   | Identified the +1 robe "Soro" {Harm rPois MP-9 Str+4}
103335 | Zig:16   | Entered Level 16 of a ziggurat
103345 | Zig:16   | Noticed a shard shrike
103345 | Zig:16   | Noticed a shard shrike
103346 | Zig:16   | Killed a shard shrike
103346 | Zig:16   | Noticed a shard shrike
103346 | Zig:16   | Noticed a shard shrike
103347 | Zig:16   | Killed a shard shrike
103347 | Zig:16   | Killed a shard shrike
103347 | Zig:16   | Killed a shard shrike
103348 | Zig:16   | Noticed a shard shrike
103349 | Zig:16   | Killed a shard shrike
103349 | Zig:16   | Killed a shard shrike
103349 | Zig:16   | Noticed a shard shrike
103350 | Zig:16   | Killed a shard shrike
103350 | Zig:16   | Killed a shard shrike
103350 | Zig:16   | Killed a shard shrike
103351 | Zig:16   | Noticed a shard shrike
103351 | Zig:16   | Noticed a shard shrike
103351 | Zig:16   | Noticed a shard shrike
103352 | Zig:16   | Killed a shard shrike
103352 | Zig:16   | Noticed a shard shrike
103352 | Zig:16   | Killed a shard shrike
103353 | Zig:16   | Killed a shard shrike
103353 | Zig:16   | Killed a shard shrike
103353 | Zig:16   | Noticed a shard shrike
103354 | Zig:16   | Killed a shard shrike
103360 | Zig:16   | Noticed a shard shrike
103361 | Zig:16   | Killed a shard shrike
103383 | Zig:16   | Identified the ring "Kawin" {rCorr Str+6}
103483 | Zig:17   | Entered Level 17 of a ziggurat
103493 | Zig:17   | Noticed a juggernaut
103495 | Zig:17   | Killed a juggernaut
103496 | Zig:17   | Killed a juggernaut
103497 | Zig:17   | Noticed a juggernaut
103499 | Zig:17   | Killed a juggernaut
103505 | Zig:17   | Noticed a juggernaut
103505 | Zig:17   | Noticed a juggernaut
103507 | Zig:17   | Killed a juggernaut
103507 | Zig:17   | Killed a juggernaut
103590 | Zig:17   | Found the +6 shillelagh "Devastator" {shatter}
103591 | Zig:17   | Found the ring of the Tortoise {AC+8}
103598 | Zig:17   | Identified the +5 scale mail "Esiwokli" {rCorr Str+3 Int-5
                  | Stlth+}
103599 | Zig:17   | Identified the +6 scimitar "Killer Bee's Foe" {flame, *Slow
                  | Will++ Str+4}
103613 | Zig:17   | Identified the +1 morningstar of the Pits of Slime {flame,
                  | Fly rF+ Int+3 SInv}
103617 | Zig:17   | Identified the +5 long sword "Varphez" {heavy, rF++ rCorr}
103684 | Zig:18   | Entered Level 18 of a ziggurat
103694 | Zig:18   | Noticed an ancient lich
103695 | Zig:18   | Reached skill level 27 in Ranged Weapons
103697 | Zig:18   | Killed an ancient lich
103698 | Zig:18   | Killed an ancient lich
103700 | Zig:18   | Noticed a dread lich
103701 | Zig:18   | Killed a dread lich
103702 | Zig:18   | Noticed a dread lich
103703 | Zig:18   | Noticed an ancient lich
103704 | Zig:18   | Noticed a dread lich
103704 | Zig:18   | Killed a dread lich
103704 | Zig:18   | Noticed a dread lich
103705 | Zig:18   | Killed a dread lich
103706 | Zig:18   | Killed an ancient lich
103707 | Zig:18   | Killed a dread lich
103707 | Zig:18   | Killed a dread lich
103710 | Zig:18   | Noticed a dread lich
103710 | Zig:18   | Noticed a dread lich
103710 | Zig:18   | Noticed a dread lich
103710 | Zig:18   | Noticed an ancient lich
103711 | Zig:18   | Noticed a dread lich
103711 | Zig:18   | Killed a dread lich
103711 | Zig:18   | Killed a dread lich
103712 | Zig:18   | Reached skill level 10 in Staves
103712 | Zig:18   | Killed an ancient lich
103712 | Zig:18   | Killed a dread lich
103712 | Zig:18   | Killed a dread lich
103715 | Zig:18   | Noticed a dread lich
103715 | Zig:18   | Noticed an ancient lich
103715 | Zig:18   | Noticed a dread lich
103716 | Zig:18   | Killed an ancient lich
103716 | Zig:18   | Killed a dread lich
103717 | Zig:18   | Killed a dread lich
103717 | Zig:18   | Killed an ancient lich
103764 | Zig:18   | Identified the +6 rapier of the Pyrrhic Victory {freeze,
                  | rC+ rN+ Int+3 SInv}
103779 | Zig:18   | Identified the ring of Rine {Wiz Will+ Int+2 Dex+4}
103786 | Zig:18   | Identified the +5 dagger "Oblad" {spect, Will+ Dex+4}
103847 | Zig:19   | Entered Level 19 of a ziggurat
103871 | Zig:19   | Reached skill level 15 in Staves
103977 | Zig:19   | Identified the amulet "Pommounet" {Reflect Rampage Slay+6
                  | SH+5}
103982 | Zig:19   | Identified the staff of the Muttering Pill Bug {^Contam
                  | rPois rF++ Str-2 Necro Alchemy}
103984 | Zig:19   | Identified the amulet "Qeguani" {Acrobat Dex+5}
103987 | Zig:19   | Identified the staff "Murmur" {^Fragile rC+ Str+4 Dex+6
                  | Fire Ice}
103997 | Zig:19   | Identified the +2 pair of gloves of Objectivity {Rampage
                  | ^Drain +Blink Regen+}
104080 | Zig:20   | Entered Level 20 of a ziggurat
104126 | Zig:20   | Found the amulet of Vitality {Regen++ RegenMP++}
104129 | Zig:20   | Found the +7 mace of Variability {chaos, chaos arc}
104155 | Zig:20   | Identified the ring "Fenoy" {rN+ Will+}
104157 | Zig:20   | Identified the +4 scale mail "Eczuoc" {rCorr}
104162 | Zig:20   | Identified the +1 short sword of Punishment {pain, rElec
                  | rPois MP+9}
104166 | Zig:20   | Identified the +8 rapier "Ymec" {freeze, rElec rPois rCorr
                  | Str-2}
104168 | Zig:20   | Identified the +2 lajatang of Dung {drain, rElec Will+
                  | Str+6 Stlth-}
104252 | Zig:21   | Entered Level 21 of a ziggurat
104282 | Zig:21   | Paralysed by an air elemental for 1 turns
104326 | Zig:21   | Found the +8 storm bow {elec, penet}
104336 | Zig:21   | Identified the +5 shortbow of Tiqu {drain, rPois rCorr SInv
                  | Stlth+}
104348 | Zig:21   | Identified the ring of the Archfiend {Wiz rElec rF+ rN+}
104451 | Zig:22   | Entered Level 22 of a ziggurat
104460 | Zig:22   | Noticed a royal mummy
104460 | Zig:22   | Noticed a royal mummy
104463 | Zig:22   | Killed a royal mummy
104463 | Zig:22   | Noticed a royal mummy
104464 | Zig:22   | Noticed a royal mummy
104464 | Zig:22   | Killed a royal mummy
104464 | Zig:22   | Noticed a royal mummy
104466 | Zig:22   | Noticed a royal mummy
104467 | Zig:22   | Killed a royal mummy
104467 | Zig:22   | Noticed a royal mummy
104468 | Zig:22   | Killed a royal mummy
104469 | Zig:22   | Killed a royal mummy
104470 | Zig:22   | Killed a royal mummy
104470 | Zig:22   | Noticed a royal mummy
104470 | Zig:22   | Noticed a royal mummy
104471 | Zig:22   | Killed a royal mummy
104471 | Zig:22   | Noticed a royal mummy
104471 | Zig:22   | Noticed a royal mummy
104473 | Zig:22   | Noticed a royal mummy
104474 | Zig:22   | Killed a royal mummy
104474 | Zig:22   | Noticed a royal mummy
104475 | Zig:22   | Killed a royal mummy
104475 | Zig:22   | Killed a royal mummy
104475 | Zig:22   | Killed a royal mummy
104475 | Zig:22   | Noticed a royal mummy
104476 | Zig:22   | Killed a royal mummy
104476 | Zig:22   | Killed a royal mummy
104476 | Zig:22   | Killed a royal mummy
104478 | Zig:22   | Noticed a royal mummy
104478 | Zig:22   | Killed a royal mummy
104480 | Zig:22   | Noticed a royal mummy
104482 | Zig:22   | Killed a royal mummy
104482 | Zig:22   | Killed a royal mummy
104482 | Zig:22   | Noticed a royal mummy
104482 | Zig:22   | Noticed a royal mummy
104483 | Zig:22   | Noticed a royal mummy
104486 | Zig:22   | Killed a royal mummy
104486 | Zig:22   | Killed a royal mummy
104486 | Zig:22   | Noticed a royal mummy
104486 | Zig:22   | Noticed a royal mummy
104487 | Zig:22   | Killed a royal mummy
104487 | Zig:22   | Noticed a royal mummy
104488 | Zig:22   | Killed a royal mummy
104488 | Zig:22   | Killed a royal mummy
104489 | Zig:22   | Noticed a royal mummy
104490 | Zig:22   | Killed a royal mummy
104491 | Zig:22   | Killed a royal mummy
104494 | Zig:22   | Noticed a royal mummy
104497 | Zig:22   | Killed a royal mummy
104499 | Zig:22   | Noticed a royal mummy
104502 | Zig:22   | Killed a royal mummy
104502 | Zig:22   | Noticed a royal mummy
104504 | Zig:22   | Killed a royal mummy
104507 | Zig:22   | Noticed a royal mummy
104509 | Zig:22   | Killed a royal mummy
104604 | Zig:22   | Identified the +0 robe of Vawkow {Str+2}
104615 | Zig:22   | Identified the +8 morningstar of the Fuzzy God {elec, rF+
                  | Stlth+}
104620 | Zig:22   | Identified the blade talisman of Toix {+Blink MP+9 Stlth+}
104664 | Zig:23   | Entered Level 23 of a ziggurat
104678 | Zig:23   | Noticed an ancient lich
104680 | Zig:23   | Killed an ancient lich
104680 | Zig:23   | Noticed a dread lich
104682 | Zig:23   | Noticed a dread lich
104683 | Zig:23   | Killed a dread lich
104685 | Zig:23   | Noticed an ancient lich
104687 | Zig:23   | Killed a dread lich
104689 | Zig:23   | Killed an ancient lich
104689 | Zig:23   | Noticed a dread lich
104690 | Zig:23   | Killed a dread lich
104690 | Zig:23   | Noticed a dread lich
104691 | Zig:23   | Killed an ancient lich
104692 | Zig:23   | Killed a dread lich
104692 | Zig:23   | Noticed an ancient lich
104694 | Zig:23   | Killed an ancient lich
104695 | Zig:23   | Reached skill level 27 in Staves
104695 | Zig:23   | Killed a dread lich
104695 | Zig:23   | Killed a dread lich
104696 | Zig:23   | Noticed a dread lich
104696 | Zig:23   | Noticed an ancient lich
104696 | Zig:23   | Noticed a dread lich
104697 | Zig:23   | Killed a dread lich
104697 | Zig:23   | Noticed a dread lich
104698 | Zig:23   | Killed a dread lich
104699 | Zig:23   | Killed a dread lich
104699 | Zig:23   | Killed a dread lich
104699 | Zig:23   | Killed an ancient lich
104700 | Zig:23   | Noticed an ancient lich
104701 | Zig:23   | Noticed a dread lich
104703 | Zig:23   | Killed an ancient lich
104704 | Zig:23   | Killed a dread lich
104706 | Zig:23   | Killed an ancient lich
104707 | Zig:23   | Killed a dread lich
104708 | Zig:23   | Killed a dread lich
104715 | Zig:23   | Noticed an ancient lich
104716 | Zig:23   | Killed a dread lich
104717 | Zig:23   | Killed an ancient lich
104760 | Zig:23   | Found the +10 morningstar "Eos" {elec, Halo rElec}
104765 | Zig:23   | Identified the ring "Zonuinwuphi" {rElec rC- Str+2 SInv}
104799 | Zig:23   | Acquired a manual of Invocations
104809 | Zig:23   | Identified the +9 long sword of Eziuf {vamp, rPois}
104906 | Zig:24   | Entered Level 24 of a ziggurat
104916 | Zig:24   | Noticed a Killer Klown
104916 | Zig:24   | Noticed Ridaqila the pandemonium lord
104918 | Zig:24   | Noticed Sycezyme the pandemonium lord
104918 | Zig:24   | Noticed Zeroag the pandemonium lord
104919 | Zig:24   | Killed a Killer Klown
104920 | Zig:24   | Noticed a Killer Klown
104920 | Zig:24   | Noticed Sunlat the pandemonium lord
104920 | Zig:24   | Noticed a Killer Klown
104921 | Zig:24   | Killed Zeroag the pandemonium lord
104921 | Zig:24   | Noticed Far Zedecw the pandemonium lord
104921 | Zig:24   | Noticed Retiraac the pandemonium lord
104921 | Zig:24   | Noticed a Killer Klown
104921 | Zig:24   | Noticed Anluqe the pandemonium lord
104921 | Zig:24   | Noticed Rajysm the pandemonium lord
104921 | Zig:24   | Noticed Batwux the pandemonium lord
104922 | Zig:24   | Killed Ridaqila the pandemonium lord
104922 | Zig:24   | Noticed a Killer Klown
104923 | Zig:24   | Killed a Killer Klown
104923 | Zig:24   | Killed Sycezyme the pandemonium lord
104924 | Zig:24   | Noticed Zugink the pandemonium lord
104924 | Zig:24   | Noticed Qoifasm the pandemonium lord
104924 | Zig:24   | Killed Anluqe the pandemonium lord
104924 | Zig:24   | Noticed Galamil the pandemonium lord
104925 | Zig:24   | Killed Rajysm the pandemonium lord
104925 | Zig:24   | Killed a Killer Klown
104926 | Zig:24   | Reached skill level 27 in Shapeshifting
104928 | Zig:24   | Killed Far Zedecw the pandemonium lord
104929 | Zig:24   | Killed Sunlat the pandemonium lord
104930 | Zig:24   | Reached skill level 5 in Invocations
104932 | Zig:24   | Noticed a Killer Klown
104932 | Zig:24   | Noticed Imukly the pandemonium lord
104933 | Zig:24   | Killed Retiraac the pandemonium lord
104933 | Zig:24   | Killed a Killer Klown
104933 | Zig:24   | Noticed Ziemyke the pandemonium lord
104934 | Zig:24   | Killed Galamil the pandemonium lord
104934 | Zig:24   | Killed Ziemyke the pandemonium lord
104934 | Zig:24   | Killed Batwux the pandemonium lord
104934 | Zig:24   | Noticed Aschiacyr the pandemonium lord
104934 | Zig:24   | Noticed Ejellel the pandemonium lord
104936 | Zig:24   | Killed Aschiacyr the pandemonium lord
104936 | Zig:24   | Killed Imukly the pandemonium lord
104936 | Zig:24   | Noticed Fikinig the pandemonium lord
104936 | Zig:24   | Killed Zugink the pandemonium lord
104936 | Zig:24   | Noticed Gufipaeg the pandemonium lord
104936 | Zig:24   | Noticed Xima the pandemonium lord
104936 | Zig:24   | Noticed a Killer Klown
104937 | Zig:24   | Killed a Killer Klown
104938 | Zig:24   | Killed Gufipaeg the pandemonium lord
104938 | Zig:24   | Noticed Roes the pandemonium lord
104939 | Zig:24   | Killed Izycot the pandemonium lord
104939 | Zig:24   | Killed Fikinig the pandemonium lord
104940 | Zig:24   | Killed Qoifasm the pandemonium lord
104940 | Zig:24   | Killed Ejellel the pandemonium lord
104940 | Zig:24   | Noticed Voimaale the pandemonium lord
104940 | Zig:24   | Noticed Boecwid the pandemonium lord
104940 | Zig:24   | Noticed Uneunil the pandemonium lord
104941 | Zig:24   | Noticed a Killer Klown
104941 | Zig:24   | Noticed Haguapta the pandemonium lord
104941 | Zig:24   | Killed Uneunil the pandemonium lord
104941 | Zig:24   | Killed a Killer Klown
104941 | Zig:24   | Noticed Qidyor the pandemonium lord
104941 | Zig:24   | Noticed Ijolap the pandemonium lord
104942 | Zig:24   | Killed Boecwid the pandemonium lord
104942 | Zig:24   | Killed Voimaale the pandemonium lord
104942 | Zig:24   | Killed Xima the pandemonium lord
104942 | Zig:24   | Killed a Killer Klown
104943 | Zig:24   | Reached skill level 15 in Invocations
104943 | Zig:24   | Noticed Ubryacor the pandemonium lord
104943 | Zig:24   | Killed Qidyor the pandemonium lord
104943 | Zig:24   | Noticed a Killer Klown
104944 | Zig:24   | Noticed Olomuydi the pandemonium lord
104945 | Zig:24   | Killed Roes the pandemonium lord
104946 | Zig:24   | Noticed Imih Mudd the pandemonium lord
104946 | Zig:24   | Killed Ijolap the pandemonium lord
104946 | Zig:24   | Killed a Killer Klown
104946 | Zig:24   | Killed Olomuydi the pandemonium lord
104947 | Zig:24   | Killed Haguapta the pandemonium lord
104947 | Zig:24   | Noticed a Killer Klown
104947 | Zig:24   | Noticed Sauzon the pandemonium lord
104947 | Zig:24   | Noticed a Killer Klown
104948 | Zig:24   | Killed a Killer Klown
104948 | Zig:24   | Killed a Killer Klown
104948 | Zig:24   | Killed Sauzon the pandemonium lord
104949 | Zig:24   | Killed Renitol the pandemonium lord
104949 | Zig:24   | Killed Ubryacor the pandemonium lord
104950 | Zig:24   | Noticed Yruefeng the pandemonium lord
104950 | Zig:24   | Killed Sob Pips the pandemonium lord
104950 | Zig:24   | Noticed Urexutixt the pandemonium lord
104951 | Zig:24   | Noticed a Killer Klown
104951 | Zig:24   | Noticed Xiosm the pandemonium lord
104952 | Zig:24   | Killed a Killer Klown
104952 | Zig:24   | Noticed Laythroaw the pandemonium lord
104952 | Zig:24   | Killed Yruefeng the pandemonium lord
104954 | Zig:24   | Killed Xiosm the pandemonium lord
104954 | Zig:24   | Noticed Ynalel the pandemonium lord
104955 | Zig:24   | Killed Laythroaw the pandemonium lord
104955 | Zig:24   | Killed Urexutixt the pandemonium lord
104955 | Zig:24   | Killed Imih Mudd the pandemonium lord
104956 | Zig:24   | Noticed Iphush the pandemonium lord
104957 | Zig:24   | Killed Xof Beaw the pandemonium lord
104957 | Zig:24   | Killed Leaczi Pulai the pandemonium lord
104957 | Zig:24   | Noticed Ubligawn the pandemonium lord
104958 | Zig:24   | Killed Lolilul the pandemonium lord
104959 | Zig:24   | Killed a Killer Klown
104960 | Zig:24   | Killed a Killer Klown
104960 | Zig:24   | Killed Ubligawn the pandemonium lord
104960 | Zig:24   | Killed Estar the pandemonium lord
104960 | Zig:24   | Killed Iphush the pandemonium lord
104960 | Zig:24   | Noticed Widaj the pandemonium lord
104961 | Zig:24   | Killed Ynalel the pandemonium lord
104962 | Zig:24   | Killed Widaj the pandemonium lord
104964 | Zig:24   | Noticed Hiugam the pandemonium lord
104965 | Zig:24   | Killed Hiugam the pandemonium lord
104981 | Zig:24   | Noticed Awnotoeh the pandemonium lord
104984 | Zig:24   | Killed Awnotoeh the pandemonium lord
105056 | Zig:24   | Identified the staff "Acihetef" {rF+ Will+ Summ Fire}
105057 | Zig:24   | Identified the ring "Kop Ysk" {rCorr MP+9 Slay-4 Stlth+}
105073 | Zig:24   | Identified the +2 hand axe "Arhei" {spect, rElec}
105078 | Zig:24   | Identified the ring "Caneg" {rElec rC- rN++ rCorr Stlth+}
105084 | Zig:24   | Identified the +0 crystal plate armour "Ownisok" {Str+4}
105085 | Zig:24   | Identified the ring "Heumah" {MP+9 Int+6 Slay+3}
105086 | Zig:24   | Identified the +4 dagger of Makhleb's Fury {venom, rN+}
105104 | Zig:24   | Identified the staff of the Purple Skies {rElec rF+ Hexes
                  | Fire}
105172 | Zig:25   | Entered Level 25 of a ziggurat
105273 | Zig:25   | Identified the ring of the Thirsty Ears {rF+++ rCorr MP+9
                  | Dex+6 Slay-3}
105282 | Zig:25   | Identified the +6 sling "Ipumagg" {elec, Will++ Int+4
                  | Dex-4}
105283 | Zig:25   | Identified the +1 spear of Mudoese {heavy, Dex+2}
105285 | Zig:25   | Identified the ring of Xydduim {rC+ MP+9 Dex+2}
105299 | Zig:25   | Identified the amulet "Sooqiunn" {Reflect rF+ SH+5 Stlth+}
105391 | Zig:26   | Entered Level 26 of a ziggurat
105394 | Zig:26   | Noticed a dread lich
105398 | Zig:26   | Killed a dread lich
105424 | Zig:26   | Killed a dread lich
105426 | Zig:26   | Noticed an ancient lich
105428 | Zig:26   | Noticed an ancient lich
105429 | Zig:26   | Killed an ancient lich
105429 | Zig:26   | Killed an ancient lich
105429 | Zig:26   | Noticed an ancient lich
105429 | Zig:26   | Noticed an ancient lich
105429 | Zig:26   | Noticed an ancient lich
105431 | Zig:26   | Noticed a dread lich
105432 | Zig:26   | Killed an ancient lich
105432 | Zig:26   | Killed an ancient lich
105433 | Zig:26   | Killed an ancient lich
105433 | Zig:26   | Noticed an ancient lich
105434 | Zig:26   | Killed a dread lich
105434 | Zig:26   | Killed an ancient lich
105435 | Zig:26   | Killed an ancient lich
105435 | Zig:26   | Noticed an ancient lich
105435 | Zig:26   | Noticed an ancient lich
105436 | Zig:26   | Noticed a dread lich
105437 | Zig:26   | Killed an ancient lich
105437 | Zig:26   | Killed an ancient lich
105439 | Zig:26   | Reached skill level 27 in Invocations
105439 | Zig:26   | Noticed an ancient lich
105439 | Zig:26   | Killed a dread lich
105440 | Zig:26   | Killed an ancient lich
105442 | Zig:26   | Reached skill level 5 in Unarmed Combat
105445 | Zig:26   | Noticed a dread lich
105448 | Zig:26   | Killed a dread lich
105448 | Zig:26   | Noticed a dread lich
105450 | Zig:26   | Killed a dread lich
105453 | Zig:26   | Killed a dread lich
105454 | Zig:26   | Reached skill level 10 in Unarmed Combat
105555 | Zig:26   | Identified the amulet "Gahyt" {Faith ^Fragile rF+ rCorr}
105561 | Zig:26   | Reached skill level 15 in Unarmed Combat
105563 | Zig:26   | Identified the staff of Plog {rPois Stlth+ Alchemy}
105567 | Zig:26   | Identified the +1 glaive "Lanelyuwn" {flame, +Blink Str+3
                  | Stlth-}
105580 | Zig:26   | Acquired a manual of Unarmed Combat
105683 | Zig:27   | Entered Level 27 of a ziggurat
105771 | Zig:27   | Identified the ring of the Supporting Gods {Will+ Dex+6}
105784 | Zig:27   | Identified the ring of Xirofubi {rC+ rN+ Str+3 Dex+3}
105786 | Zig:27   | Identified the staff of Peten {^Fragile Dex+2 Conj Hexes}
105799 | Zig:27   | Identified the +6 chain mail "Qazyar" {Rampage rPois rC-
                  | Slay+6}
105805 | Zig:27   | Identified the ring of Doubts {Will+ rCorr Slay+2}
105920 | Depths:4 | Lost mutation: Your spells are a little harder to cast, but
                  | a little more powerful. [potion of mutation]
105920 | Depths:4 | Lost mutation: You are partially covered in large bone
                  | plates. (SH +4) [potion of mutation]
105920 | Depths:4 | Gained mutation: You have a pair of small antennae on your
                  | head. [potion of mutation]
105920 | Depths:4 | Gained mutation: Your body sometimes deteriorates upon
                  | taking damage. [potion of mutation]
105921 | Depths:4 | Lost mutation: You have a pair of small antennae on your
                  | head. [potion of mutation]
105921 | Depths:4 | Lost mutation: Your body sometimes deteriorates upon taking
                  | damage. [potion of mutation]
105921 | Depths:4 | Gained mutation: You are covered in fur. (AC +1) [potion of
                  | mutation]
105921 | Depths:4 | Lost mutation: You are covered in fur. (AC +1) [potion of
                  | mutation]
105921 | Depths:4 | Lost mutation: You possess an exceptional clarity of mind.
                  | [potion of mutation]
105921 | Depths:4 | Gained mutation: You expend health (3 HP) to strengthen
                  | your wands. [potion of mutation]
105922 | Depths:4 | Lost mutation: You expend health (3 HP) to strengthen your
                  | wands. [potion of mutation]
105922 | Depths:4 | Gained mutation: You have a pair of small antennae on your
                  | head. [potion of mutation]
105923 | Depths:4 | Lost mutation: You have a pair of small antennae on your
                  | head. [potion of mutation]
105923 | Depths:4 | Gained mutation: You are clumsy. (Dex -2) [potion of
                  | mutation]
105923 | Depths:4 | Gained mutation: You are frail. (-10% HP) [potion of
                  | mutation]
105923 | Depths:4 | Gained mutation: Your spells are a little harder to cast,
                  | but a little more powerful. [potion of mutation]
105924 | Depths:4 | Lost mutation: Your spells are a little harder to cast, but
                  | a little more powerful. [potion of mutation]
105924 | Depths:4 | Lost mutation: You are frail. (-10% HP) [potion of
                  | mutation]
105925 | Depths:4 | Lost mutation: You are clumsy. (Dex -2) [potion of
                  | mutation]
105925 | Depths:4 | Gained mutation: You passively dampen the noise of your
                  | surroundings. [potion of mutation]
105926 | Depths:4 | Lost mutation: You passively dampen the noise of your
                  | surroundings. [potion of mutation]
105926 | Depths:4 | Gained mutation: Your spells are a little easier to cast,
                  | but a little less powerful. [potion of mutation]
105926 | Depths:4 | Gained mutation: You are strong-willed. (Will+) [potion of
                  | mutation]
105927 | Depths:4 | Lost mutation: You are strong-willed. (Will+) [potion of
                  | mutation]
105927 | Depths:4 | Lost mutation: Your spells are a little easier to cast, but
                  | a little less powerful. [potion of mutation]
105927 | Depths:4 | Gained mutation: Your movements are slightly less
                  | encumbered by armour. (ER -2) [potion of mutation]
105927 | Depths:4 | Gained mutation: You have very sharp teeth. [potion of
                  | mutation]
105928 | Depths:4 | Lost mutation: Your movements are slightly less encumbered
                  | by armour. (ER -2) [potion of mutation]
105928 | Depths:4 | Lost mutation: You have very sharp teeth. [potion of
                  | mutation]
105928 | Depths:4 | Gained mutation: You have a beak for a mouth. [potion of
                  | mutation]
105928 | Depths:4 | Gained mutation: Your movements are slightly less
                  | encumbered by armour. (ER -2) [potion of mutation]
105928 | Depths:4 | Gained mutation: You have supernaturally acute eyesight.
                  | (SInv) [potion of mutation]
105928 | Depths:4 | Gained mutation: You have a somewhat thin skeletal
                  | structure. (Dex +2, Stealth+) [potion of mutation]
105929 | Depths:4 | Lost mutation: You have a somewhat thin skeletal structure.
                  | (Dex +2, Stealth+) [potion of mutation]
105929 | Depths:4 | Lost mutation: Your movements are slightly less encumbered
                  | by armour. (ER -2) [potion of mutation]
105929 | Depths:4 | Lost mutation: You have a beak for a mouth. [potion of
                  | mutation]
105929 | Depths:4 | Gained mutation: You are somewhat resistant to further
                  | mutation. [potion of mutation]
105930 | Depths:4 | Lost mutation: You have supernaturally acute eyesight.
                  | (SInv) [potion of mutation]
105930 | Depths:4 | Lost mutation: You are somewhat resistant to further
                  | mutation. [potion of mutation]
105930 | Depths:4 | Gained mutation: Your spells are a little easier to cast,
                  | but a little less powerful. [potion of mutation]
105931 | Depths:4 | Lost mutation: Your spells are a little easier to cast, but
                  | a little less powerful. [potion of mutation]
105931 | Depths:4 | Gained mutation: You occasionally lose the ability to drink
                  | potions when taking damage. [potion of mutation]
105931 | Depths:4 | Gained mutation: You expend health (3 HP) to strengthen
                  | your wands. [potion of mutation]
105932 | Depths:4 | Lost mutation: You occasionally lose the ability to drink
                  | potions when taking damage. [potion of mutation]
105932 | Depths:4 | Lost mutation: You expend health (3 HP) to strengthen your
                  | wands. [potion of mutation]
105932 | Depths:4 | Gained mutation: You do not regenerate when monsters are
                  | visible. [potion of mutation]
105932 | Depths:4 | Gained mutation: You are robust. (+10% HP) [potion of
                  | mutation]
105932 | Depths:4 | Gained mutation: Your flesh is almost immune to the effects
                  | of heat. (rF+++) [potion of mutation]
105933 | Depths:4 | Lost mutation: You are robust. (+10% HP) [potion of
                  | mutation]
105933 | Depths:4 | Lost mutation: Your flesh is almost immune to the effects
                  | of heat. (rF+++) [potion of mutation]
105933 | Depths:4 | Gained mutation: You are dopey. (Int -2) [potion of
                  | mutation]
105933 | Depths:4 | Gained mutation: You are somewhat resistant to further
                  | mutation. [potion of mutation]
105934 | Depths:4 | Lost mutation: You do not regenerate when monsters are
                  | visible. [potion of mutation]
105934 | Depths:4 | Lost mutation: You are dopey. (Int -2) [potion of mutation]
105934 | Depths:4 | Lost mutation: You are somewhat resistant to further
                  | mutation. [potion of mutation]
105934 | Depths:4 | Gained mutation: Your body sometimes deteriorates upon
                  | taking damage. [potion of mutation]
105935 | Depths:4 | Lost mutation: Your body sometimes deteriorates upon taking
                  | damage. [potion of mutation]
105935 | Depths:4 | Gained mutation: Your muscles are strong. (Str +4, Int/Dex
                  | -1) [potion of mutation]
105935 | Depths:4 | Lost mutation: Your muscles are strong. (Str +4, Int/Dex
                  | -1) [potion of mutation]
105936 | Depths:4 | Gained mutation: Your body sometimes deteriorates upon
                  | taking damage. [potion of mutation]
105936 | Depths:4 | Gained mutation: You expend health (3 HP) to strengthen
                  | your wands. [potion of mutation]
105936 | Depths:4 | Gained mutation: Your skin changes colour to match your
                  | surroundings (Stealth+). [potion of mutation]
105937 | Depths:4 | Lost mutation: Your body sometimes deteriorates upon taking
                  | damage. [potion of mutation]
105937 | Depths:4 | Lost mutation: You expend health (3 HP) to strengthen your
                  | wands. [potion of mutation]
105937 | Depths:4 | Lost mutation: Your skin changes colour to match your
                  | surroundings (Stealth+). [potion of mutation]
105937 | Depths:4 | Gained mutation: Your body sometimes deteriorates upon
                  | taking damage. [potion of mutation]
105937 | Depths:4 | Gained mutation: You occasionally lose the ability to read
                  | scrolls when taking damage. [potion of mutation]
105937 | Depths:4 | Gained mutation: You are somewhat resistant to further
                  | mutation. [potion of mutation]
105938 | Depths:4 | Lost mutation: Your body sometimes deteriorates upon taking
                  | damage. [potion of mutation]
105938 | Depths:4 | Lost mutation: You occasionally lose the ability to read
                  | scrolls when taking damage. [potion of mutation]
105938 | Depths:4 | Lost mutation: You are somewhat resistant to further
                  | mutation. [potion of mutation]
105938 | Depths:4 | Gained mutation: You expend health (3 HP) to strengthen
                  | your wands. [potion of mutation]
105938 | Depths:4 | Gained mutation: You have a pair of small horns on your
                  | head. [potion of mutation]
105939 | Depths:4 | Lost mutation: You expend health (3 HP) to strengthen your
                  | wands. [potion of mutation]
105939 | Depths:4 | Lost mutation: You have a pair of small horns on your head.
                  | [potion of mutation]
105939 | Depths:4 | Gained mutation: Your flesh is almost immune to the effects
                  | of heat. (rF+++) [potion of mutation]
105939 | Depths:4 | Gained mutation: Your natural rate of healing is unusually
                  | fast. [potion of mutation]
105939 | Depths:4 | Gained mutation: Your muscles are strong. (Str +4, Int/Dex
                  | -1) [potion of mutation]
105940 | Depths:4 | Lost mutation: Your flesh is almost immune to the effects
                  | of heat. (rF+++) [potion of mutation]
105940 | Depths:4 | Lost mutation: Your natural rate of healing is unusually
                  | fast. [potion of mutation]
105940 | Depths:4 | Lost mutation: Your muscles are strong. (Str +4, Int/Dex
                  | -1) [potion of mutation]
105940 | Depths:4 | Gained mutation: Your body sometimes deteriorates upon
                  | taking damage. [potion of mutation]
105941 | Depths:4 | Lost mutation: Your body sometimes deteriorates upon taking
                  | damage. [potion of mutation]
105941 | Depths:4 | Gained mutation: Your mind is acute. (Int +4, Str/Dex -1)
                  | [potion of mutation]
105941 | Depths:4 | Gained mutation: You are partially covered in iridescent
                  | scales. (AC +2) [potion of mutation]
105941 | Depths:4 | Gained mutation: Your mind is very acute. (Int +8, Str/Dex
                  | -2) [potion of mutation]
105942 | Depths:4 | Lost mutation: You are partially covered in iridescent
                  | scales. (AC +2) [potion of mutation]
105942 | Depths:4 | Lost mutation: Your mind is very acute. (Int +8, Str/Dex
                  | -2) [potion of mutation]
105942 | Depths:4 | Gained mutation: You have a pair of small horns on your
                  | head. [potion of mutation]
105942 | Depths:4 | Gained mutation: You occasionally lose the ability to drink
                  | potions when taking damage. [potion of mutation]
105943 | Depths:4 | Lost mutation: Your mind is acute. (Int +4, Str/Dex -1)
                  | [potion of mutation]
105943 | Depths:4 | Lost mutation: You have a pair of small horns on your head.
                  | [potion of mutation]
105943 | Depths:4 | Gained mutation: Your flesh is almost immune to the effects
                  | of heat. (rF+++) [potion of mutation]
105943 | Depths:4 | Gained mutation: You have a somewhat thin skeletal
                  | structure. (Dex +2, Stealth+) [potion of mutation]
105944 | Depths:4 | Lost mutation: Your flesh is almost immune to the effects
                  | of heat. (rF+++) [potion of mutation]
105944 | Depths:4 | Lost mutation: You have a somewhat thin skeletal structure.
                  | (Dex +2, Stealth+) [potion of mutation]
105944 | Depths:4 | Lost mutation: You occasionally lose the ability to drink
                  | potions when taking damage. [potion of mutation]
105944 | Depths:4 | Gained mutation: You passively dampen the noise of your
                  | surroundings. [potion of mutation]
105944 | Depths:4 | Gained mutation: You have a pair of small antennae on your
                  | head. [potion of mutation]
105944 | Depths:4 | Gained mutation: You are partially covered in iridescent
                  | scales. (AC +2) [potion of mutation]
105944 | Depths:4 | Gained mutation: Your natural rate of healing is unusually
                  | fast. [potion of mutation]
105945 | Depths:4 | Lost mutation: You passively dampen the noise of your
                  | surroundings. [potion of mutation]
105945 | Depths:4 | Lost mutation: You are partially covered in iridescent
                  | scales. (AC +2) [potion of mutation]
105945 | Depths:4 | Gained mutation: You have supernaturally acute eyesight.
                  | (SInv) [potion of mutation]
105945 | Depths:4 | Gained mutation: You are occasionally teleported next to
                  | monsters. [potion of mutation]
105946 | Depths:4 | Lost mutation: You are occasionally teleported next to
                  | monsters. [potion of mutation]
105946 | Depths:4 | Lost mutation: You have a pair of small antennae on your
                  | head. [potion of mutation]
105946 | Depths:4 | Gained mutation: You are resistant to electric shocks.
                  | (rElec) [potion of mutation]
105947 | Depths:4 | Lost mutation: You have supernaturally acute eyesight.
                  | (SInv) [potion of mutation]
105947 | Depths:4 | Lost mutation: You are resistant to electric shocks.
                  | (rElec) [potion of mutation]
105947 | Depths:4 | Gained mutation: You are clumsy. (Dex -2) [potion of
                  | mutation]
105947 | Depths:4 | Gained mutation: You are robust. (+10% HP) [potion of
                  | mutation]
105947 | Depths:4 | Gained mutation: You are strong-willed. (Will+) [potion of
                  | mutation]
105948 | Depths:4 | Lost mutation: You are strong-willed. (Will+) [potion of
                  | mutation]
105948 | Depths:4 | Lost mutation: You are clumsy. (Dex -2) [potion of
                  | mutation]
105948 | Depths:4 | Lost mutation: You are robust. (+10% HP) [potion of
                  | mutation]
105948 | Depths:4 | Gained mutation: You have hidden genetic defects. [potion
                  | of mutation]
105948 | Depths:4 | Gained mutation: You have supernaturally acute eyesight.
                  | (SInv) [potion of mutation]
105949 | Depths:4 | Lost mutation: Your natural rate of healing is unusually
                  | fast. [potion of mutation]
105949 | Depths:4 | Lost mutation: You have supernaturally acute eyesight.
                  | (SInv) [potion of mutation]
105949 | Depths:4 | Lost mutation: You have hidden genetic defects. [potion of
                  | mutation]
105949 | Depths:4 | Gained mutation: You are partially covered in iridescent
                  | scales. (AC +2) [potion of mutation]
105949 | Depths:4 | Gained mutation: You possess an exceptional clarity of
                  | mind. [potion of mutation]
105949 | Depths:4 | Gained mutation: You are mostly covered in iridescent
                  | scales. (AC +4) [potion of mutation]
105950 | Depths:4 | Lost mutation: You are mostly covered in iridescent scales.
                  | (AC +4) [potion of mutation]
105950 | Depths:4 | Lost mutation: You possess an exceptional clarity of mind.
                  | [potion of mutation]
105950 | Depths:4 | Lost mutation: You are partially covered in iridescent
                  | scales. (AC +2) [potion of mutation]
105950 | Depths:4 | Gained mutation: You are agile. (Dex +4, Str/Int -1)
                  | [potion of mutation]
105950 | Depths:4 | Gained mutation: Your mind is acute. (Int +4, Str/Dex -1)
                  | [potion of mutation]
105951 | Depths:4 | Lost mutation: Your mind is acute. (Int +4, Str/Dex -1)
                  | [potion of mutation]
105951 | Depths:4 | Lost mutation: You are agile. (Dex +4, Str/Int -1) [potion
                  | of mutation]
105951 | Depths:4 | Gained mutation: You are strong-willed. (Will+) [potion of
                  | mutation]
105951 | Depths:4 | Gained mutation: You do not regenerate when monsters are
                  | visible. [potion of mutation]
105952 | Depths:4 | Lost mutation: You do not regenerate when monsters are
                  | visible. [potion of mutation]
105952 | Depths:4 | Lost mutation: You are strong-willed. (Will+) [potion of
                  | mutation]
105952 | Depths:4 | Gained mutation: You are agile. (Dex +4, Str/Int -1)
                  | [potion of mutation]
105953 | Depths:4 | Lost mutation: You are agile. (Dex +4, Str/Int -1) [potion
                  | of mutation]
105953 | Depths:4 | Gained mutation: Your health recovers twice as slowly from
                  | being drained. [potion of mutation]
105953 | Depths:4 | Gained mutation: You have hidden genetic potential. [potion
                  | of mutation]
105954 | Depths:4 | Lost mutation: Your health recovers twice as slowly from
                  | being drained. [potion of mutation]
105954 | Depths:4 | Lost mutation: You have hidden genetic potential. [potion
                  | of mutation]
105954 | Depths:4 | Gained mutation: Your natural rate of healing is unusually
                  | fast. [potion of mutation]
105954 | Depths:4 | Gained mutation: Your spells are a little harder to cast,
                  | but a little more powerful. [potion of mutation]
105954 | Depths:4 | Gained mutation: Armour fits poorly on your strangely
                  | shaped body. [potion of mutation]
105954 | Depths:4 | Gained mutation: You are partially covered in iridescent
                  | scales. (AC +2) [potion of mutation]
105970 | Zig:1    | Entered Level 1 of a ziggurat
105970 | Zig:1    | Noticed a dread lich
105970 | Zig:1    | Noticed a dread lich
105972 | Zig:1    | Killed a dread lich
105972 | Zig:1    | Killed a dread lich
105978 | Zig:2    | Entered Level 2 of a ziggurat
105978 | Zig:2    | Noticed Qikiduck the pandemonium lord
105981 | Zig:2    | Killed Qikiduck the pandemonium lord
105988 | Zig:2    | Acquired a +5 ring of evasion
105996 | Zig:3    | Entered Level 3 of a ziggurat
106026 | Zig:4    | Entered Level 4 of a ziggurat
106046 | Zig:4    | Identified the staff of Pandemonium {rPois Will+ Stlth+
                  | Alchemy}
106051 | Zig:5    | Entered Level 5 of a ziggurat
106093 | Zig:6    | Entered Level 6 of a ziggurat
106122 | Zig:6    | Identified the +0 rapier of the Silent Majority {spect, rN+
                  | Will++}
106130 | Zig:7    | Entered Level 7 of a ziggurat
106131 | Zig:7    | Noticed tls9540's ghost (legendary DrSh)
106132 | Zig:7    | Noticed korenl137's ghost (legendary AtBe)
106133 | Zig:7    | Noticed Ray's ghost (legendary CoWr)
106137 | Zig:7    | Killed Ray's ghost
106137 | Zig:7    | Killed korenl137's ghost
106137 | Zig:7    | Noticed Zacaty's ghost (legendary MiFi)
106138 | Zig:7    | Killed tls9540's ghost
106138 | Zig:7    | Noticed december12's ghost (legendary BaAr)
106141 | Zig:7    | Killed december12's ghost
106142 | Zig:7    | Reached skill level 27 in Unarmed Combat
106142 | Zig:7    | Killed Zacaty's ghost
106142 | Zig:7    | Noticed Caerwyn's ghost (master CoFi)
106146 | Zig:7    | Killed Caerwyn's ghost
106156 | Zig:7    | Found the crystal ball of Wucad Mu {*channel}
106193 | Zig:8    | Entered Level 8 of a ziggurat
106246 | Zig:9    | Entered Level 9 of a ziggurat
106260 | Zig:9    | Noticed Puul the pandemonium lord
106265 | Zig:9    | Killed Puul the pandemonium lord
106296 | Zig:9    | Identified the ring "Suesas" {EV+5 Int+3}
106301 | Zig:9    | Identified the +5 orcbow "Newt's Regret" {speed, rPois
                  | Will+}
106320 | Zig:10   | Entered Level 10 of a ziggurat
106350 | Zig:10   | Found the ring of the Hare {EV+10}
106379 | Zig:10   | Identified the +4 whip of the Battered Stories {flame, rF+}
106389 | Zig:10   | Identified the +11 whip of Puaschyug {freeze, rN+ rCorr
                  | Int+3 Stlth+}
106409 | Zig:11   | Entered Level 11 of a ziggurat
106416 | Zig:11   | Reached skill level 27 in Shields
106424 | Zig:11   | Reached skill level 10 in Maces & Flails
106464 | Zig:11   | Identified the ring of Ryfemoxaef {+Blink rElec Int+6 Dex-5
                  | Stlth+}
106487 | Zig:11   | Identified the +0 chain mail of Heusmik {-Tele rPois rF+
                  | Dex+3}
106520 | Zig:12   | Entered Level 12 of a ziggurat
106524 | Zig:12   | Noticed a juggernaut
106528 | Zig:12   | Noticed a juggernaut
106529 | Zig:12   | Noticed a juggernaut
106529 | Zig:12   | Killed a juggernaut
106529 | Zig:12   | Killed a juggernaut
106530 | Zig:12   | Noticed a juggernaut
106530 | Zig:12   | Killed a juggernaut
106530 | Zig:12   | Noticed a juggernaut
106531 | Zig:12   | Noticed a juggernaut
106531 | Zig:12   | Killed a juggernaut
106531 | Zig:12   | Noticed a juggernaut
106532 | Zig:12   | Killed a juggernaut
106532 | Zig:12   | Killed a juggernaut
106532 | Zig:12   | Noticed a juggernaut
106532 | Zig:12   | Killed a juggernaut
106532 | Zig:12   | Noticed a juggernaut
106534 | Zig:12   | Killed a juggernaut
106534 | Zig:12   | Killed a juggernaut
106534 | Zig:12   | Noticed a juggernaut
106535 | Zig:12   | Killed a juggernaut
106538 | Zig:12   | Reached skill level 15 in Maces & Flails
106538 | Zig:12   | Killed a juggernaut
106550 | Zig:12   | Found the +1 Delatra's gloves {ID++}
106565 | Zig:12   | Identified the staff of Typh {+Blink rPois rF- Dex+3 Stlth+
                  | Alchemy}
106569 | Zig:12   | Identified the +1 robe of the Gate {rPois Regen+ Int+2
                  | Dex+3}
106604 | Zig:13   | Entered Level 13 of a ziggurat
106609 | Zig:13   | Noticed a royal mummy
106610 | Zig:13   | Noticed a royal mummy
106611 | Zig:13   | Noticed a royal mummy
106612 | Zig:13   | Killed a royal mummy
106612 | Zig:13   | Killed a royal mummy
106617 | Zig:13   | Noticed a royal mummy
106618 | Zig:13   | Noticed a royal mummy
106621 | Zig:13   | Noticed a royal mummy
106622 | Zig:13   | Killed a royal mummy
106622 | Zig:13   | Noticed a royal mummy
106623 | Zig:13   | Killed a royal mummy
106623 | Zig:13   | Noticed a royal mummy
106623 | Zig:13   | Killed a royal mummy
106624 | Zig:13   | Killed a royal mummy
106624 | Zig:13   | Noticed a royal mummy
106626 | Zig:13   | Killed a royal mummy
106626 | Zig:13   | Noticed a royal mummy
106627 | Zig:13   | Killed a royal mummy
106628 | Zig:13   | Noticed a royal mummy
106629 | Zig:13   | Killed a royal mummy
106631 | Zig:13   | Killed a royal mummy
106631 | Zig:13   | Noticed a royal mummy
106632 | Zig:13   | Noticed a royal mummy
106633 | Zig:13   | Killed a royal mummy
106633 | Zig:13   | Killed a royal mummy
106633 | Zig:13   | Noticed a royal mummy
106634 | Zig:13   | Noticed a royal mummy
106635 | Zig:13   | Killed a royal mummy
106635 | Zig:13   | Noticed a royal mummy
106636 | Zig:13   | Killed a royal mummy
106636 | Zig:13   | Noticed a royal mummy
106637 | Zig:13   | Noticed a royal mummy
106639 | Zig:13   | Killed a royal mummy
106639 | Zig:13   | Noticed a royal mummy
106639 | Zig:13   | Noticed a royal mummy
106640 | Zig:13   | Killed a royal mummy
106640 | Zig:13   | Noticed a royal mummy
106642 | Zig:13   | Killed a royal mummy
106643 | Zig:13   | Killed a royal mummy
106645 | Zig:13   | Killed a royal mummy
106645 | Zig:13   | Killed a royal mummy
106648 | Zig:13   | Killed a royal mummy
106673 | Zig:13   | Identified the +1 helmet of Sahaagix {Harm rC+ Str+2}
106674 | Zig:13   | Identified the ring "Ophay" {rPois AC+4 SInv Stlth+}
106686 | Zig:13   | Identified the +0 plate armour "Xiywab" {rCorr}
106722 | Zig:14   | Entered Level 14 of a ziggurat
106791 | Zig:14   | Identified the staff of Reinforcement {rElec Dex+5 Tloc
                  | Air}
106793 | Zig:14   | Identified the staff of Jiof {rPois Will+ Ice Alchemy}
106814 | Zig:14   | Identified the ring "Lolosche" {^Contam rN++ EV+5 Str+2
                  | Stlth+}
106815 | Zig:14   | Identified the +0 leather armour of Qethuel {^Contam rC++
                  | Str+3 Dex+4}
106871 | Zig:15   | Entered Level 15 of a ziggurat
106875 | Zig:15   | Noticed Vuoji the pandemonium lord
106877 | Zig:15   | Noticed Zeaf the pandemonium lord
106877 | Zig:15   | Noticed a Killer Klown
106878 | Zig:15   | Noticed a Killer Klown
106878 | Zig:15   | Noticed Ceomef the pandemonium lord
106878 | Zig:15   | Noticed Jiaje the pandemonium lord
106878 | Zig:15   | Noticed a Killer Klown
106879 | Zig:15   | Killed a Killer Klown
106879 | Zig:15   | Killed Ceomef the pandemonium lord
106879 | Zig:15   | Killed Zeaf the pandemonium lord
106879 | Zig:15   | Killed a Killer Klown
106880 | Zig:15   | Killed Vuoji the pandemonium lord
106880 | Zig:15   | Noticed Teppumn the pandemonium lord
106881 | Zig:15   | Killed Jiaje the pandemonium lord
106881 | Zig:15   | Noticed Por Kesera the pandemonium lord
106882 | Zig:15   | Killed Teppumn the pandemonium lord
106882 | Zig:15   | Noticed a Killer Klown
106883 | Zig:15   | Noticed Coafugic the pandemonium lord
106883 | Zig:15   | Noticed a Killer Klown
106883 | Zig:15   | Noticed Maqod the pandemonium lord
106883 | Zig:15   | Killed a Killer Klown
106884 | Zig:15   | Noticed Ekkualoi the pandemonium lord
106884 | Zig:15   | Noticed a Killer Klown
106885 | Zig:15   | Killed a Killer Klown
106885 | Zig:15   | Killed a Killer Klown
106885 | Zig:15   | Noticed Babeh the pandemonium lord
106885 | Zig:15   | Noticed a Killer Klown
106885 | Zig:15   | Noticed Qonitoju the pandemonium lord
106886 | Zig:15   | Noticed Hiylekh the pandemonium lord
106887 | Zig:15   | Killed Coafugic the pandemonium lord
106887 | Zig:15   | Killed Irimp the pandemonium lord
106887 | Zig:15   | Noticed Wirip the pandemonium lord
106887 | Zig:15   | Noticed Kyitysim the pandemonium lord
106888 | Zig:15   | Noticed Qijaots the pandemonium lord
106888 | Zig:15   | Killed Hiylekh the pandemonium lord
106888 | Zig:15   | Killed Kyitysim the pandemonium lord
106888 | Zig:15   | Noticed Jyorehio the pandemonium lord
106888 | Zig:15   | Killed a Killer Klown
106889 | Zig:15   | Killed Ekkualoi the pandemonium lord
106889 | Zig:15   | Killed Maqod the pandemonium lord
106889 | Zig:15   | Killed Babeh the pandemonium lord
106890 | Zig:15   | Killed Qonitoju the pandemonium lord
106890 | Zig:15   | Noticed Ziotweri the pandemonium lord
106890 | Zig:15   | Noticed a Killer Klown
106891 | Zig:15   | Noticed Xabenud the pandemonium lord
106891 | Zig:15   | Killed Qijaots the pandemonium lord
106891 | Zig:15   | Killed Jyorehio the pandemonium lord
106891 | Zig:15   | Killed Wirip the pandemonium lord
106892 | Zig:15   | Killed Cuatedd the pandemonium lord
106892 | Zig:15   | Killed Ziotweri the pandemonium lord
106892 | Zig:15   | Killed a Killer Klown
106893 | Zig:15   | Killed Xabenud the pandemonium lord
106893 | Zig:15   | Noticed a Killer Klown
106894 | Zig:15   | Killed a Killer Klown
106894 | Zig:15   | Noticed Posm the pandemonium lord
106894 | Zig:15   | Noticed a Killer Klown
106895 | Zig:15   | Noticed Gull the pandemonium lord
106896 | Zig:15   | Killed a Killer Klown
106896 | Zig:15   | Killed Por Kesera the pandemonium lord
106896 | Zig:15   | Killed a Killer Klown
106896 | Zig:15   | Noticed Icsy the pandemonium lord
106896 | Zig:15   | Killed a Killer Klown
106897 | Zig:15   | Killed Gull the pandemonium lord
106897 | Zig:15   | Noticed Nuun the pandemonium lord
106898 | Zig:15   | Killed Posm the pandemonium lord
106899 | Zig:15   | Noticed a Killer Klown
106899 | Zig:15   | Killed Nuun the pandemonium lord
106899 | Zig:15   | Killed a Killer Klown
106899 | Zig:15   | Killed Icsy the pandemonium lord
106899 | Zig:15   | Noticed Elyhuck the pandemonium lord
106901 | Zig:15   | Noticed Quzebrit the pandemonium lord
106903 | Zig:15   | Killed Elyhuck the pandemonium lord
106903 | Zig:15   | Noticed Fana the pandemonium lord
106904 | Zig:15   | Killed Quzebrit the pandemonium lord
106907 | Zig:15   | Killed Fana the pandemonium lord
106908 | Zig:15   | Killed a Killer Klown
106909 | Zig:15   | Noticed a Killer Klown
106910 | Zig:15   | Killed a Killer Klown
106913 | Zig:15   | Noticed Cicvuas the pandemonium lord
106919 | Zig:15   | Killed Cicvuas the pandemonium lord
106960 | Zig:15   | Identified the +10 hand axe of the Heavens {flame, rPois
                  | Will+ rCorr}
107027 | Zig:16   | Entered Level 16 of a ziggurat
107157 | Zig:16   | Found the +3 warlock's mirror {omnireflect}
107160 | Zig:16   | Identified the amulet of the Final Decision {Reflect -Tele
                  | ^Fragile rC+ Dex+8 SH+5}
107165 | Zig:16   | Identified the +6 hand axe "Marhosk" {chaos, +Blink rC+
                  | Str-3}
107175 | Zig:16   | Identified the ring of the Ten Knives {Ice Will+ Dex+3
                  | Stlth+}
107177 | Zig:16   | Identified the +3 quick blade "Corrown" {vamp, *Rage rElec
                  | Str+3}
107206 | Zig:17   | Entered Level 17 of a ziggurat
107211 | Zig:17   | Noticed a royal mummy
107211 | Zig:17   | Noticed a royal mummy
107213 | Zig:17   | Noticed a royal mummy
107214 | Zig:17   | Killed a royal mummy
107215 | Zig:17   | Killed a royal mummy
107215 | Zig:17   | Noticed a royal mummy
107215 | Zig:17   | Noticed a royal mummy
107216 | Zig:17   | Noticed a royal mummy
107217 | Zig:17   | Noticed a royal mummy
107218 | Zig:17   | Killed a royal mummy
107220 | Zig:17   | Killed a royal mummy
107220 | Zig:17   | Killed a royal mummy
107221 | Zig:17   | Noticed a royal mummy
107221 | Zig:17   | Noticed a royal mummy
107223 | Zig:17   | Killed a royal mummy
107223 | Zig:17   | Killed a royal mummy
107223 | Zig:17   | Noticed a royal mummy
107223 | Zig:17   | Noticed a royal mummy
107224 | Zig:17   | Killed a royal mummy
107224 | Zig:17   | Noticed a royal mummy
107225 | Zig:17   | Killed a royal mummy
107225 | Zig:17   | Killed a royal mummy
107226 | Zig:17   | Killed a royal mummy
107226 | Zig:17   | Noticed a royal mummy
107226 | Zig:17   | Noticed a royal mummy
107227 | Zig:17   | Noticed a royal mummy
107228 | Zig:17   | Killed a royal mummy
107228 | Zig:17   | Noticed a royal mummy
107228 | Zig:17   | Noticed a royal mummy
107229 | Zig:17   | Noticed a royal mummy
107229 | Zig:17   | Killed a royal mummy
107230 | Zig:17   | Killed a royal mummy
107230 | Zig:17   | Noticed a royal mummy
107230 | Zig:17   | Noticed a royal mummy
107230 | Zig:17   | Noticed a royal mummy
107230 | Zig:17   | Noticed a royal mummy
107230 | Zig:17   | Killed a royal mummy
107231 | Zig:17   | Killed a royal mummy
107231 | Zig:17   | Killed a royal mummy
107231 | Zig:17   | Noticed a royal mummy
107231 | Zig:17   | Noticed a royal mummy
107233 | Zig:17   | Killed a royal mummy
107233 | Zig:17   | Killed a royal mummy
107233 | Zig:17   | Killed a royal mummy
107234 | Zig:17   | Killed a royal mummy
107234 | Zig:17   | Killed a royal mummy
107234 | Zig:17   | Killed a royal mummy
107234 | Zig:17   | Noticed a royal mummy
107235 | Zig:17   | Killed a royal mummy
107235 | Zig:17   | Noticed a royal mummy
107237 | Zig:17   | Noticed a royal mummy
107238 | Zig:17   | Killed a royal mummy
107238 | Zig:17   | Killed a royal mummy
107238 | Zig:17   | Noticed a royal mummy
107240 | Zig:17   | Killed a royal mummy
107240 | Zig:17   | Noticed a royal mummy
107241 | Zig:17   | Noticed a royal mummy
107242 | Zig:17   | Killed a royal mummy
107243 | Zig:17   | Killed a royal mummy
107244 | Zig:17   | Reached skill level 27 in Maces & Flails
107244 | Zig:17   | Killed a royal mummy
107244 | Zig:17   | Noticed a royal mummy
107246 | Zig:17   | Noticed a royal mummy
107247 | Zig:17   | Killed a royal mummy
107249 | Zig:17   | Killed a royal mummy
107249 | Zig:17   | Noticed a royal mummy
107251 | Zig:17   | Killed a royal mummy
107282 | Zig:17   | Identified the +8 storm dragon scales "Lapom" {rElec rCorr}
107290 | Zig:17   | Identified the +6 quarterstaff of Ceusto {protect, Fly}
107291 | Zig:17   | Identified the staff "Iblesew" {+Blink rF+ Fire}
107292 | Zig:17   | Identified the +4 long sword of Sihanusm {drain, rF+ Dex+2}
107294 | Zig:17   | Identified the ring "Ygoykiesopp" {Fire rElec rN+ Str-5
                  | Int+3}
107304 | Zig:17   | Identified the +5 chain mail of Cowardice {rF++ Str+3}
107306 | Zig:17   | Identified the +8 dire flail of Lenys {drain, rElec rF-
                  | Str+3 Dex+3}
107367 | Zig:18   | Entered Level 18 of a ziggurat
107389 | Zig:18   | Reached skill level 10 in Polearms
107392 | Zig:18   | Noticed Xose the pandemonium lord
107399 | Zig:18   | Killed Xose the pandemonium lord
107495 | Zig:18   | Identified the +2 orcbow of Dirugent {drain, Fly rN+ Will+
                  | Int+4}
107496 | Zig:18   | Identified the +5 orcbow of the Purse {drain, rPois rC+}
107497 | Zig:18   | Identified the ring "Kuusalaq" {EV+5 Stlth+}
107504 | Zig:18   | Reached skill level 15 in Polearms
107506 | Zig:18   | Identified the +8 war axe of the Destroying Jester {drain,
                  | rElec Dex+3}
107520 | Zig:18   | Identified the +5 trident "Wackohum" {venom, rN+ Will+}
107522 | Zig:18   | Identified the +1 rapier "Arcanum" {freeze, Dex+5}
107596 | Zig:19   | Entered Level 19 of a ziggurat
107600 | Zig:19   | Noticed a juggernaut
107602 | Zig:19   | Noticed a juggernaut
107605 | Zig:19   | Killed a juggernaut
107608 | Zig:19   | Noticed a juggernaut
107609 | Zig:19   | Noticed a juggernaut
107610 | Zig:19   | Noticed a juggernaut
107610 | Zig:19   | Killed a juggernaut
107611 | Zig:19   | Killed a juggernaut
107612 | Zig:19   | Killed a juggernaut
107612 | Zig:19   | Killed a juggernaut
107615 | Zig:19   | Noticed a juggernaut
107616 | Zig:19   | Noticed a juggernaut
107618 | Zig:19   | Killed a juggernaut
107618 | Zig:19   | Noticed a juggernaut
107620 | Zig:19   | Killed a juggernaut
107621 | Zig:19   | Killed a juggernaut
107700 | Zig:19   | Found the +6 arbalest "Damnation" {damnation}
107805 | Zig:20   | Entered Level 20 of a ziggurat
107916 | Zig:20   | Identified the ring of Jeud {Will- AC+4 Str+7 Int-3}
107917 | Zig:20   | Identified the +4 pair of gloves of Resourcefulness
                  | {Rampage Dex+3}
107918 | Zig:20   | Identified the beast talisman of Terrible Knowledge {*Slow
                  | rN+ Str+4}
107927 | Zig:20   | Identified the +4 morningstar "Usacler" {vamp, rF+}
108023 | Zig:21   | Entered Level 21 of a ziggurat
108192 | Zig:21   | Found the +8 demon blade "Leech" {evervamp, Harm ^Drain
                  | rN+}
108217 | Zig:21   | Identified the +1 war axe of False Hope {drain, ^Fragile
                  | rPois rC++ rN+}
108218 | Zig:21   | Identified the ring "Liutz" {rElec AC+4 Str+4 Int-4}
108304 | Zig:22   | Entered Level 22 of a ziggurat
108313 | Zig:22   | Noticed Orghaff the pandemonium lord
108313 | Zig:22   | Noticed Quwom the pandemonium lord
108317 | Zig:22   | Killed Quwom the pandemonium lord
108317 | Zig:22   | Noticed Yniucim the pandemonium lord
108317 | Zig:22   | Noticed Wigrerhoy the pandemonium lord
108318 | Zig:22   | Noticed Ipsej the pandemonium lord
108318 | Zig:22   | Killed Orghaff the pandemonium lord
108318 | Zig:22   | Killed Wigrerhoy the pandemonium lord
108318 | Zig:22   | Noticed a Killer Klown
108319 | Zig:22   | Noticed Vicwo the pandemonium lord
108319 | Zig:22   | Killed Ipsej the pandemonium lord
108319 | Zig:22   | Noticed Redi the pandemonium lord
108319 | Zig:22   | Noticed a Killer Klown
108319 | Zig:22   | Noticed a Killer Klown
108319 | Zig:22   | Noticed Qecwama the pandemonium lord
108320 | Zig:22   | Killed a Killer Klown
108320 | Zig:22   | Noticed Waunu the pandemonium lord
108321 | Zig:22   | Killed a Killer Klown
108321 | Zig:22   | Killed Qecwama the pandemonium lord
108321 | Zig:22   | Killed Yniucim the pandemonium lord
108321 | Zig:22   | Noticed Kiaq the pandemonium lord
108321 | Zig:22   | Noticed Plog the pandemonium lord
108321 | Zig:22   | Noticed a Killer Klown
108322 | Zig:22   | Noticed Jewnugud the pandemonium lord
108322 | Zig:22   | Noticed a Killer Klown
108322 | Zig:22   | Noticed Owal the pandemonium lord
108323 | Zig:22   | Killed Plog the pandemonium lord
108323 | Zig:22   | Killed a Killer Klown
108323 | Zig:22   | Killed a Killer Klown
108323 | Zig:22   | Noticed Gaelyo the pandemonium lord
108323 | Zig:22   | Killed a Killer Klown
108323 | Zig:22   | Noticed Koloprec the pandemonium lord
108324 | Zig:22   | Noticed Vanol the pandemonium lord
108324 | Zig:22   | Killed Redi the pandemonium lord
108324 | Zig:22   | Killed Gaelyo the pandemonium lord
108324 | Zig:22   | Noticed a Killer Klown
108324 | Zig:22   | Noticed Zuororoyn the pandemonium lord
108324 | Zig:22   | Noticed a Killer Klown
108325 | Zig:22   | Killed Vicwo the pandemonium lord
108325 | Zig:22   | Noticed Xoupiog the pandemonium lord
108325 | Zig:22   | Noticed Loewumarr the pandemonium lord
108325 | Zig:22   | Killed Jewnugud the pandemonium lord
108326 | Zig:22   | Killed a Killer Klown
108326 | Zig:22   | Killed Vanol the pandemonium lord
108326 | Zig:22   | Noticed Nunis the pandemonium lord
108326 | Zig:22   | Noticed Jiucorez the pandemonium lord
108326 | Zig:22   | Noticed Toanig the pandemonium lord
108327 | Zig:22   | Killed Koloprec the pandemonium lord
108327 | Zig:22   | Noticed Cobeofa the pandemonium lord
108327 | Zig:22   | Noticed Plog the pandemonium lord
108327 | Zig:22   | Noticed Idoom the pandemonium lord
108328 | Zig:22   | Killed Owal the pandemonium lord
108329 | Zig:22   | Noticed Unnoseod the pandemonium lord
108329 | Zig:22   | Killed Zuororoyn the pandemonium lord
108329 | Zig:22   | Killed Loewumarr the pandemonium lord
108329 | Zig:22   | Killed Nunis the pandemonium lord
108329 | Zig:22   | Noticed Nillunagh the pandemonium lord
108330 | Zig:22   | Killed Xoupiog the pandemonium lord
108330 | Zig:22   | Killed Jiucorez the pandemonium lord
108330 | Zig:22   | Noticed a Killer Klown
108330 | Zig:22   | Noticed Rahun the pandemonium lord
108330 | Zig:22   | Noticed a Killer Klown
108330 | Zig:22   | Noticed Suxutip the pandemonium lord
108330 | Zig:22   | Killed Idoom the pandemonium lord
108330 | Zig:22   | Noticed Saumuiss the pandemonium lord
108331 | Zig:22   | Killed Cobeofa the pandemonium lord
108331 | Zig:22   | Killed Nillunagh the pandemonium lord
108331 | Zig:22   | Killed a Killer Klown
108331 | Zig:22   | Killed a Killer Klown
108331 | Zig:22   | Killed Kiaq the pandemonium lord
108331 | Zig:22   | Killed a Killer Klown
108331 | Zig:22   | Killed Unnoseod the pandemonium lord
108331 | Zig:22   | Killed a Killer Klown
108331 | Zig:22   | Noticed a Killer Klown
108332 | Zig:22   | Killed Toanig the pandemonium lord
108332 | Zig:22   | Killed Waunu the pandemonium lord
108332 | Zig:22   | Noticed Karazecua the pandemonium lord
108332 | Zig:22   | Killed Plog the pandemonium lord
108332 | Zig:22   | Noticed Gaclug the pandemonium lord
108333 | Zig:22   | Reached skill level 27 in Polearms
108333 | Zig:22   | Killed Suxutip the pandemonium lord
108333 | Zig:22   | Killed a Killer Klown
108334 | Zig:22   | Reached skill level 5 in Short Blades
108334 | Zig:22   | Killed Saumuiss the pandemonium lord
108334 | Zig:22   | Killed Rahun the pandemonium lord
108334 | Zig:22   | Noticed Miotuyph the pandemonium lord
108334 | Zig:22   | Noticed Reholyh the pandemonium lord
108334 | Zig:22   | Noticed a Killer Klown
108334 | Zig:22   | Noticed a Killer Klown
108334 | Zig:22   | Noticed a Killer Klown
108334 | Zig:22   | Noticed a Killer Klown
108334 | Zig:22   | Noticed Gacve the pandemonium lord
108334 | Zig:22   | Noticed a Killer Klown
108334 | Zig:22   | Noticed a Killer Klown
108334 | Zig:22   | Noticed a Killer Klown
108334 | Zig:22   | Noticed a Killer Klown
108334 | Zig:22   | Noticed Dyul the pandemonium lord
108334 | Zig:22   | Noticed Yseahoew the pandemonium lord
108334 | Zig:22   | Noticed Zatulicy the pandemonium lord
108334 | Zig:22   | Noticed Joific the pandemonium lord
108334 | Zig:22   | Noticed a Killer Klown
108334 | Zig:22   | Noticed Etyb the pandemonium lord
108334 | Zig:22   | Noticed Juxt the pandemonium lord
108335 | Zig:22   | Killed Gaclug the pandemonium lord
108338 | Zig:22   | Killed a Killer Klown
108339 | Zig:22   | Reached skill level 10 in Short Blades
108339 | Zig:22   | Killed Miotuyph the pandemonium lord
108339 | Zig:22   | Killed a Killer Klown
108339 | Zig:22   | Killed a Killer Klown
108340 | Zig:22   | Killed Karazecua the pandemonium lord
108341 | Zig:22   | Killed a Killer Klown
108341 | Zig:22   | Killed Yseahoew the pandemonium lord
108342 | Zig:22   | Killed a Killer Klown
108342 | Zig:22   | Killed Etyb the pandemonium lord
108343 | Zig:22   | Killed Gacve the pandemonium lord
108343 | Zig:22   | Killed Reholyh the pandemonium lord
108343 | Zig:22   | Killed a Killer Klown
108344 | Zig:22   | Noticed a Killer Klown
108347 | Zig:22   | Killed Juxt the pandemonium lord
108347 | Zig:22   | Killed a Killer Klown
108347 | Zig:22   | Killed a Killer Klown
108347 | Zig:22   | Killed Dyul the pandemonium lord
108347 | Zig:22   | Killed a Killer Klown
108348 | Zig:22   | Killed Joific the pandemonium lord
108349 | Zig:22   | Reached skill level 15 in Short Blades
108349 | Zig:22   | Killed a Killer Klown
108349 | Zig:22   | Noticed Qoanept the pandemonium lord
108351 | Zig:22   | Killed Zatulicy the pandemonium lord
108351 | Zig:22   | Killed Qoanept the pandemonium lord
108351 | Zig:22   | Noticed a Killer Klown
108351 | Zig:22   | Noticed Ahil the pandemonium lord
108353 | Zig:22   | Killed Ahil the pandemonium lord
108353 | Zig:22   | Noticed a Killer Klown
108353 | Zig:22   | Noticed Miboruy the pandemonium lord
108354 | Zig:22   | Killed Edapadd the pandemonium lord
108355 | Zig:22   | Noticed a Killer Klown
108356 | Zig:22   | Killed a Killer Klown
108357 | Zig:22   | Noticed a Killer Klown
108358 | Zig:22   | Killed Miboruy the pandemonium lord
108361 | Zig:22   | Noticed Effied the pandemonium lord
108362 | Zig:22   | Killed a Killer Klown
108362 | Zig:22   | Noticed Tyashrul the pandemonium lord
108363 | Zig:22   | Killed Tyashrul the pandemonium lord
108364 | Zig:22   | Killed Effied the pandemonium lord
108437 | Zig:22   | Identified the +2 hand axe "Pirie" {distort, Fly rCorr
                  | Str+2}
108443 | Zig:22   | Identified the +4 hand axe of Zin's Castigation {flame, rF+
                  | Will+ Dex+3 SInv}
108449 | Zig:22   | Identified the staff "Afehimp" {rC+ Will+ Dex-3 Ice
                  | Alchemy}
108465 | Zig:22   | Identified the staff of Binioh {rC+ Will+ rCorr Str-4 Dex+3
                  | Ice}
108466 | Zig:22   | Identified the +5 sling of Wu Jian, Grinning {speed, *Slow
                  | Int+3 Dex+2}
108468 | Zig:22   | Identified the ring "Jatsol" {Fly rF+ MP+9 Int-5 Dex+4}
108547 | Zig:23   | Entered Level 23 of a ziggurat
108583 | Zig:23   | Noticed an ancient lich
108585 | Zig:23   | Killed an ancient lich
108658 | Zig:23   | Identified the +7 falchion "Jois" {speed, Will+}
108665 | Zig:23   | Identified the +3 spear "Toagopuzxus" {flame, rElec}
108667 | Zig:23   | Identified the +2 falchion of Watchfulness {pain, *Corrode
                  | Int+9}
108669 | Zig:23   | Identified the +6 scale mail "Myusax" {Regen+ Str+2}
108675 | Zig:23   | Identified the +1 hand axe "Alliang" {antimagic, rElec
                  | rPois}
108679 | Zig:23   | Identified the staff "Worm" {rPois rC++ Earth}
108684 | Zig:23   | Identified the +5 arbalest "Djinni's Doom" {speed, rC- rN+
                  | Int-5 Dex+8}
108691 | Zig:23   | Identified the +5 plate armour of Sunlight {rElec}
108766 | Zig:24   | Entered Level 24 of a ziggurat
108820 | Zig:24   | Reached skill level 27 in Short Blades
108823 | Zig:24   | Reached skill level 5 in Long Blades
108824 | Zig:24   | Noticed Suges Kueco the pandemonium lord
108827 | Zig:24   | Killed Suges Kueco the pandemonium lord
108832 | Zig:24   | Reached skill level 10 in Long Blades
108918 | Zig:24   | Found the +1 eveningstar "Brilliance" {foul flame, Umbra}
108921 | Zig:24   | Found the +12 glaive of Prune {freeze, Prune}
108933 | Zig:24   | Identified the +7 hand axe of Overwhelming Force {drain,
                  | *Noise rC+ Int+2 Dex+6}
108942 | Zig:24   | Identified the ring "Yfytog" {rF+ rN++ Str-4 Int+4}
108943 | Zig:24   | Identified the +2 ring mail of Trial and Error {rCorr}
109052 | Zig:25   | Entered Level 25 of a ziggurat
109060 | Zig:25   | Noticed Pomymus the pandemonium lord
109063 | Zig:25   | Killed Pomymus the pandemonium lord
109064 | Zig:25   | Noticed Qaghe the pandemonium lord
109064 | Zig:25   | Noticed Dicuixt the pandemonium lord
109066 | Zig:25   | Killed Dicuixt the pandemonium lord
109066 | Zig:25   | Noticed Ninu the pandemonium lord
109066 | Zig:25   | Noticed Tefabbuj the pandemonium lord
109066 | Zig:25   | Noticed Jeeklas the pandemonium lord
109066 | Zig:25   | Killed Qaghe the pandemonium lord
109067 | Zig:25   | Killed Tefabbuj the pandemonium lord
109067 | Zig:25   | Noticed Venuarch the pandemonium lord
109068 | Zig:25   | Noticed Niroob the pandemonium lord
109068 | Zig:25   | Killed Ninu the pandemonium lord
109069 | Zig:25   | Killed Niroob the pandemonium lord
109069 | Zig:25   | Noticed Duban the pandemonium lord
109069 | Zig:25   | Noticed Ypiacly the pandemonium lord
109070 | Zig:25   | Killed Jeeklas the pandemonium lord
109071 | Zig:25   | Killed Duban the pandemonium lord
109071 | Zig:25   | Killed Venuarch the pandemonium lord
109071 | Zig:25   | Noticed Bucwood the pandemonium lord
109071 | Zig:25   | Noticed Horchomn the pandemonium lord
109072 | Zig:25   | Killed Ypiacly the pandemonium lord
109072 | Zig:25   | Noticed Heitypre the pandemonium lord
109072 | Zig:25   | Noticed Xidan the pandemonium lord
109073 | Zig:25   | Noticed Qog Yff the pandemonium lord
109073 | Zig:25   | Noticed a Killer Klown
109074 | Zig:25   | Noticed Rah Ken the pandemonium lord
109074 | Zig:25   | Noticed Itzocs Sasta the pandemonium lord
109075 | Zig:25   | Killed Bucwood the pandemonium lord
109075 | Zig:25   | Noticed Ewaguath the pandemonium lord
109075 | Zig:25   | Noticed Yzegagid the pandemonium lord
109075 | Zig:25   | Noticed Qynaun the pandemonium lord
109075 | Zig:25   | Noticed Ulolaed the pandemonium lord
109075 | Zig:25   | Noticed Ryatsism the pandemonium lord
109076 | Zig:25   | Killed Xidan the pandemonium lord
109076 | Zig:25   | Killed Itzocs Sasta the pandemonium lord
109076 | Zig:25   | Killed Heitypre the pandemonium lord
109076 | Zig:25   | Killed a Killer Klown
109076 | Zig:25   | Killed Horchomn the pandemonium lord
109076 | Zig:25   | Noticed Bocw the pandemonium lord
109076 | Zig:25   | Noticed Qujeq the pandemonium lord
109077 | Zig:25   | Killed Bocw the pandemonium lord
109077 | Zig:25   | Killed Ewaguath the pandemonium lord
109078 | Zig:25   | Killed Ulolaed the pandemonium lord
109079 | Zig:25   | Killed Rah Ken the pandemonium lord
109080 | Zig:25   | Killed Yzegagid the pandemonium lord
109080 | Zig:25   | Killed Ryatsism the pandemonium lord
109081 | Zig:25   | Killed Qog Yff the pandemonium lord
109084 | Zig:25   | Killed Qujeq the pandemonium lord
109085 | Zig:25   | Noticed Ryeletar the pandemonium lord
109086 | Zig:25   | Noticed Eluwurr the pandemonium lord
109086 | Zig:25   | Noticed a Killer Klown
109087 | Zig:25   | Killed a Killer Klown
109088 | Zig:25   | Killed Eluwurr the pandemonium lord
109088 | Zig:25   | Killed a Killer Klown
109089 | Zig:25   | Killed Ryeletar the pandemonium lord
109089 | Zig:25   | Noticed Taim the pandemonium lord
109089 | Zig:25   | Noticed Motas the pandemonium lord
109089 | Zig:25   | Noticed Vipavowash the pandemonium lord
109090 | Zig:25   | Killed Zidonn the pandemonium lord
109090 | Zig:25   | Killed Vipavowash the pandemonium lord
109090 | Zig:25   | Killed Zicaol the pandemonium lord
109090 | Zig:25   | Killed Dexameh the pandemonium lord
109090 | Zig:25   | Noticed Piyd the pandemonium lord
109090 | Zig:25   | Noticed a Killer Klown
109091 | Zig:25   | Killed Motas the pandemonium lord
109092 | Zig:25   | Killed Taim the pandemonium lord
109092 | Zig:25   | Killed a Killer Klown
109092 | Zig:25   | Noticed a Killer Klown
109092 | Zig:25   | Noticed Enwyed the pandemonium lord
109093 | Zig:25   | Killed Ucreuron the pandemonium lord
109093 | Zig:25   | Killed a Killer Klown
109093 | Zig:25   | Killed Ydwoddut the pandemonium lord
109094 | Zig:25   | Killed Piyd the pandemonium lord
109094 | Zig:25   | Killed Enwyed the pandemonium lord
109094 | Zig:25   | Noticed Ragyfaera the pandemonium lord
109096 | Zig:25   | Noticed Taguewk the pandemonium lord
109096 | Zig:25   | Noticed Cysy the pandemonium lord
109097 | Zig:25   | Killed Ragyfaera the pandemonium lord
109097 | Zig:25   | Noticed Laewaf the pandemonium lord
109097 | Zig:25   | Noticed Xarphen the pandemonium lord
109098 | Zig:25   | Killed Taguewk the pandemonium lord
109098 | Zig:25   | Killed Ecrivul the pandemonium lord
109098 | Zig:25   | Noticed Tyogik the pandemonium lord
109099 | Zig:25   | Killed Xausuo the pandemonium lord
109099 | Zig:25   | Killed Tyogik the pandemonium lord
109099 | Zig:25   | Killed Cysy the pandemonium lord
109100 | Zig:25   | Killed Laewaf the pandemonium lord
109100 | Zig:25   | Killed Qynaun the pandemonium lord
109100 | Zig:25   | Killed a Killer Klown
109100 | Zig:25   | Noticed Ussuit the pandemonium lord
109101 | Zig:25   | Killed Xarphen the pandemonium lord
109101 | Zig:25   | Noticed a Killer Klown
109101 | Zig:25   | Noticed Edomet the pandemonium lord
109102 | Zig:25   | Noticed a Killer Klown
109102 | Zig:25   | Noticed Wugot the pandemonium lord
109102 | Zig:25   | Noticed a Killer Klown
109103 | Zig:25   | Noticed Xuixzoota the pandemonium lord
109103 | Zig:25   | Killed a Killer Klown
109103 | Zig:25   | Killed a Killer Klown
109103 | Zig:25   | Killed a Killer Klown
109103 | Zig:25   | Noticed Dati the pandemonium lord
109103 | Zig:25   | Noticed a Killer Klown
109103 | Zig:25   | Noticed Iplegom the pandemonium lord
109104 | Zig:25   | Killed Xuixzoota the pandemonium lord
109104 | Zig:25   | Noticed Saorue the pandemonium lord
109104 | Zig:25   | Killed Paewkeis the pandemonium lord
109105 | Zig:25   | Killed Wugot the pandemonium lord
109105 | Zig:25   | Killed Edomet the pandemonium lord
109105 | Zig:25   | Killed Ussuit the pandemonium lord
109105 | Zig:25   | Noticed Zonotziu the pandemonium lord
109106 | Zig:25   | Killed Iplegom the pandemonium lord
109106 | Zig:25   | Killed Dati the pandemonium lord
109106 | Zig:25   | Killed a Killer Klown
109106 | Zig:25   | Killed Ywyah Irhe the pandemonium lord
109107 | Zig:25   | Noticed a Killer Klown
109107 | Zig:25   | Killed a Killer Klown
109108 | Zig:25   | Killed Saorue the pandemonium lord
109108 | Zig:25   | Killed Ytzeru the pandemonium lord
109108 | Zig:25   | Noticed Gawuocs the pandemonium lord
109109 | Zig:25   | Killed a Killer Klown
109109 | Zig:25   | Killed Gawuocs the pandemonium lord
109109 | Zig:25   | Killed Zonotziu the pandemonium lord
109110 | Zig:25   | Noticed a Killer Klown
109110 | Zig:25   | Killed a Killer Klown
109110 | Zig:25   | Killed a Killer Klown
109110 | Zig:25   | Noticed Goovaor the pandemonium lord
109111 | Zig:25   | Killed Goovaor the pandemonium lord
109111 | Zig:25   | Noticed Uggah the pandemonium lord
109111 | Zig:25   | Noticed Cuefiwiu the pandemonium lord
109111 | Zig:25   | Noticed Ycryidgh the pandemonium lord
109112 | Zig:25   | Killed Ycryidgh the pandemonium lord
109112 | Zig:25   | Killed a Killer Klown
109113 | Zig:25   | Killed Cuefiwiu the pandemonium lord
109113 | Zig:25   | Killed Uggah the pandemonium lord
109114 | Zig:25   | Noticed Hugiu the pandemonium lord
109115 | Zig:25   | Killed Hugiu the pandemonium lord
109115 | Zig:25   | Noticed Tickup the pandemonium lord
109115 | Zig:25   | Noticed Garripn the pandemonium lord
109116 | Zig:25   | Killed Garripn the pandemonium lord
109117 | Zig:25   | Noticed a Killer Klown
109117 | Zig:25   | Killed a Killer Klown
109118 | Zig:25   | Killed Tickup the pandemonium lord
109118 | Zig:25   | Noticed Ishafou the pandemonium lord
109118 | Zig:25   | Noticed Utaiggum the pandemonium lord
109120 | Zig:25   | Killed Ishafou the pandemonium lord
109122 | Zig:25   | Noticed Muzi the pandemonium lord
109123 | Zig:25   | Killed Utaiggum the pandemonium lord
109124 | Zig:25   | Noticed a Killer Klown
109124 | Zig:25   | Noticed a Killer Klown
109124 | Zig:25   | Noticed Meocsaet the pandemonium lord
109124 | Zig:25   | Noticed Neucvirich the pandemonium lord
109125 | Zig:25   | Killed a Killer Klown
109125 | Zig:25   | Killed a Killer Klown
109126 | Zig:25   | Killed Muzi the pandemonium lord
109126 | Zig:25   | Killed Meocsaet the pandemonium lord
109126 | Zig:25   | Killed Neucvirich the pandemonium lord
109251 | Zig:25   | Identified the staff of Zanank {rPois Str+5 Dex+3 Alchemy}
109255 | Zig:25   | Identified the amulet of New Discoveries {*Slow rN+ Will+
                  | RegenMP+}
109265 | Zig:25   | Identified the +5 scimitar "Huevaruc" {flame, rF+ Int+5
                  | Dex+2}
109268 | Zig:25   | Identified the +9 flail of Victory {drain, *Rage rF+++
                  | rCorr Int+4}
109269 | Zig:25   | Identified the amulet of Trepidation {Spirit rC+ Str+2}
109328 | Zig:26   | Entered Level 26 of a ziggurat
109359 | Zig:26   | Noticed an ancient lich
109360 | Zig:26   | Noticed a dread lich
109361 | Zig:26   | Noticed a dread lich
109361 | Zig:26   | Noticed an ancient lich
109361 | Zig:26   | Noticed a dread lich
109363 | Zig:26   | Killed an ancient lich
109363 | Zig:26   | Killed a dread lich
109363 | Zig:26   | Killed a dread lich
109363 | Zig:26   | Killed a dread lich
109363 | Zig:26   | Killed an ancient lich
109364 | Zig:26   | Noticed an ancient lich
109366 | Zig:26   | Killed an ancient lich
109368 | Zig:26   | Noticed a dread lich
109369 | Zig:26   | Killed a dread lich
109370 | Zig:26   | Noticed a dread lich
109373 | Zig:26   | Killed a dread lich
109373 | Zig:26   | Noticed a dread lich
109373 | Zig:26   | Noticed an ancient lich
109373 | Zig:26   | Noticed a dread lich
109373 | Zig:26   | Noticed a dread lich
109374 | Zig:26   | Reached skill level 27 in Long Blades
109375 | Zig:26   | Killed a dread lich
109375 | Zig:26   | Killed a dread lich
109375 | Zig:26   | Noticed a dread lich
109376 | Zig:26   | Killed an ancient lich
109376 | Zig:26   | Killed a dread lich
109376 | Zig:26   | Killed a dread lich
109376 | Zig:26   | Noticed an ancient lich
109377 | Zig:26   | Killed an ancient lich
109377 | Zig:26   | Noticed an ancient lich
109379 | Zig:26   | Killed an ancient lich
109379 | Zig:26   | Noticed a dread lich
109381 | Zig:26   | Killed a dread lich
109381 | Zig:26   | Noticed an ancient lich
109381 | Zig:26   | Noticed an ancient lich
109382 | Zig:26   | Noticed an ancient lich
109382 | Zig:26   | Noticed an ancient lich
109383 | Zig:26   | Killed an ancient lich
109383 | Zig:26   | Killed an ancient lich
109383 | Zig:26   | Noticed an ancient lich
109384 | Zig:26   | Killed an ancient lich
109384 | Zig:26   | Killed an ancient lich
109385 | Zig:26   | Killed an ancient lich
109385 | Zig:26   | Noticed an ancient lich
109386 | Zig:26   | Noticed an ancient lich
109388 | Zig:26   | Killed an ancient lich
109389 | Zig:26   | Killed an ancient lich
109389 | Zig:26   | Noticed a dread lich
109391 | Zig:26   | Killed a dread lich
109525 | Zig:26   | Found the necklace of Bloodlust {Fury *Rage Will++ Int-3
                  | Slay+6}
109527 | Zig:26   | Found the +9 sword of Power {lifebolt}
109532 | Zig:26   | Identified the +6 sling "Beetlebane" {heavy, Str+6}
109534 | Zig:26   | Identified the +8 orcbow of the Futuristic God {flame, rN+
                  | Will+ Dex+3}
109537 | Zig:26   | Identified the +1 trident "Bedaluiph" {elec, Str+3}
109548 | Zig:26   | Identified the staff "Doilek" {rC- Int+5 Conj Air}
109563 | Zig:26   | Identified the +1 buckler of the Hot Ocelot {+Blink rPois
                  | rC+}
109587 | Zig:27   | Entered Level 27 of a ziggurat
109595 | Zig:27   | Noticed a juggernaut
109595 | Zig:27   | Noticed a juggernaut
109598 | Zig:27   | Killed a juggernaut
109598 | Zig:27   | Killed a juggernaut
109598 | Zig:27   | Noticed a juggernaut
109598 | Zig:27   | Noticed a juggernaut
109600 | Zig:27   | Noticed a juggernaut
109601 | Zig:27   | Killed a juggernaut
109601 | Zig:27   | Noticed a juggernaut
109601 | Zig:27   | Noticed a juggernaut
109603 | Zig:27   | Killed a juggernaut
109603 | Zig:27   | Noticed a juggernaut
109603 | Zig:27   | Noticed a juggernaut
109603 | Zig:27   | Killed a juggernaut
109604 | Zig:27   | Killed a juggernaut
109604 | Zig:27   | Noticed a juggernaut
109604 | Zig:27   | Killed a juggernaut
109604 | Zig:27   | Noticed a juggernaut
109605 | Zig:27   | Killed a juggernaut
109605 | Zig:27   | Killed a juggernaut
109606 | Zig:27   | Killed a juggernaut
109606 | Zig:27   | Noticed a juggernaut
109607 | Zig:27   | Killed a juggernaut
109607 | Zig:27   | Noticed a juggernaut
109607 | Zig:27   | Noticed a juggernaut
109608 | Zig:27   | Noticed a juggernaut
109608 | Zig:27   | Noticed a juggernaut
109609 | Zig:27   | Killed a juggernaut
109609 | Zig:27   | Noticed a juggernaut
109609 | Zig:27   | Noticed a juggernaut
109610 | Zig:27   | Killed a juggernaut
109610 | Zig:27   | Killed a juggernaut
109610 | Zig:27   | Killed a juggernaut
109610 | Zig:27   | Noticed a juggernaut
109611 | Zig:27   | Killed a juggernaut
109611 | Zig:27   | Killed a juggernaut
109611 | Zig:27   | Killed a juggernaut
109612 | Zig:27   | Killed a juggernaut
109613 | Zig:27   | Noticed a juggernaut
109613 | Zig:27   | Noticed a juggernaut
109614 | Zig:27   | Noticed a juggernaut
109615 | Zig:27   | Killed a juggernaut
109615 | Zig:27   | Killed a juggernaut
109615 | Zig:27   | Noticed a juggernaut
109615 | Zig:27   | Noticed a juggernaut
109615 | Zig:27   | Killed a juggernaut
109617 | Zig:27   | Killed a juggernaut
109618 | Zig:27   | Killed a juggernaut
109618 | Zig:27   | Noticed a juggernaut
109620 | Zig:27   | Killed a juggernaut
109620 | Zig:27   | Noticed a juggernaut
109620 | Zig:27   | Noticed a juggernaut
109621 | Zig:27   | Killed a juggernaut
109621 | Zig:27   | Killed a juggernaut
109622 | Zig:27   | Noticed a juggernaut
109623 | Zig:27   | Noticed a juggernaut
109624 | Zig:27   | Noticed a juggernaut
109624 | Zig:27   | Killed a juggernaut
109625 | Zig:27   | Killed a juggernaut
109627 | Zig:27   | Killed a juggernaut
109627 | Zig:27   | Noticed a juggernaut
109627 | Zig:27   | Noticed a juggernaut
109629 | Zig:27   | Killed a juggernaut
109629 | Zig:27   | Killed a juggernaut
109629 | Zig:27   | Noticed a juggernaut
109632 | Zig:27   | Killed a juggernaut
109810 | Zig:27   | Found the +2 Maxwell's thermic engine {flame, freeze, rev}
109813 | Zig:27   | Identified the +1 cloak "Zifaus" {rF+ Regen+}
109836 | Zig:27   | Identified the staff "Xudgheow" {rElec rPois Will++ Int-4
                  | Earth}
109837 | Zig:27   | Identified the ring of Veism {Will+ Int+6 Slay+2}
109845 | Zig:27   | Identified the +9 great mace of Distant Shores {freeze,
                  | rElec rPois Dex+2}
109853 | Zig:27   | Identified the +7 short sword "Cutow" {distort, *Slow rElec
                  | Stlth+}
109859 | Zig:27   | Identified the +4 war axe of Kismet {heavy, Str+4 Dex+3}
109917 | Zig:1    | Entered Level 1 of a ziggurat
109917 | Zig:1    | Noticed an orb of fire
109919 | Zig:1    | Noticed an orb of fire
109922 | Zig:1    | Killed an orb of fire
109922 | Zig:1    | Killed an orb of fire
109934 | Zig:2    | Entered Level 2 of a ziggurat
109935 | Zig:2    | Noticed an ancient lich
109935 | Zig:2    | Noticed an ancient lich
109935 | Zig:2    | Noticed an ancient lich
109937 | Zig:2    | Killed an ancient lich
109937 | Zig:2    | Killed an ancient lich
109938 | Zig:2    | Killed an ancient lich
109955 | Zig:3    | Entered Level 3 of a ziggurat
109977 | Zig:4    | Entered Level 4 of a ziggurat
109996 | Zig:4    | Identified the +5 sling "Diawkav" {freeze, Fly rElec rN+++
                  | Int-2}
110002 | Zig:5    | Entered Level 5 of a ziggurat
110002 | Zig:5    | Noticed a shard shrike
110004 | Zig:5    | Killed a shard shrike
110009 | Zig:5    | Noticed a shard shrike
110010 | Zig:5    | Noticed a shard shrike
110011 | Zig:5    | Killed a shard shrike
110012 | Zig:5    | Killed a shard shrike
110035 | Zig:5    | Identified the ring of Masak {rElec rPois EV+5}
110051 | Zig:6    | Entered Level 6 of a ziggurat
110066 | Zig:6    | Noticed Qeifynneu the pandemonium lord
110067 | Zig:6    | Killed Qeifynneu the pandemonium lord
110095 | Zig:6    | Identified the +2 hand axe of Adatecs {elec, Dex+4}
110110 | Zig:7    | Entered Level 7 of a ziggurat
110122 | Zig:7    | Noticed Hoabuaj the pandemonium lord
110125 | Zig:7    | Killed Hoabuaj the pandemonium lord
110159 | Zig:7    | Identified the +8 plate armour of Syndicalism {Int+3 SInv}
110167 | Zig:8    | Entered Level 8 of a ziggurat
110196 | Zig:8    | Found the macabre finger necklace {Finger+ rN+}
110214 | Zig:8    | Identified the +6 flail of Qarphead {heavy, Fly rC- Int+4
                  | SInv}
110216 | Zig:8    | Identified the +6 shortbow of Tarphink {freeze, rC+ Int+5}
110227 | Zig:9    | Entered Level 9 of a ziggurat
110230 | Zig:9    | Noticed an ancient lich
110232 | Zig:9    | Noticed a dread lich
110233 | Zig:9    | Killed an ancient lich
110234 | Zig:9    | Killed a dread lich
110234 | Zig:9    | Noticed a dread lich
110235 | Zig:9    | Noticed an ancient lich
110236 | Zig:9    | Noticed an ancient lich
110236 | Zig:9    | Noticed an ancient lich
110237 | Zig:9    | Killed an ancient lich
110237 | Zig:9    | Noticed an ancient lich
110237 | Zig:9    | Noticed an ancient lich
110237 | Zig:9    | Noticed a dread lich
110238 | Zig:9    | Killed a dread lich
110238 | Zig:9    | Killed an ancient lich
110238 | Zig:9    | Killed an ancient lich
110238 | Zig:9    | Noticed a dread lich
110238 | Zig:9    | Noticed a dread lich
110239 | Zig:9    | Killed an ancient lich
110239 | Zig:9    | Killed a dread lich
110239 | Zig:9    | Killed a dread lich
110239 | Zig:9    | Noticed an ancient lich
110239 | Zig:9    | Noticed a dread lich
110239 | Zig:9    | Noticed an ancient lich
110240 | Zig:9    | Killed a dread lich
110240 | Zig:9    | Killed a dread lich
110240 | Zig:9    | Noticed a dread lich
110240 | Zig:9    | Noticed an ancient lich
110241 | Zig:9    | Killed an ancient lich
110241 | Zig:9    | Killed an ancient lich
110241 | Zig:9    | Killed an ancient lich
110241 | Zig:9    | Noticed a dread lich
110242 | Zig:9    | Killed an ancient lich
110243 | Zig:9    | Killed a dread lich
110243 | Zig:9    | Killed a dread lich
110244 | Zig:9    | Noticed a dread lich
110244 | Zig:9    | Noticed a dread lich
110246 | Zig:9    | Killed a dread lich
110247 | Zig:9    | Killed a dread lich
110247 | Zig:9    | Noticed a dread lich
110250 | Zig:9    | Killed a dread lich
110278 | Zig:9    | Identified the staff "Moho" {rPois Will+ Conj Ice Air}
110297 | Zig:10   | Entered Level 10 of a ziggurat
110359 | Zig:11   | Entered Level 11 of a ziggurat
110433 | Zig:11   | Identified the +0 shortbow of Doom {flame, ^Contam rN+++
                  | Int+3 Dex+3}
110452 | Zig:12   | Entered Level 12 of a ziggurat
110478 | Zig:12   | Noticed Ludireh the pandemonium lord
110488 | Zig:12   | Killed Ludireh the pandemonium lord
110547 | Zig:12   | Identified the +6 falchion of the Brain {flame, Dex+4}
110552 | Zig:12   | Identified the +5 glaive of Youthful Indiscretion {flame,
                  | *Noise Str+3 Dex+3}
110553 | Zig:12   | Identified the +1 scimitar "Jely" {freeze, ^Fragile rElec
                  | Str+2}
110593 | Zig:13   | Entered Level 13 of a ziggurat
110607 | Zig:13   | HP: 11/228 [iron golem (34)]
110607 | Zig:13   | Mangled by an iron golem

Illustrated notes

Levels and vault maps discovered:
D:1:      lightli_molten_gateway, layout_loops_ring, serial_shops, shop,
          hangedman_abyss_or_decor_stabs, st_stairs_5, minmay_tiny_reverse_x
D:2:      layout_loops_ring, serial_shops, shop, kennysheep_generic_room_14
D:3:      layout_loops_ring, shapermc_ecumenical_altar_mp_urbaneastern,
          minmay_misc_feat_x, chequers_serial_rivers_micro_a,
          minmay_gold_behind_fungi, chequers_mini_garden, nrook_mini_vaults,
          minmay_misc_feat_iff, serial_bayou_pond_b, dk_noncrumbling_3,
          nicolae_shop_vocational
D:4:      layout_basic, uniq_menkaure
D:5:      layout_loops_ring, gammafunk_temple_overflow_elements,
          reono_crystal_passage, uniq_pikel, uniq_blork_the_orc
D:6:      nicolae_cairo_tiling_large_dashed, layout_loops_ring,
          regret_index_kikubaaqudgha_part_by_part, minmay_temple_entry_glass,
          wad_floor_pattern_untrapped
D:7:      layout_loops_corners, zin_scriptorium, minmay_the_grid_2x2
          [minmay_the_grid_empty, minmay_the_grid_mess, minmay_the_grid_armoury,
          minmay_the_grid_prize_shrinking_boxes]
D:8:      layout_gridville, erik_lair_island
D:9:      layout_cave_pods, nicolae_overflow_two_pavilions,
          nicolae_overflow_crystal_walls,
          kennysheep_orc_monster_closet_entryway, uniq_grum
D:10:     layout_loops_ring, mainiacjoe_overflow_catwalk, special_room
          [special_room_bee], enter_bailey_3, nicolae_shop_gadgets
D:11:     layout_rooms, serial_shops, shop, nicolae_trove_entry_crystal
D:12:     layout_gridville, serial_shops, shop, nicolae_doodle_vault,
          uniq_maurice
D:13:     layout_rooms
D:14:     kennysheep_demon_hangout, layout_long_grid, david_vaults_5,
          serial_shops, kennysheep_mini, serial_undead, serial_undead_e,
          serial_undead_d, serial_undead_f, serial_undead_b, serial_undead_f,
          serial_undead_a, hangedman_abyss_or_decor_lesser_grid
D:15:     hangedman_depths_entry_try_elsewhere_first, layout_cave_pools,
          minmay_stone_trees_medium, trog_ov_bears_minmay
Temple:   eino_narrow_crystal_temple
Lair:1:   layout_misc_corridors
Lair:2:   layout_misc_corridors, mainiacjoe_swamp_entry_angry_trees,
          serial_bayou_shore_b
Lair:3:   layout_roguey, dummy_spider_entry
Lair:4:   layout_gridlike, cheibrodos_lair_lostbears
Lair:5:   hellmonk_lair_end_abyssal_woods, layout_misc_corridors, slime_entry_1,
          portal_ice_cave_entry_ice_simulacra, gammafunk_lair_bear_cave
Swamp:1:  layout_basic_swamp, infiniplex_staircase_pool, swamp_pool_1_2
Swamp:2:  layout_basic_swamp, serial_swamp_ruin, hangedman_swamp_ruin_wall,
          evilmike_swamp_ruin_house_6
Swamp:3:  layout_basic_swamp, evilmike_swamp_ruin_rubble_1, uniq_roxanne
Swamp:4:  swamp_old_school, layout_basic_swamp, gammafunk_ghost_hydra_chop,
          swamp_pool_1_2
Spider:1: layout_cave_pods, drop_trap, uniq_kirke
Spider:2: layout_spider_delve, gammafunk_ghost_split, nicolae_spider_bug_shape
Spider:3: layout_chambers, nicolae_spider_world_wide_web, uniq_arachne
Spider:4: spider_rune_water, nicolae_spider_undead_wolf_pack
Slime:1:  layout_caves
Slime:2:  layout_caves, dissolution_awaits, uniq_dissolution
Slime:3:  layout_caves
Slime:4:  nicolae_slime_jelly_donut, layout_caves
Slime:5:  slime_pit_nicolae_royal_road_to_ruin
Orc:1:    layout_caves
Orc:2:    grunt_orc_community_town_hall, layout_caves,
          grunt_orc_community_big_house_1, grunt_orc_community_big_house_1,
          grunt_orc_community_house_2, grunt_orc_community_house_3,
          grunt_orc_community_house_2, grunt_orc_community_house_1,
          grunt_orc_community_house_3, grunt_orc_community_house_3,
          nicolae_orc_rockfall, nicolae_orc_flooded_monolith
Elf:1:    minmay_elf_arrival_circle, layout_loops_cross, serial_sigils,
          serial_sigils_hangedman_stare, serial_sigils_hangedman_gut,
          serial_sigils_hangedman_scar, serial_sigils_hangedman_gnaw,
          serial_sigils_hangedman_quiver, serial_shops,
          nicolae_shop_tiny_real_fake_doors, nicolae_elf_shapeshifter_party,
          minmay_misc_feat_pillars
Elf:2:    elven_hall_of_blades_hangedman_alternative
          [nicolae_blade_entry_hurt_lockers], layout_geoelf_diagonals,
          portal_desolation_entry_nicolae_slug, grunt_megastairs_2, uniq_louise,
          uniq_aizul
Elf:3:    elf_hall_gauntlet_narrow, layout_onion_city, minmay_elf_annihilation
Vaults:1: nicolae_vaults_windows_and_doors_thing, v_misc_14,
          ontoclasm_vaults_shuriken, nicolae_vaults_trapezoid_4,
          nicolae_vaults_angled_halls, v_rooms_3,
          ontoclasm_vaults_loading_screen, vaults_room_fours,
          nicolae_vaults_closet_pinwheel_1, ontoclasm_vaults_gateway,
          nicolae_vaults_house_2, layout_vaults_chaotic_city
Vaults:2: minmay_crypt_entry_simple_plaza, nicolae_vaults_little_squares_4,
          ontoclasm_vaults_idyll, dpeg_vaults_monster_box,
          nicolae_vaults_little_squares_4, layout_vaults_omnigrid, uniq_nikola
Vaults:3: ebering_ghost_xom, vaults_mumra_chevron,
          nicolae_vaults_door_testing_chamber, ontoclasm_vaults_loading_screen,
          nicolae_vaults_tetromino_Z_1, ontoclasm_vaults_ring_large, v_misc_18,
          nicolae_vaults_closet_pinwheel_1, st_check, hangedman_vaults_cutoff,
          nicolae_vaults_storage_closets_2, nicolae_vaults_border_crossing,
          vaults_dpeg_emergency_exit, layout_vaults_omnibox, serial_shops,
          bzr_in_the_mist, uniq_frederick
Vaults:4: mu_enter_wizlab_5, vaults_room_grid, vaults_room_semicircle,
          grunt_vaults_diagonal, nicolae_vaults_little_ls,
          nicolae_vaults_storage_closets_1, nicolae_vaults_trapezoid_lopsided_3,
          v_misc_10, nicolae_vaults_taking_the_gang_shopping,
          layout_vaults_omnicross, serial_shops,
          nicolae_shop_just_a_little_nook, uniq_margery
Vaults:5
Crypt:1:  layout_gridlike, nicolae_letterblocks [nicolae_letter_subblock,
          nicolae_letter_subblock, nicolae_letter_subblock,
          nicolae_letter_subblock, nicolae_letter_subblock,
          nicolae_letter_subblock, nicolae_letter_subblock,
          nicolae_letter_subblock, nicolae_letter_subblock,
          nicolae_letter_subblock, nicolae_letter_subblock,
          nicolae_letter_subblock, nicolae_letter_subblock,
          nicolae_letter_subblock, nicolae_letter_subblock,
          nicolae_letter_subblock, nicolae_letter_subblock,
          nicolae_letter_subblock, nicolae_letter_subblock,
          nicolae_letter_subblock, nicolae_letter_subblock,
          nicolae_letter_subblock, nicolae_letter_subblock,
          nicolae_letter_subblock, nicolae_letter_subblock], uniq_zenata
Crypt:2:  layout_gridlike, serial_library_hellmonk_hallway_a, grunt_megastairs_5
Crypt:3:  cryptofortress_bobbens
Tomb:1
Tomb:2
Tomb:3
Depths:1: layout_cave_pools, hellmonk_ghost_happy_afterlife,
          nicolae_abyss_entry_one_way_or_another, minmay_misc_feat_tower,
          hell_entry, grunt_ministairs_8, nicolae_twisty_statue_hallways
Depths:2: minmay_three_patterns, layout_cave_shapes,
          abyss_entry_small_statue_room, hangedman_decor_push,
          rand_demon_pan_entry_9, grunt_hell_entry_dis_old
Depths:3: dreamdust_isle_of_ice, layout_gridlike, minmay_room_of_horrors,
          pf_hell_entry_tar_river, nicolae_zig_zag_zippers,
          nicolae_transmutations_shop
Depths:4: grunt_crosshair, layout_cave_pools, enter_ziggurat_b, hell_entry,
          special_room [special_room_morgue], serial_shops, shop,
          nicolae_gozag_cash_rules_everything_around_me,
          nicolae_qazlal_general_emergency
Hell
Dis:1:    layout_jigsaw
Dis:2:    layout_subdivisions
Dis:3:    nicolae_dis_hell_of_blades
Dis:4:    layout_subdivisions, nicolae_dis_spooky_hallway
Dis:5:    layout_regular_city
Dis:6:    layout_jigsaw
Dis:7:    iron_city_of_dis [dis_old, dis_wall_4], layout_gridville
Geh:1:    layout_gehenna_pools_basic
Geh:2:    layout_gehenna_pools_box
Geh:3:    layout_gehenna_pools_basic, hangedman_hellfire_club
Geh:4:    layout_gehenna_lava_caves
Geh:5:    nicolae_hells_giants_party, layout_gehenna_pools_basic
Geh:6:    hangedman_generic_boss_arena
Geh:7:    geh_hangedman
Coc:1:    layout_ice_bergs
Coc:2:    layout_cocytus_water_paths
Coc:3:    layout_cocytus_water_paths
Coc:4:    layout_ice_bergs
Coc:5:    layout_cocytus_delve
Coc:6:    nicolae_coc_on_the_berg
Coc:7:    coc_mu
Tar:1:    layout_honeycomb
Tar:2:    layout_honeycomb
Tar:3:    hangedman_restless_catacombs
Tar:4:    layout_cathedral_of_symmetry
Tar:5:    layout_cathedral_of_symmetry
Tar:6:    layout_catacombs
Tar:7:    tar_mu [tar_mu_maze]
Zot:1:    ebering_klown_carousel, layout_misc_corridors
Zot:2:    layout_basic, regret_index_zotdec_plus, bh_zot_ikea_curve,
          regret_index_zotdec_ceiling_fans, uniq_vv
Zot:3:    dreamdust_black_sun_cult, layout_gridlike, gammafunk_ghost_ooze
Zot:4:    layout_onion_interference, hangedman_zot_decor_checkerboard,
          lemuel_elevator
Zot:5:    layout_twisted_circle
Zig:13:   ziggurat_pillar_abc, ziggurat_pillar_abc, ziggurat_pillar_abc,
          ziggurat_pillar_abc

Skill      XL: |  1  2  3  4  5  6  7  8  9 10 11 12 13 14 15 16 17 18 19 20 21 22 23 24 25 26 27 |
---------------+----------------------------------------------------------------------------------+-----
Stealth        | 2 4 5 27 | 27.0
Spellcasting   | 4 5 7 8 10 11 12 13 14 15 16 18 20 22 23 24 27 | 27.0
Conjurations   | 4 5 7 8 10 11 12 13 14 15 16 18 20 22 23 24 27 | 27.0
Hexes          | 4 5 7 8 10 11 12 13 14 15 16 18 20 22 23 24 27 | 27.0
Summonings     | 4 5 7 8 10 11 12 13 14 15 16 18 20 22 23 24 27 | 27.0
Necromancy     | 4 5 7 8 10 11 12 13 14 15 16 18 20 22 23 24 27 | 27.0
Translocations | 4 5 7 8 10 11 12 13 14 15 16 18 20 22 23 24 27 | 27.0
Fire Magic     | 4 5 7 8 10 11 12 13 14 15 16 18 20 22 23 24 27 | 27.0
Ice Magic      | 4 5 7 8 10 11 12 13 14 15 16 18 20 22 23 24 27 | 27.0
Air Magic      | 4 5 7 8 10 11 12 13 14 15 16 18 20 22 23 24 27 | 27.0
Earth Magic    | 4 5 7 8 10 11 12 13 14 15 16 18 20 22 23 24 27 | 27.0
Alchemy        | 4 5 7 8 10 11 12 13 14 15 16 18 20 22 23 24 27 | 27.0
Fighting       | 3 5 6 8 9 10 12 14 15 16 17 18 19 20 27 | 27.0
Dodging        | 3 5 8 9 11 12 14 18 27 | 27.0
Evocations     | 2 5 6 10 12 15 27 | 27.0
Throwing       | 2 27 | 27.0
Shields        | 4 9 12 14 27 | 27.0
Armour         | 4 7 27 | 27.0
Shapeshifting  | 27 | 27.0
Axes           | 27 | 27.0
Ranged Weapons | 27 | 27.0
Staves         | 27 | 27.0
Invocations    | 27 | 27.0
Unarmed Combat | 27 | 27.0
Maces & Flails | 27 | 27.0
Polearms       | 27 | 27.0
Short Blades   | 27 | 27.0
Long Blades    | 27 | 27.0

Action                     |  1- 3 |  4- 6 |  7- 9 | 10-12 | 13-15 | 16-18 | 19-21 | 22-24 | 25-27 || total
---------------------------+-------+-------+-------+-------+-------+-------+-------+-------+-------++-------
  Melee: Short sword       |       |     7 |       |       |       |       |       |       |       ||     7
         Dagger            |       |       |     6 |     6 |     7 |     5 |       |       |       ||    24
         Mace              |       |       |       |       |       |     3 |     9 |    22 |       ||    34
         Falchion          |       |       |       |       |       |       |       |       |    18 ||    18
         Staff             |       |       |       |       |       |       |       |       |     4 ||     4
  Throw: Dart              |       |       |     1 |       |       |     1 |       |       |     1 ||     3
         Throwing net      |       |       |       |       |       |     1 |       |       |       ||     1
   Cast: Shock             |    48 |    58 |   112 |   245 |   195 |    78 |     2 |       |       ||   738
         Sandblast         |     6 |    39 |   104 |    44 |   207 |    29 |     2 |     5 |       ||   436
         Airstrike         |       |       |     4 |    96 |   198 |   549 |   566 |  1051 |  1618 ||  4082
         Static Discharge  |       |       |     8 |    23 |    63 |    28 |     1 |     9 |       ||   132
         Frozen Ramparts   |       |       |       |    17 |    27 |    14 |     5 |     6 |       ||    69
         Metabolic Englaci |       |       |       |    18 |    32 |    20 |     3 |     3 |     1 ||    77
         Swiftness         |       |       |       |     2 |       |     3 |       |     1 |     5 ||    11
         Jinxbite          |       |       |       |     1 |       |       |       |       |       ||     1
         Summon Forest     |       |       |       |       |    12 |     9 |     9 |    38 |    15 ||    83
         Conjure Ball Ligh |       |       |       |       |    51 |    23 |       |     4 |     4 ||    82
         Orb of Destructio |       |       |       |       |       |   159 |    97 |    33 |    59 ||   348
         Spellforged Servi |       |       |       |       |       |       |    15 |     4 |     4 ||    23
         Summon Horrible T |       |       |       |       |       |       |     1 |    37 |    65 ||   103
         Malign Gateway    |       |       |       |       |       |       |       |    15 |     7 ||    22
         Fire Storm        |       |       |       |       |       |       |       |       |  3212 ||  3212
         Chain Lightning   |       |       |       |       |       |       |       |       |  1430 ||  1430
  Evoke: Wand              |       |       |     6 |     1 |     1 |     2 |     7 |     2 |    14 ||    33
         Box of beasts     |       |       |       |       |       |     1 |       |       |       ||     1
         Phial of floods   |       |       |       |       |       |       |       |     1 |     1 ||     2
         Figurine of a zig |       |       |       |       |       |       |       |       |     4 ||     4
         Lightning rod     |       |       |       |       |       |       |       |       |     2 ||     2
    Use: Scroll            |       |       |     6 |     5 |     6 |    22 |     5 |     3 |    53 ||   100
         Potion            |       |       |       |       |       |     2 |     3 |     1 |   115 ||   121
   Stab: Sleeping          |       |       |     5 |       |       |     1 |       |       |     1 ||     7
         Distracted        |       |       |       |       |       |       |       |     1 |       ||     1
 Armour: Robe              |     1 |    27 |    43 |    10 |       |       |       |       |       ||    81
         Steam dragon scal |       |       |       |    81 |   133 |       |       |       |       ||   214
         Leather armour    |       |       |       |       |   117 |   191 |    59 |   149 |    51 ||   567
         Troll leather arm |       |       |       |       |       |       |       |       |  1255 ||  1255
  Dodge: Dodged            |     1 |    10 |    26 |    79 |   199 |   153 |    56 |   195 |   623 ||  1342
  Block: Buckler           |       |       |       |       |    31 |    43 |       |       |       ||    74
         Reflection        |       |       |       |       |       |    13 |    25 |    62 |    12 ||   112
         Kite shield       |       |       |       |       |       |    28 |   187 |   379 |   674 ||  1268
   Form: Death             |       |       |       |       |       |       |       |       |    31 ||    31
                           |       |       |       |       |       |       |       |       |    30 ||    30

Table legend: (Time is in decaauts)
 A = Elapsed time spent in this place.
 B = Non-inter-level travel time spent in this place.
 C = Inter-level travel time spent in this place.
 D = Time resting spent in this place.
 E = Time spent auto-exploring this place.
 F = Levels seen in this place.
 G = Mean time per level.
                   A        B        C        D        E       F      G
               +--------+--------+--------+--------+--------+-----+--------+
         Total | 111192 |  98628 |  12564 |  10219 |  56938 | 239 |  465.2 |
       Dungeon |  21830 |  16972 |   4858 |   1824 |  11211 |  15 | 1455.3 |
        Temple |     12 |      2 |     10 |      0 |      0 |   1 |   12.0 |
          Lair |   7987 |   7003 |    984 |    419 |   5118 |   5 | 1597.4 |
         Swamp |   5950 |   5719 |    231 |   1089 |   3566 |   4 | 1487.5 |
   Spider Nest |   7468 |   6911 |    557 |    423 |   5503 |   4 | 1867.0 |
    Slime Pits |    551 |    458 |     93 |     26 |      0 |   5 |  110.2 |
  Orcish Mines |   3328 |   2437 |    891 |    284 |   1758 |   2 | 1664.0 |
   Elven Halls |   7096 |   6536 |    560 |   2573 |   2565 |   3 | 2365.3 |
        Vaults |  11036 |   9265 |   1771 |    421 |   6793 |   5 | 2207.2 |
         Crypt |   6099 |   5465 |    634 |    340 |   4240 |   3 | 2033.0 |
          Tomb |    739 |    618 |    121 |     12 |      0 |   3 |  246.3 |
        Depths |   4354 |   3622 |    732 |     90 |   2747 |   4 | 1088.5 |
          Hell |    665 |    478 |    187 |      0 |    352 |   1 |  665.0 |
           Dis |   1190 |   1053 |    137 |    181 |      0 |   7 |  170.0 |
       Gehenna |    748 |    670 |     78 |     20 |      0 |   7 |  106.9 |
       Cocytus |    767 |    683 |     84 |     20 |      0 |   7 |  109.6 |
      Tartarus |   1027 |    656 |    371 |     12 |      0 |   7 |  146.7 |
           Zot |   4397 |   4135 |    262 |    293 |   3093 |   5 |  879.4 |
         Abyss |   1301 |   1301 |      0 |     66 |      0 |   7 |  185.9 |
   Pandemonium |   1917 |   1917 |      0 |     96 |      0 |  17 |  112.8 |
      Ziggurat |  14871 |  14871 |      0 |    315 |   5958 | 121 |  122.9 |
        Bazaar |    249 |    249 |      0 |      0 |    180 |   1 |  249.0 |
         Trove |     59 |     59 |      0 |      0 |     20 |   1 |   59.0 |
        Bailey |    581 |    581 |      0 |    169 |    211 |   1 |  581.0 |
      Ice Cave |   1266 |   1266 |      0 |    251 |    612 |   1 | 1266.0 |
        Wizlab |   2542 |   2542 |      0 |    197 |   1869 |   1 | 2542.0 |
    Desolation |   3148 |   3148 |      0 |   1096 |   1141 |   1 | 3148.0 |
               +--------+--------+--------+--------+--------+-----+--------+

Top non-repeatable levels by time:
   Elf:3: 3799 daAuts
Vaults:3: 3463 daAuts
Desolation: 3148 daAuts
 Swamp:4: 3036 daAuts
    D:14: 2947 daAuts
   Orc:2: 2664 daAuts
Vaults:1: 2565 daAuts
  WizLab: 2542 daAuts
  Lair:5: 2534 daAuts
 Crypt:3: 2362 daAuts
Spider:2: 2101 daAuts
Vaults:2: 2071 daAuts
Spider:4: 2068 daAuts
   Elf:1: 2051 daAuts
Spider:3: 1989 daAuts
